Workbook

Sheet Notes
B2: LEGEND, SOURCES AND NOTES | K2: This budget database was last updated on: | L2: 46259
I3: Version (most recent data source) | L3: 2025 Final Budget Outcome
K4: by: | L4: Dorothy Kaupa and Rubayat Chowdhury
K5: email: | L5: rubayat.chowdhury@anu.edu.au | dorothy.kaupa@upng.ac.pg
B7: Welcome to the PNG budget information database
B8: This database is designed for use by any member of the public, researcher or government official.
B9: It compiles data from PNG Treasury, BPNG, IMF and the World Bank to create a single, comparative spreadsheet where line items in budgets can be compared across time.
B10: The format is the same as found in the PNG national government budgets
B11: If there are any errors/typos in found in the database, do please notify the database coordinator
B13: Referencing
B14: For those who want to use the database in their work. Please acknowledge the database as the Devpolicy PNG Budget Database, with the date accessed and URL below.
B15: https://crawford.anu.edu.au/devpolicy/png-budget-database
B17: Notes and how to read this database:
B19: Sources
B20: All the data is from PNG budgets, except for population and inflation, which draws broader economic data from a range of sources, as indicated.
B22: From the 2025 Final Budget Outcome
... B78: Acronyms:
B79: FBO | C79: Final Budget Outcome
B81: Colour coding system
B82: Background colour: | C82: The background colour indicates whether the column data is projected or final data.
B83: White | C83: Final or "Actual" outcome
B84: Dark grey | C84: Budgeted/projected outcome based on the most recent budget (including revised estimates), or on whatever data source is used.
B85: Light blue | C85: Data from the Final Budget Outcome documents, for comparison with budgeted data for the same year
B87: Text formatting
B88: Bold | C88: Figures in bold indicate a summary item that is a sum of the non-bolded items below it
B89: Italic | C89: Indicates that the figure is a subset of the non-bolded item above it
B90: Blue | C90: Used in the "compare" tabs to indicate data compiled using the old GFS1986 accounting standard
B91: Black | C91: Indicates data compiled using GFS 2014 accounting standard
B92: Light Green | C92: Indicates expenditure data relating to 2014 and 2015 is in GFS1986 format, but is no longer split by recurrent and development expenditure categories, so is not comparable to previous data
B93: Dark Green | C93: Used for previous budget projection comparisons
B94: Orange | C94: Used to indicate revenue data in 2015 that has been adjusted to reflect the use of gross GST (full details explained at the bottom of the Rev (Tb8) tab)
B95: Pink | C95: Used in the "Analysis" tab to indicate calculated figures
B96: Comments | C96: Comments and notes on particular data are available by hovering the mouse over cells that have a little red tab in the top right corner
C97: (Note: if you are looking at a note in one of the far left columns and cannot see the note, try scrolling the data as far as possible to the left. You should be able to see it)
B99: Table of Contents
B101: Tab 1 | C101: Legend & sources | E101: Notes on the database
B102: Tab 2 | C102: Changes | E102: Describes changes between this database and the previous one
B103: Tab 3 | C103: Check | E103: Compares old and new data (i.e. GFS1986 and GFS2014), as well as aggregates and summed components.
B104: Tab 4 | C104: Popn, Inflation, GDP, Trade | E104: Population, inflation, GDP and trade statistics from PNG Treasury, IMF, NSO, World Bank & BPNG
B105: Tab 5 | C105: GDP (Tb1) | E105: Appendix 2, Table 1 Nominal & real GDP and contribution by sector
B106: Tab 6 | C106: Rev (Tb12) | E106: Appendix 2, Table 12 or Table C Revenue classified by taxes, grants and other income (may need to use in-text tables for more detail eg type of dividends)
B107: Tab 7 | C107: Rev compare | E107: Comparison of revenue pre-2016 budget (GFS1986) and post-2016 Budget (GFS2014)
B108: Tab 8 | C108: Exp (Tb13A) | E108: Appendix 2, Table 13A General Government Expense by Economic Classification
B109: Tab 9 | C109: Exp (Tb13B) | E109: Appendix 2, Table 13B, General Government Expense by Agency Type
B110: Tab 10 | C110: Exp compare | E110: Comparison of expenditure pre-2016 budget (GFS1986) and post-2016 Budget (GFS2014)
B111: Tab 11 | C111: Fin (Tb14) | E111: Appendix 2, Table 14 Transactions in Assets and Liabilities for General Government
B112: Tab 12 | C112: Fin compare | E112: Comparison of financial position pre-2016 budget (GFS1986) and post-2016 Budget (GFS2014)
... B116: Tab 16 | C116: Analysis | E116: Provides some examples of graphs and analysis using budget data
B119: Special thanks to the following contributors -----------
B121: Rubayat Chowdhury
B122: Dorothy Kaupa
B123: David Poka
B124: Alyssa Leng
B125: Kingtau Mambon
B126: Rohan Fox
B127: Jollanda Mathew
B128: Maholopa Laveil
B129: Andrew Anton Mako
B130: Win Nicholas
B131: Jonathan Wilson
... B138: All the best and happy researching

Sheet Changes
A1: CHANGES | B1: This sheet tracks the changes that have been made in this database compared with previous databases
A3: 2025 FBO
A4: 2018 GDP figures in the "GDP (TB1)" are updated to "ACTUAL" and are taken from the 2026 National Budget.
A6: 2026 Budget
A7: "Recovery of Utility Charges" are addedd to the 2026 Budget, Table 12
A8: "Unclaimed Monies" are added to the 2026 Budget, Table 12
A9: "Out of scope for GFS coding purposes" are added in the 2026 budget, table 13B
A10: No MYEFO data is available at the detailed level, except for "Stocks of General Government Debt" (Table 15).
A11: It is Identified that there is no record of 2015 actuals
A12: In the GDP (Tb1), Total and Non Mining Nominal and Real GDP as well as Mining and Quarrying Nominal and Real GDP, for 2021 and 2022, were revised according to those figures in the 2026 budget
A14: 2021 FBO
A15: Added Non Resident Insurers Withholding Tax to Table 12
A16: GST of K2457.2 million in table 12 includes GST transfer to provinces of K721.2. Net of this GST transferred into Waigani Public Account(WPA) amounted to K1794.1 million
... A90: Added a red background and note in the Rev tabs to indicate where we think the numbers report "net" GST, and should instead report "gross" GST

Sheet Check
B1: COMPARISONS & CHECKS
B2: Compares old and new data (i.e. GFS1986 and GFS2014), as well as aggregates and summed components. | C2: 1989 | D2: =C2+1 -> 1990 | E2: =D2+1 -> 1991 | F2: =E2+1 -> 1992 | G2: =F2+1 -> 1993 | H2: =G2+1 -> 1994 | I2: =H2+1 -> 1995 | J2: =I2+1 -> 1996 | K2: =J2+1 -> 1997 | ... AF2: =AE2+1 -> 2018 | AG2: 2019 | AH2: 2020 | AI2: 2021 | AJ2: 2022 | AK2: 2023 | AL2: 2024 | AM2: 2025 | AN2: 2026 | AO2: 2027 | AP2: 2028 | AQ2: 2029 | AR2: 2030
B3: Revenue (old) | Z3: ='Rev compare'!Y6 -> 9566 | AA3: ='Rev compare'!Z6 -> 9832.7 | AB3: ='Rev compare'!AA6 -> 11497.6 | AC3: ='Rev compare'!AB6 -> 10963.5
B4: Revenue (new) | Z4: ='Rev compare'!Y5 -> 9418.9 | AA4: ='Rev compare'!Z5 -> 9897.5 | AB4: ='Rev compare'!AA5 -> 11874.9 | AC4: ='Rev compare'!AB5 -> 11003.1
B5: Difference between old and new | Z5: =Z4-Z3 -> -147.1 | AA5: =AA4-AA3 -> 64.8 | AB5: =AB4-AB3 -> 377.3 | AC5: =AC4-AC3 -> 39.6
B6: Difference as % of old total | Z6: =Z5/Z3 -> -0.015377378 | AA6: =AA5/AA3 -> 0.006590255 | AB6: =AB5/AB3 -> 0.032815544 | AC6: =AC5/AC3 -> 0.0036119852
B8: Expenditure (old) | Z8: ='Exp compare'!Z6 -> 10943.9 | AA8: ='Exp compare'!AA6 -> 12505.1 | AB8: ='Exp compare'!AB6 -> 14489.8 | AC8: ='Exp compare'!AC6 -> 13496.1
B9: Expenditure (new) | Z9: ='Exp compare'!Z5 -> 9943.3 | AA9: ='Exp compare'!AA5 -> 13175.8 | AB9: ='Exp compare'!AB5 -> 15454.1 | AC9: ='Exp compare'!AC5 -> 13768.8
B10: Difference between old and new | Z10: =Z9-Z8 -> -1000.6 | AA10: =AA9-AA8 -> 670.7 | AB10: =AB9-AB8 -> 964.3 | AC10: =AC9-AC8 -> 272.7
B11: Difference as % of old total | Z11: =Z10/Z8 -> -0.091429929 | AA11: =AA10/AA8 -> 0.053634117 | AB11: =AB10/AB8 -> 0.066550263 | AC11: =AC10/AC8 -> 0.020205837
B13: Total revenue and grants (old) | C13: ='Rev compare'!B6 -> 1013.9 | D13: ='Rev compare'!C6 -> 988.9 | E13: ='Rev compare'!D6 -> 1026.2 | F13: ='Rev compare'!E6 -> 1125.5 | G13: ='Rev compare'!F6 -> 1308.7 | H13: ='Rev compare'!G6 -> 1451.7 | I13: ='Rev compare'!H6 -> 1721.6 | J13: ='Rev compare'!I6 -> 1897.7 | ... AC13: ='Rev compare'!AB6 -> 10963.5
B14: Total revenue and grants (by addition) | C14: ='Rev compare'!B9+'Rev compare'!B53+'Rev compare'!B83+'Rev compare'!B101 -> 1013.9 | D14: ='Rev compare'!C9+'Rev compare'!C53+'Rev compare'!C83+'Rev compare'!C101 -> 988.8 | E14: ='Rev compare'!D9+'Rev compare'!D53+'Rev compare'!D83+'Rev compare'!D101 -> 1026.2 | F14: ='Rev compare'!E9+'Rev compare'!E53+'Rev compare'!E83+'Rev compare'!E101 -> 1125.5 | G14: ='Rev compare'!F9+'Rev compare'!F53+'Rev compare'!F83+'Rev compare'!F101 -> 1308.6 | H14: ='Rev compare'!G9+'Rev compare'!G53+'Rev compare'!G83+'Rev compare'!G101 -> 1451.7 | I14: ='Rev compare'!H9+'Rev compare'!H53+'Rev compare'!H83+'Rev compare'!H101 -> 1721.5 | J14: ='Rev compare'!I9+'Rev compare'!I53+'Rev compare'!I83+'Rev compare'!I101 -> 1897.7 | ... AC14: ='Rev compare'!AB9+'Rev compare'!AB53+'Rev compare'!AB83+'Rev compare'!AB101 -> 10963.5
B15: Difference | C15: =C13-C14 -> 0 | D15: =D13-D14 -> 0.1 | E15: =E13-E14 -> 0 | F15: =F13-F14 -> 0 | G15: =G13-G14 -> 0.1 | H15: =H13-H14 -> 0 | I15: =I13-I14 -> 0.1 | J15: =J13-J14 -> 0 | ... AC15: =AC13-AC14 -> 0
B17: Total revenue and grants (new) | Z17: ='Rev compare'!Y5 -> 9418.9 | AA17: ='Rev compare'!Z5 -> 9897.5 | AB17: ='Rev compare'!AA5 -> 11874.9 | AC17: ='Rev compare'!AB5 -> 11003.1 | AD17: ='Rev compare'!AC5 -> 10485.5 | AE17: ='Rev compare'!AD5 -> 11525.1 | AF17: ='Rev compare'!AE5 -> 14085.1 | AG17: ='Rev compare'!AF5 -> 13680.5 | ... AO17: ='Rev compare'!AN5 -> 31463.5
B18: Total revenue and grants (by addition) | Z18: ='Rev compare'!Y8+'Rev compare'!Y52+'Rev compare'!Y82 -> 9418.9 | AA18: ='Rev compare'!Z8+'Rev compare'!Z52+'Rev compare'!Z82 -> 9897.4 | AB18: ='Rev compare'!AA8+'Rev compare'!AA52+'Rev compare'!AA82 -> 11874.9 | AC18: ='Rev compare'!AB8+'Rev compare'!AB52+'Rev compare'!AB82 -> 11003.1 | AD18: ='Rev compare'!AC8+'Rev compare'!AC52+'Rev compare'!AC82 -> 10485.6 | AE18: ='Rev compare'!AD8+'Rev compare'!AD52+'Rev compare'!AD82 -> 11525.1 | AF18: ='Rev compare'!AE8+'Rev compare'!AE52+'Rev compare'!AE82 -> 14085.2 | AG18: ='Rev compare'!AF8+'Rev compare'!AF52+'Rev compare'!AF82 -> 13680.5 | ... AO18: ='Rev compare'!AN8+'Rev compare'!AN52+'Rev compare'!AN82 -> 31463.5
B19: Difference | Z19: =Z17-Z18 -> 0 | AA19: =AA17-AA18 -> 0.1 | AB19: =AB17-AB18 -> 0 | AC19: =AC17-AC18 -> 0 | AD19: =AD17-AD18 -> -0.1 | AE19: =AE17-AE18 -> 0 | AF19: =AF17-AF18 -> -0.1 | AG19: =AG17-AG18 -> 0 | ... AO19: =AO17-AO18 -> 0
B21: Total expenditure and net lending (exp compare) (old) | C21: ='Exp compare'!C6 -> 1049.1 | D21: ='Exp compare'!D6 -> 1089.1 | E21: ='Exp compare'!E6 -> 1187.8 | F21: ='Exp compare'!F6 -> 1358.3 | G21: ='Exp compare'!G6 -> 1605.1 | H21: ='Exp compare'!H6 -> 1605.5 | I21: ='Exp compare'!I6 -> 1755 | J21: ='Exp compare'!J6 -> 1860.8 | ... AC21: ='Exp compare'!AC6 -> 13496.1
B22: Total expenditure (exp compare) (old) (by addition) | C22: ='Exp compare'!C9+'Exp compare'!C33+'Exp compare'!C65+'Exp compare'!C86+'Exp compare'!C101+'Exp compare'!C105+'Exp compare'!C112+'Exp compare'!C137+'Exp compare'!C139+'Exp compare'!C143 -> 1049.2 | D22: ='Exp compare'!D9+'Exp compare'!D33+'Exp compare'!D65+'Exp compare'!D86+'Exp compare'!D101+'Exp compare'!D105+'Exp compare'!D112+'Exp compare'!D137+'Exp compare'!D139+'Exp compare'!D143 -> 1089.1 | E22: ='Exp compare'!E9+'Exp compare'!E33+'Exp compare'!E65+'Exp compare'!E86+'Exp compare'!E101+'Exp compare'!E105+'Exp compare'!E112+'Exp compare'!E137+'Exp compare'!E139+'Exp compare'!E143 -> 1187.9 | F22: ='Exp compare'!F9+'Exp compare'!F33+'Exp compare'!F65+'Exp compare'!F86+'Exp compare'!F101+'Exp compare'!F105+'Exp compare'!F112+'Exp compare'!F137+'Exp compare'!F139+'Exp compare'!F143 -> 1358.4 | G22: ='Exp compare'!G9+'Exp compare'!G33+'Exp compare'!G65+'Exp compare'!G86+'Exp compare'!G101+'Exp compare'!G105+'Exp compare'!G112+'Exp compare'!G137+'Exp compare'!G139+'Exp compare'!G143 -> 1605.1 | H22: ='Exp compare'!H9+'Exp compare'!H33+'Exp compare'!H65+'Exp compare'!H86+'Exp compare'!H101+'Exp compare'!H105+'Exp compare'!H112+'Exp compare'!H137+'Exp compare'!H139+'Exp compare'!H143 -> 1605.5 | I22: ='Exp compare'!I9+'Exp compare'!I33+'Exp compare'!I65+'Exp compare'!I86+'Exp compare'!I101+'Exp compare'!I105+'Exp compare'!I112+'Exp compare'!I137+'Exp compare'!I139+'Exp compare'!I143 -> 1755 | J22: ='Exp compare'!J9+'Exp compare'!J33+'Exp compare'!J65+'Exp compare'!J86+'Exp compare'!J101+'Exp compare'!J105+'Exp compare'!J112+'Exp compare'!J137+'Exp compare'!J139+'Exp compare'!J143 -> 1860.8 | ... Y22: ='Exp compare'!Y9+'Exp compare'!Y33+'Exp compare'!Y65+'Exp compare'!Y86+'Exp compare'!Y101+'Exp compare'!Y105+'Exp compare'!Y112+'Exp compare'!Y137+'Exp compare'!Y139+'Exp compare'!Y143 -> 8595.9 | Z22: ='Exp compare'!Z9+'Exp compare'!Z33+'Exp compare'!Z65+'Exp compare'!Z86+'Exp compare'!Z101+'Exp compare'!Z105+'Exp compare'!Z145+'Exp compare'!Z112+'Exp compare'!Z137+'Exp compare'!Z139+'Exp compare'!Z143 -> 10943.9 | AA22: ='Exp compare'!AA9+'Exp compare'!AA33+'Exp compare'!AA65+'Exp compare'!AA86+'Exp compare'!AA101+'Exp compare'!AA105+'Exp compare'!AA112+'Exp compare'!AA137+'Exp compare'!AA139+'Exp compare'!AA143 -> 12505.2 | AB22: ='Exp compare'!AB9+'Exp compare'!AB33+'Exp compare'!AB65+'Exp compare'!AB86+'Exp compare'!AB101+SUM('Exp compare'!AB126:AB129)+'Exp compare'!AB143 -> 14489.9 | AC22: ='Exp compare'!AC9+'Exp compare'!AC33+'Exp compare'!AC65+'Exp compare'!AC86+'Exp compare'!AC101+SUM('Exp compare'!AC126:AC129)+'Exp compare'!AC143 -> 13495.85
B23: Difference | C23: =C22-C21 -> 0.1 | D23: =D22-D21 -> 0 | E23: =E22-E21 -> 0.1 | F23: =F22-F21 -> 0.1 | G23: =G22-G21 -> 0 | H23: =H22-H21 -> 0 | I23: =I22-I21 -> 0 | J23: =J22-J21 -> 0 | ... AC23: =AC22-AC21 -> -0.25
B25: Total expenditure and net lending Tb13B (new) | Z25: ='Exp (Tb13B)'!C99 -> 9943.3 | AA25: ='Exp (Tb13B)'!D99 -> 13175.8 | AB25: ='Exp (Tb13B)'!E99 -> 15454.1 | AC25: ='Exp (Tb13B)'!F99 -> 13768.8 | AD25: ='Exp (Tb13B)'!G99 -> 13218.5 | AE25: ='Exp (Tb13B)'!H99 -> 13319.8 | AF25: ='Exp (Tb13B)'!I99 -> 16134.2 | AG25: ='Exp (Tb13B)'!J99 -> 17852.5 | ... AR25: ='Exp (Tb13B)'!U99 -> 36326.3
B26: Total expenditure Tb13B (new) (by addition) | Z26: =SUM('Exp (Tb13B)'!C5,'Exp (Tb13B)'!C28,'Exp (Tb13B)'!C54,'Exp (Tb13B)'!C41,'Exp (Tb13B)'!C89,'Exp (Tb13B)'!C82) -> 9943.4 | AA26: =SUM('Exp (Tb13B)'!D5,'Exp (Tb13B)'!D28,'Exp (Tb13B)'!D54,'Exp (Tb13B)'!D41,'Exp (Tb13B)'!D89,'Exp (Tb13B)'!D82) -> 13175.8 | AB26: =SUM('Exp (Tb13B)'!E5,'Exp (Tb13B)'!E28,'Exp (Tb13B)'!E54,'Exp (Tb13B)'!E41,'Exp (Tb13B)'!E89,'Exp (Tb13B)'!E82) -> 15454.2 | AC26: =SUM('Exp (Tb13B)'!F5,'Exp (Tb13B)'!F28,'Exp (Tb13B)'!F54,'Exp (Tb13B)'!F41,'Exp (Tb13B)'!F89,'Exp (Tb13B)'!F82, 'Exp (Tb13B)'!F76) -> 13768.8 | AD26: =SUM('Exp (Tb13B)'!G5,'Exp (Tb13B)'!G28,'Exp (Tb13B)'!G54,'Exp (Tb13B)'!G41,'Exp (Tb13B)'!G89,'Exp (Tb13B)'!G82, 'Exp (Tb13B)'!G76) -> 13218.5 | AE26: =SUM('Exp (Tb13B)'!H5,'Exp (Tb13B)'!H28,'Exp (Tb13B)'!H54,'Exp (Tb13B)'!H41,'Exp (Tb13B)'!H89,'Exp (Tb13B)'!H82, 'Exp (Tb13B)'!H76) -> 13319.8 | AF26: =SUM('Exp (Tb13B)'!I5,'Exp (Tb13B)'!I28,'Exp (Tb13B)'!I54,'Exp (Tb13B)'!I41,'Exp (Tb13B)'!I89,'Exp (Tb13B)'!I82, 'Exp (Tb13B)'!I76) -> 16134.2 | AG26: =SUM('Exp (Tb13B)'!J5,'Exp (Tb13B)'!J28,'Exp (Tb13B)'!J54,'Exp (Tb13B)'!J41,'Exp (Tb13B)'!J89,'Exp (Tb13B)'!J82, 'Exp (Tb13B)'!J76) -> 17852.6 | AH26: =SUM('Exp (Tb13B)'!K5,'Exp (Tb13B)'!K28,'Exp (Tb13B)'!K54,'Exp (Tb13B)'!K41,'Exp (Tb13B)'!K89,'Exp (Tb13B)'!K82, 'Exp (Tb13B)'!K76) -> 19397.8 | AI26: =SUM('Exp (Tb13B)'!L5,'Exp (Tb13B)'!L28,'Exp (Tb13B)'!L54,'Exp (Tb13B)'!L41,'Exp (Tb13B)'!L89,'Exp (Tb13B)'!L82, 'Exp (Tb13B)'!L76) -> 20130.8 | AJ26: =SUM('Exp (Tb13B)'!M5,'Exp (Tb13B)'!M28,'Exp (Tb13B)'!M54,'Exp (Tb13B)'!M41,'Exp (Tb13B)'!M89,'Exp (Tb13B)'!M82, 'Exp (Tb13B)'!M76) -> 24389.9 | ... AR26: =SUM('Exp (Tb13B)'!U5,'Exp (Tb13B)'!U28,'Exp (Tb13B)'!U54,'Exp (Tb13B)'!U41,'Exp (Tb13B)'!U89,'Exp (Tb13B)'!U82, 'Exp (Tb13B)'!U76) -> 36326.3
B27: Difference | Z27: =Z26-Z25 -> 0.1 | AA27: =AA26-AA25 -> 0 | AB27: =AB26-AB25 -> 0.1 | AC27: =AC26-AC25 -> 0 | AD27: =AD26-AD25 -> 0 | AE27: =AE26-AE25 -> 0 | AF27: =AF26-AF25 -> 0 | AG27: =AG26-AG25 -> 0.1 | ... AR27: =AR26-AR25 -> 0
B29: Total expenditure and net lending Tb13A (new) | Z29: ='Exp (Tb13A)'!C5 -> 9943.3 | AA29: ='Exp (Tb13A)'!D5 -> 13175.5 | AB29: ='Exp (Tb13A)'!E5 -> 15453.9 | AC29: ='Exp (Tb13A)'!F5 -> 13788.8 | AD29: ='Exp (Tb13A)'!G5 -> 13572.5 | AE29: ='Exp (Tb13A)'!H5 -> 13319.9 | AF29: ='Exp (Tb13A)'!I5 -> 16134.2 | AG29: ='Exp (Tb13A)'!J5 -> 17852.5 | ... AR29: ='Exp (Tb13A)'!U5 -> 36326.3
B30: Total expenditure and net lending Tb13A (new) (by addition) | Z30: =SUM('Exp (Tb13A)'!C7,'Exp (Tb13A)'!C13,'Exp (Tb13A)'!C15,'Exp (Tb13A)'!C19,'Exp (Tb13A)'!C23,'Exp (Tb13A)'!C25,'Exp (Tb13A)'!C29,'Exp (Tb13A)'!C40) -> 9942.8 | AA30: =SUM('Exp (Tb13A)'!D7,'Exp (Tb13A)'!D13,'Exp (Tb13A)'!D15,'Exp (Tb13A)'!D19,'Exp (Tb13A)'!D23,'Exp (Tb13A)'!D25,'Exp (Tb13A)'!D29,'Exp (Tb13A)'!D40) -> 13175.5 | AB30: =SUM('Exp (Tb13A)'!E7,'Exp (Tb13A)'!E13,'Exp (Tb13A)'!E15,'Exp (Tb13A)'!E19,'Exp (Tb13A)'!E23,'Exp (Tb13A)'!E25,'Exp (Tb13A)'!E29,'Exp (Tb13A)'!E40) -> 15453.9 | AC30: =SUM('Exp (Tb13A)'!F7,'Exp (Tb13A)'!F13,'Exp (Tb13A)'!F15,'Exp (Tb13A)'!F19,'Exp (Tb13A)'!F23,'Exp (Tb13A)'!F25,'Exp (Tb13A)'!F29,'Exp (Tb13A)'!F40) -> 13788.9 | AD30: =SUM('Exp (Tb13A)'!G7,'Exp (Tb13A)'!G13,'Exp (Tb13A)'!G15,'Exp (Tb13A)'!G19,'Exp (Tb13A)'!G23,'Exp (Tb13A)'!G25,'Exp (Tb13A)'!G29,'Exp (Tb13A)'!G40) -> 13572.5 | AE30: =SUM('Exp (Tb13A)'!H7,'Exp (Tb13A)'!H13,'Exp (Tb13A)'!H15,'Exp (Tb13A)'!H19,'Exp (Tb13A)'!H23,'Exp (Tb13A)'!H25,'Exp (Tb13A)'!H29,'Exp (Tb13A)'!H40) -> 13319.9 | AF30: =SUM('Exp (Tb13A)'!I7,'Exp (Tb13A)'!I13,'Exp (Tb13A)'!I15,'Exp (Tb13A)'!I19,'Exp (Tb13A)'!I23,'Exp (Tb13A)'!I25,'Exp (Tb13A)'!I29,'Exp (Tb13A)'!I40) -> 16134.3 | AG30: =SUM('Exp (Tb13A)'!J7,'Exp (Tb13A)'!J13,'Exp (Tb13A)'!J15,'Exp (Tb13A)'!J19,'Exp (Tb13A)'!J23,'Exp (Tb13A)'!J25,'Exp (Tb13A)'!J29,'Exp (Tb13A)'!J40) -> 17852.5 | ... AR30: =SUM('Exp (Tb13A)'!U7,'Exp (Tb13A)'!U13,'Exp (Tb13A)'!U15,'Exp (Tb13A)'!U19,'Exp (Tb13A)'!U23,'Exp (Tb13A)'!U25,'Exp (Tb13A)'!U29,'Exp (Tb13A)'!U40) -> 36326.2
B31: Difference | Z31: =Z29-Z30 -> 0.5 | AA31: =AA29-AA30 -> 0 | AB31: =AB29-AB30 -> 0 | AC31: =AC29-AC30 -> -0.1 | AD31: =AD29-AD30 -> 0 | AE31: =AE29-AE30 -> 0 | AF31: =AF29-AF30 -> -0.1 | AG31: =AG29-AG30 -> 0 | ... AR31: =AR29-AR30 -> 0.1
B33: National departments Tb13B (new) | Z33: ='Exp compare'!Z8 -> 6643.9 | AA33: ='Exp compare'!AA8 -> 8778.2 | AB33: ='Exp compare'!AB8 -> 9947.9 | AC33: ='Exp compare'!AC8 -> 6337.6 | AD33: ='Exp compare'!AD8 -> 5390.3 | AE33: ='Exp compare'!AE8 -> 5728.3 | AF33: ='Exp compare'!AF8 -> 6746.2 | AG33: ='Exp compare'!AG8 -> 8120.4 | ... AR33: ='Exp compare'!AR8 -> 14008.3
B34: National departments (by addition) (new) | Z34: =SUM('Exp (Tb13B)'!C6,'Exp (Tb13B)'!C11,'Exp (Tb13B)'!C12,'Exp (Tb13B)'!C13,'Exp (Tb13B)'!C14,'Exp (Tb13B)'!C24,'Exp (Tb13B)'!C26,'Exp (Tb13B)'!C25,'Exp (Tb13B)'!C76) -> 6643.8 | AA34: =SUM('Exp (Tb13B)'!D6,'Exp (Tb13B)'!D11,'Exp (Tb13B)'!D12,'Exp (Tb13B)'!D13,'Exp (Tb13B)'!D14,'Exp (Tb13B)'!D24,'Exp (Tb13B)'!D26,'Exp (Tb13B)'!D25,'Exp (Tb13B)'!D76) -> 8778.1 | AB34: =SUM('Exp (Tb13B)'!E6,'Exp (Tb13B)'!E11,'Exp (Tb13B)'!E12,'Exp (Tb13B)'!E13,'Exp (Tb13B)'!E14,'Exp (Tb13B)'!E24,'Exp (Tb13B)'!E26,'Exp (Tb13B)'!E25,'Exp (Tb13B)'!E76) -> 9947.8 | AC34: =SUM('Exp (Tb13B)'!F6,'Exp (Tb13B)'!F11,'Exp (Tb13B)'!F12,'Exp (Tb13B)'!F13,'Exp (Tb13B)'!F14,'Exp (Tb13B)'!F24,'Exp (Tb13B)'!F26,'Exp (Tb13B)'!F25) -> 6337.6 | AD34: =SUM('Exp (Tb13B)'!G6,'Exp (Tb13B)'!G11,'Exp (Tb13B)'!G12,'Exp (Tb13B)'!G13,'Exp (Tb13B)'!G14,'Exp (Tb13B)'!G24,'Exp (Tb13B)'!G26,'Exp (Tb13B)'!G25) -> 5390.3 | AE34: =SUM('Exp (Tb13B)'!H6,'Exp (Tb13B)'!H11,'Exp (Tb13B)'!H12,'Exp (Tb13B)'!H13,'Exp (Tb13B)'!H14,'Exp (Tb13B)'!H24,'Exp (Tb13B)'!H26,'Exp (Tb13B)'!H25) -> 5728.3 | AF34: =SUM('Exp (Tb13B)'!I6,'Exp (Tb13B)'!I11,'Exp (Tb13B)'!I12,'Exp (Tb13B)'!I13,'Exp (Tb13B)'!I14,'Exp (Tb13B)'!I24,'Exp (Tb13B)'!I26,'Exp (Tb13B)'!I25) -> 6746.2 | AG34: =SUM('Exp (Tb13B)'!J6,'Exp (Tb13B)'!J11,'Exp (Tb13B)'!J12,'Exp (Tb13B)'!J13,'Exp (Tb13B)'!J14,'Exp (Tb13B)'!J24,'Exp (Tb13B)'!J26,'Exp (Tb13B)'!J25) -> 8135.6 | AH34: =SUM('Exp (Tb13B)'!K6,'Exp (Tb13B)'!K11,'Exp (Tb13B)'!K12,'Exp (Tb13B)'!K13,'Exp (Tb13B)'!K14,'Exp (Tb13B)'!K24,'Exp (Tb13B)'!K26,'Exp (Tb13B)'!K25) -> 7858.7 | AI34: =SUM('Exp (Tb13B)'!L6,'Exp (Tb13B)'!L11,'Exp (Tb13B)'!L12,'Exp (Tb13B)'!L13,'Exp (Tb13B)'!L14,'Exp (Tb13B)'!L24,'Exp (Tb13B)'!L26,'Exp (Tb13B)'!L25) -> 7982.6 | AJ34: =SUM('Exp (Tb13B)'!M6,'Exp (Tb13B)'!M11,'Exp (Tb13B)'!M12,'Exp (Tb13B)'!M13,'Exp (Tb13B)'!M14,'Exp (Tb13B)'!M24,'Exp (Tb13B)'!M26,'Exp (Tb13B)'!M25) -> 10949.8 | ... AR34: =SUM('Exp (Tb13B)'!U6,'Exp (Tb13B)'!U11,'Exp (Tb13B)'!U12,'Exp (Tb13B)'!U13,'Exp (Tb13B)'!U14,'Exp (Tb13B)'!U24,'Exp (Tb13B)'!U26,'Exp (Tb13B)'!U25) -> 14008.2
B35: Difference | Z35: =Z33-Z34 -> 0.1 | AA35: =AA33-AA34 -> 0.1 | AB35: =AB33-AB34 -> 0.1 | AC35: =AC33-AC34 -> 0 | AD35: =AD33-AD34 -> 0 | AE35: =AE33-AE34 -> 0 | AF35: =AF33-AF34 -> 0 | AG35: =AG33-AG34 -> -15.2 | ... AR35: =AR33-AR34 -> 0.1
B36: Interest | Z36: ='Exp compare'!Z100 -> 452.3 | AA36: ='Exp compare'!AA100 -> 521.1 | AB36: ='Exp compare'!AB100 -> 933.1 | AC36: ='Exp compare'!AC100 -> 1074.7 | AD36: ='Exp compare'!AD100 -> 1264.3 | AE36: ='Exp compare'!AE100 -> 1633.9 | AF36: ='Exp compare'!AF100 -> 1934.7 | AG36: ='Exp compare'!AG100 -> 2147.2 | ... AR36: ='Exp compare'!AR100 -> 3818.9
B38: Surplus/(Deficit) (Fin compare) (old) | D38: =-'Fin compare'!C55 -> -100.2 | E38: =-'Fin compare'!D55 -> -161.6 | F38: =-'Fin compare'!E55 -> -232.8 | G38: =-'Fin compare'!F55 -> -296.5 | H38: =-'Fin compare'!G55 -> -153.8 | I38: =-'Fin compare'!H55 -> -33.5 | J38: =-'Fin compare'!I55 -> 36.9 | K38: =-'Fin compare'!J55 -> 9.6 | ... AC38: =-'Fin compare'!AB55 -> -2532.7
B39: Revenue minus Expenditure (rev & exp compare) (old) | D39: ='Rev compare'!C6-'Exp compare'!D6 -> -100.2 | E39: ='Rev compare'!D6-'Exp compare'!E6 -> -161.6 | F39: ='Rev compare'!E6-'Exp compare'!F6 -> -232.8 | G39: ='Rev compare'!F6-'Exp compare'!G6 -> -296.4 | H39: ='Rev compare'!G6-'Exp compare'!H6 -> -153.8 | I39: ='Rev compare'!H6-'Exp compare'!I6 -> -33.4 | J39: ='Rev compare'!I6-'Exp compare'!J6 -> 36.9 | K39: ='Rev compare'!J6-'Exp compare'!K6 -> 9.6 | ... AC39: ='Rev compare'!AB6-'Exp compare'!AC6 -> -2532.6
B40: Difference | D40: =D38-D39 -> 0 | E40: =E38-E39 -> 0 | F40: =F38-F39 -> 0 | G40: =G38-G39 -> -0.1 | H40: =H38-H39 -> 0 | I40: =I38-I39 -> -0.1 | J40: =J38-J39 -> -9.2370556e-14 | K40: =K38-K39 -> -3.6415315e-13 | ... AC40: =AC38-AC39 -> -0.1
B42: Surplus/(Deficit) (Tb14) (new)* | Z42: ='Fin compare'!Y73 -> -523.95221 | AA42: ='Fin compare'!Z73 -> -3278.0487 | AB42: ='Fin compare'!AA73 -> -3579.0405 | AC42: ='Fin compare'!AB73 -> -3012.4 | AD42: ='Fin compare'!AC73 -> -3086.8 | AE42: ='Fin compare'!AD73 -> -1794.6 | AF42: ='Fin compare'!AE73 -> -2048.3 | AG42: ='Fin compare'!AF73 -> -4172 | ... AR42: ='Fin compare'!AQ73 -> 6755
B43: Revenue minus Expenditure (rev & exp compare) (new) | Z43: ='Rev compare'!Y5-'Exp compare'!Z5 -> -524.4 | AA43: ='Rev compare'!Z5-'Exp compare'!AA5 -> -3278.3 | AB43: ='Rev compare'!AA5-'Exp compare'!AB5 -> -3579.2 | AC43: ='Rev compare'!AB5-'Exp compare'!AC5 -> -2765.7 | AD43: ='Rev compare'!AC5-'Exp compare'!AD5 -> -2733 | AE43: ='Rev compare'!AD5-'Exp compare'!AE5 -> -1794.7 | AF43: ='Rev compare'!AE5-'Exp compare'!AF5 -> -2049.1 | AG43: ='Rev compare'!AF5-'Exp compare'!AG5 -> -4172 | ... AR43: ='Rev compare'!AQ5-'Exp compare'!AR5 -> 6754.6
B44: Difference | Z44: =Z42-Z43 -> 0.44779 | AA44: =AA42-AA43 -> 0.25126 | AB44: =AB42-AB43 -> 0.1595 | AC44: =AC42-AC43 -> -246.7 | AD44: =AD42-AD43 -> -353.8 | AE44: =AE42-AE43 -> 0.1 | AF44: =AF42-AF43 -> 0.8 | AG44: =AG42-AG43 -> 0 | ... AR44: =AR42-AR43 -> 0.4
B46: Suggestions for comparisons
A47: a. | B47: National department expenditure(GFS2014) includes interest for the years 2012 to 2014, but not afterwards, suggest removing interest from 2012-2014 national dept figures if comparing across time
A48: b. | B48: In 2011, using GFS1986, there is a difference between the deficit and revenue minus expenditure; suggest using figure for total expenditure used in the deficit calculation (i.e. total expenditure = 9370.6 (p.19 of 2013 Budget)).

Sheet GDP (Tb1)
A1: TABLE 1: GROSS DOMESTIC PRODUCT BY | B1: =C1-1 -> 1989 | C1: =D1-1 -> 1990 | D1: =E1-1 -> 1991 | E1: =F1-1 -> 1992 | F1: =G1-1 -> 1993 | G1: 1994 | H1: 1995 | I1: 1996 | J1: 1997 | K1: 1998 | L1: 1999 | M1: 2000 | N1: 2001 | O1: 2002 | P1: 2003 | Q1: 2004 | R1: 2005 | S1: =R1+1 -> 2006 | T1: =S1+1 -> 2007 | U1: 2008 | V1: =U1+1 -> 2009 | W1: =V1+1 -> 2010 | X1: =W1+1 -> 2011 | Y1: 2012 | Z1: 2013 | AA1: 2014 | AB1: 2015 | AC1: 2016 | AD1: 2017 | AE1: 2018 | AF1: 2019 | AG1: 2020 | AH1: 2021 | AI1: 2022 | AJ1: 2023 | AK1: 2024 | AL1: 2025 | AM1: 2026 | AN1: 2027 | AO1: 2028 | AP1: 2029 | AQ1: 2030
A2: ECONOMIC ACTIVITY AT CURRENT PRICES | B2: ACTUAL | C2: ACTUAL | D2: ACTUAL | E2: ACTUAL | F2: ACTUAL | G2: ACTUAL | H2: ACTUAL | I2: ACTUAL | J2: ACTUAL | K2: ACTUAL | L2: ACTUAL | M2: ACTUAL | N2: ACTUAL | O2: ACTUAL | P2: ACTUAL | Q2: ACTUAL | R2: ACTUAL | S2: ACTUAL | T2: ACTUAL | U2: ACTUAL | V2: ACTUAL | W2: ACTUAL | X2: ACTUAL | Y2: ACTUAL | Z2: ACTUAL | AA2: ACTUAL | AB2: ACTUAL | AC2: ACTUAL | AD2: ACTUAL | AE2: ACTUAL | AF2: ACTUAL | AG2: ACTUAL | AH2: ACTUAL | AI2: ACTUAL | AJ2: ACTUAL | AK2: ESTIMATE | AL2: PROJECTION | AM2: PROJECTION | AN2: PROJECTION | AO2: PROJECTION | AP2: PROJECTION | AQ2: PROJECTION
B3: BPNG | C3: BPNG | D3: BPNG | E3: BPNG | F3: BPNG | G3: BPNG | H3: BPNG | I3: BPNG | J3: BPNG | K3: BPNG | L3: BPNG | M3: BPNG | N3: BPNG | O3: FBO | P3: FBO | Q3: FBO | R3: FBO | S3: FBO | T3: 2018 Budget | U3: 2018 Budget | V3: 2018 Budget | W3: 2018 Budget | X3: 2018 Budget | Y3: 2018 Budget | Z3: 2018 Budget | AA3: 2018 Budget | AB3: 2018 Budget | AC3: 2021 Budget | AD3: 2021 Budget | AE3: 2026 Budget | AF3: 2026 Budget | AG3: 2026 Budget | AH3: 2026 Budget | AI3: 2026 Budget | AJ3: 2026 Budget | AK3: 2026 Budget | AL3: 2026 Budget | AM3: 2026 Budget | AN3: 2026 Budget | AO3: 2026 Budget | AP3: 2026 Budget | AQ3: 2026 Budget
A4: BY SECTOR
A5: Agriculture, Forestry and Fishing
A6: nominal | B6: 856.3 | C6: 891.3 | D6: 936.5 | E6: 1033.5 | F6: 1328.7 | G6: 1532.1 | H6: 1692.6 | I6: 1831.9 | J6: 1874.2 | K6: 3105.2 | L6: 2707.2 | M6: 2638 | N6: 2847 | O6: 4428 | P6: 4819.4 | Q6: 4550.8 | R6: 5019.9 | S6: 5327.3 | T6: 5550 | U6: 6358 | V6: 6929 | W6: 7599 | X6: 8187 | Y6: 8552 | Z6: 9191 | AA6: 10106 | AB6: 10911.5 | AC6: 11619.9 | AD6: 12799.8 | AE6: 13478 | AF6: 14234.5 | AG6: 15476 | AH6: 17399.7 | AI6: 18835.3 | AJ6: 18760.6 | AK6: 22085.5 | AL6: 24588 | AM6: 26274.9 | AN6: 27804.6 | AO6: 29705.9 | AP6: 31861.2 | AQ6: 33865
A7: deflator | O7: 158.8 | P7: 164.6 | Q7: 148.6 | R7: 152.9 | S7: 160.5 | T7: 74.5 | U7: 84.2 | V7: 86.7 | W7: 92.5 | X7: 98.8 | Y7: 97.4 | Z7: 100 | AA7: 106.4 | AB7: 112.5 | AC7: 122.4 | AD7: 131.7 | AE7: 132.6 | AF7: 136.9 | AG7: 146.2 | AH7: 162.6 | AI7: 170.7 | AJ7: 168.4 | AK7: 191.6 | AL7: 206.5 | AM7: 213.9 | AN7: 219.9 | AO7: 228.3 | AP7: 237.7 | AQ7: 195.5
A8: real | O8: 2788.8 | P8: 2927.2 | Q8: 3062.1 | R8: 3284 | S8: 3318.2 | T8: 7453 | U8: 7553 | V8: 7992 | W8: 8217 | X8: 8287 | Y8: 8781 | Z8: 9191 | AA8: 9494 | AB8: 9701.3 | AC8: 9496.8 | AD8: 9720.4 | AE8: 10164.7 | AF8: 10394.4 | AG8: 10588.1 | AH8: 10702.6 | AI8: 11035.3 | AJ8: 11141.3 | AK8: 11526.8 | AL8: 11907.6 | AM8: 12281.7 | AN8: 12642 | AO8: 13013.8 | AP8: 13405.7 | AQ8: 13774.5
A9: rate of real growth | O9: -4.1 | P9: 5 | Q9: 4.6 | R9: 5.6 | S9: 1 | T9: -1.1 | U9: 1.3 | V9: 5.8 | W9: 2.8 | X9: 0.9 | Y9: 6 | Z9: 4.7 | AA9: 3.3 | AB9: 2.2 | AC9: 2.7 | AD9: 2.4 | AE9: 4.6 | AF9: 2.3 | AG9: 1.9 | AH9: 1.1 | AI9: 3.1 | AJ9: 1 | AK9: 3.5 | AL9: 3.3 | AM9: 3.1 | AN9: 2.9 | AO9: 2.9 | AP9: 3 | AQ9: 2.8
A11: Oil and Gas Extraction
A12: nominal | O12: 1096.7 | P12: 853 | Q12: 738.4 | R12: 2038.1 | S12: 2269.5 | T12: 1977 | U12: 2347 | V12: 1094 | W12: 1490 | X12: 1674 | Y12: 1399 | Z12: 1515 | AA12: 6403 | AB12: 9800.4 | AC12: 9657.8 | AD12: 11953.9 | AE12: 13888.2 | AF12: 14719.8 | AG12: 11663.3 | AH12: 15675.2 | AI12: 26397.7 | AJ12: 20917.2 | AK12: 22198.5 | AL12: 19578.8 | AM12: 19390.4 | AN12: 19857.4 | AO12: 22133.9 | AP12: 22706.8 | AQ12: 24275.7
A13: deflator | O13: 402.3 | P13: 317.8 | Q13: 300.5 | R13: 591.8 | S13: 681.9 | T13: 88.3 | U13: 119.1 | V13: 66.9 | W13: 86.9 | X13: 112.4 | Y13: 95.6 | Z13: 100 | AA13: 109.1 | AB13: 86.4 | AC13: 70.6 | AD13: 83.9 | AE13: 122.5 | AF13: 112.7 | AG13: 90 | AH13: 130.3 | AI13: 216.4 | AJ13: 169.4 | AK13: 182.3 | AL13: 160.2 | AM13: 159.8 | AN13: 163.8 | AO13: 182.8 | AP13: 187.7 | AQ13: 200.8
A14: real | O14: 272.6 | P14: 268.4 | Q14: 245.7 | R14: 344.4 | S14: 332.8 | T14: 2239 | U14: 1970 | V14: 1636 | W14: 1715 | X14: 1489 | Y14: 1463 | Z14: 1515 | AA14: 5870 | AB14: 11349.3 | AC14: 13683 | AD14: 14244.1 | AE14: 11339.6 | AF14: 13056.7 | AG14: 12960.5 | AH14: 12034.6 | AI14: 12198.5 | AJ14: 12347.3 | AK14: 12176.5 | AL14: 12221.6 | AM14: 12133.1 | AN14: 12119.4 | AO14: 12108.3 | AP14: 12100.3 | AQ14: 12086.9
A15: rate of real growth | O15: -36.1 | P15: -1.5 | Q15: -8.5 | R15: 13 | S15: -3.4 | T15: 4 | U15: -12 | V15: -17 | W15: 4.8 | X15: -13.2 | Y15: -1.7 | Z15: 3.6 | AA15: 287.5 | AB15: 93.3 | AC15: 6.7 | AD15: 4.1 | AE15: -15.3 | AF15: 15.1 | AG15: -0.7 | AH15: -7.1 | AI15: 1.4 | AJ15: 1.2 | AK15: -1.4 | AL15: 0.4 | AM15: -0.7 | AN15: -0.1 | AO15: -0.1 | AP15: -0.1 | AQ15: -0.1
A17: Mining and Quarrying
A18: nominal | B18: 352.7 | C18: 452.2 | D18: 612.9 | E18: 1012.6 | F18: 1294.8 | G18: 1276.9 | H18: 1793.6 | I18: 1752.5 | J18: 1288.3 | K18: 1868.3 | L18: 2355.5 | M18: 2662.7 | N18: 2745.1 | O18: 1252.1 | P18: 1398.8 | Q18: 1652.7 | R18: 2023.6 | S18: 2773.2 | T18: 5253 | U18: 5607 | V18: 5016 | W18: 6415 | X18: 6281 | Y18: 4856 | Z18: 4963 | AA18: 5179 | AB18: 4716.8 | AC18: 5862.3 | AD18: 7428.5 | AE18: 8237 | AF18: 9038.7 | AG18: 8377.9 | AH18: 7517.1 | AI18: 9126.1 | AJ18: 9389.2 | AK18: 12068.9 | AL18: 18573.3 | AM18: 22816.2 | AN18: 24783.4 | AO18: 26482 | AP18: 27902.5 | AQ18: 27902.5
A19: deflator | O19: 186.9 | P19: 199.6 | Q19: 227.7 | R19: 259 | S19: 397.5 | AC19: 93.6 | AD19: 102.1 | AE19: 110.8 | AF19: 115.4 | AG19: 139.3 | AH19: 158.6 | AI19: 167.8 | AJ19: 170.1 | AK19: 201.1 | AL19: 275.8 | AM19: 312.8 | AN19: 344.3 | AO19: 357.5 | AP19: 357.5 | AQ19: 357.5
A20: real | O20: 669.9 | P20: 700.7 | Q20: 725.9 | R20: 781.3 | S20: 697.6 | AC20: 6264 | AD20: 7277.4 | AE20: 7435.7 | AF20: 7832.4 | AG20: 6016.2 | AH20: 4739.7 | AI20: 5437.6 | AJ20: 5519.3 | AK20: 6002.8 | AL20: 6733.8 | AM20: 7294.6 | AN20: 7473.9 | AO20: 7690.5 | AP20: 7805.7 | AQ20: 7830.8
A21: rate of real growth | O21: -3.5 | P21: 4.6 | Q21: 3.6 | R21: -3.2 | S21: -10.7 | AC21: 17.4 | AD21: 16.2 | AE21: 2.2 | AF21: 5.3 | AG21: -23.2 | AH21: -21.2 | AI21: 14.7 | AJ21: 1.5 | AK21: 8.8 | AL21: 12.2 | AM21: 8.3 | AN21: 2.5 | AO21: 2.9 | AP21: 1.5 | AQ21: 0.3
A23: Manufacturing
A24: nominal | B24: 336.9 | C24: 275.8 | D24: 345.1 | E24: 390.3 | F24: 411 | G24: 454.4 | H24: 496.6 | I24: 602.9 | J24: 609 | L24: 778.9 | O24: 729.3 | P24: 820.8 | Q24: 848.3 | R24: 928.1 | S24: 974.7 | T24: 682 | U24: 792 | V24: 830 | W24: 946 | X24: 1070 | Y24: 1094 | Z24: 1165 | AA24: 1216 | AB24: 1302.4 | AC24: 1256.1 | AD24: 1410.8 | AE24: 1369.1 | AF24: 1418.2 | AG24: 1390.6 | AH24: 1559 | AI24: 1812.5 | AJ24: 1836.8 | AK24: 1921.8 | AL24: 2087.8 | AM24: 2261.8 | AN24: 2504.2 | AO24: 2770.8 | AP24: 3067.3 | AQ24: 3395.5
A25: deflator | O25: 130.2 | P25: 139.8 | Q25: 141.3 | R25: 142.7 | S25: 144.1 | AC25: 120.4 | AD25: 130.4 | AE25: 135.7 | AF25: 141.4 | AG25: 148.1 | AH25: 154.8 | AI25: 163 | AJ25: 166.7 | AK25: 167.7 | AL25: 174.3 | AM25: 181.6 | AN25: 190.8 | AO25: 200.3 | AP25: 210.3 | AQ25: 220.9
A26: real | O26: 560 | P26: 587.1 | Q26: 600.4 | R26: 650.4 | S26: 676.4 | AE26: 1008.9 | AF26: 1003.1 | AG26: 938.7 | AH26: 1007.1 | AI26: 1112.1 | AJ26: 1101.9 | AK26: 1145.9 | AL26: 1197.5 | AM26: 1245.4 | AN26: 1312.7 | AO26: 1383.5 | AP26: 1458.2 | AQ26: 1537
A27: rate of real growth | O27: -5.8 | P27: 4.8 | Q27: 2.3 | R27: 8.3 | S27: 4 | AE27: -6.7 | AF27: -0.6 | AG27: -6.4 | AH27: 7.3 | AI27: 10.4 | AJ27: -0.9 | AK27: 4 | AL27: 4.5 | AM27: 4 | AN27: 5.4 | AO27: 5.4 | AP27: 5.4 | AQ27: 5.4
A29: Electricity, gas and water
A30: nominal (discontinued) | B30: 49 | C30: 52.3 | D30: 59.2 | E30: 65.1 | F30: 66.3 | G30: 72.9 | H30: 80.2 | I30: 89.9 | J30: 88.5 | L30: 103 | O30: 193.8 | P30: 228.7 | Q30: 263.7 | R30: 301.3 | S30: 337.7
A31: deflator | O31: 181.6 | P31: 189 | Q31: 209 | R31: 225.7 | S31: 249.8
A32: real | O32: 106.7 | P32: 121 | Q32: 126.2 | R32: 133.5 | S32: 135.2
A33: rate of real growth | O33: -0.4 | P33: 13.4 | Q33: 4.3 | R33: 5.1 | S33: 1.3
A35: Electricity, gas and air conditioning
A36: nominal | T36: 229 | U36: 255 | V36: 294 | W36: 307 | X36: 348 | Y36: 386 | Z36: 453 | AA36: 497 | AB36: 548.7 | AC36: 541.2 | AD36: 588.2 | AE36: 638 | AF36: 685.8 | AG36: 722.3 | AH36: 709 | AI36: 721.1 | AJ36: 743.9 | AK36: 785.8 | AL36: 853.7 | AM36: 937.2 | AN36: 1035.5 | AO36: 1142.1 | AP36: 1259.5 | AQ36: 1389
A37: deflator | AC37: 105.7 | AD37: 109.8 | AE37: 114.1 | AF37: 117.9 | AG37: 118.7 | AH37: 119.5 | AI37: 120.9 | AJ37: 123.4 | AK37: 124.1 | AL37: 129 | AM37: 135.2 | AN37: 142.2 | AO37: 149.4 | AP37: 156.9 | AQ37: 164.8
A38: real | AC38: 511.9 | AD38: 535.7 | AE38: 559.1 | AF38: 581.5 | AG38: 608.3 | AH38: 593.4 | AI38: 596.6 | AJ38: 603 | AK38: 633.2 | AL38: 661.7 | AM38: 693.4 | AN38: 728.1 | AO38: 764.5 | AP38: 802.7 | AQ38: 842.9
A39: rate of real growth | AE39: 4.4 | AF39: 4 | AG39: 4.6 | AH39: -2.5 | AI39: 0.5 | AJ39: 1.1 | AK39: 5 | AL39: 4.5 | AM39: 4.8 | AN39: 5 | AO39: 5 | AP39: 5 | AQ39: 5
A41: Water supply & waste management
A42: nominal | T42: 44 | U42: 53 | V42: 57 | W42: 61 | X42: 77 | Y42: 83 | Z42: 96 | AA42: 112 | AB42: 123 | AC42: 124.9 | AD42: 137.9 | AE42: 152.1 | AF42: 158.2 | AG42: 176.5 | AH42: 191.2 | AI42: 209.5 | AJ42: 250.9 | AK42: 270.1 | AL42: 294.5 | AM42: 322.1 | AN42: 355 | AO42: 390.9 | AP42: 430.7 | AQ42: 474.5
A43: deflator | AC43: 137.6 | AD43: 144.5 | AE43: 144.8 | AF43: 144.8 | AG43: 151.9 | AH43: 154.3 | AI43: 157.5 | AJ43: 188.6 | AK43: 189.8 | AL43: 197.3 | AM43: 205.5 | AN43: 215.9 | AO43: 226.6 | AP43: 238 | AQ43: 250
A44: real | AC44: 90.7 | AD44: 95.5 | AE44: 105 | AF44: 109.3 | AG44: 116.2 | AH44: 123.9 | AI44: 133 | AJ44: 133 | AK44: 142.3 | AL44: 149.3 | AM44: 156.7 | AN44: 164.4 | AO44: 172.5 | AP44: 180.9 | AQ44: 189.8
A45: rate of real growth | AE45: 10 | AF45: 4.1 | AG45: 6.3 | AH45: 6.7 | AI45: 7.3 | AJ45: 0 | AK45: 7 | AL45: 4.9 | AM45: 5 | AN45: 4.9 | AO45: 4.9 | AP45: 4.9 | AQ45: 4.9
A47: Construction
A48: nominal | B48: 161.3 | C48: 155.1 | D48: 224.1 | E48: 210.6 | F48: 189.9 | G48: 236.7 | H48: 196 | I48: 384.1 | J48: 367.2 | L48: 350.3 | O48: 995.7 | P48: 1128.9 | Q48: 1177 | R48: 1245.8 | S48: 1437.2 | T48: 1591 | U48: 1783 | V48: 2240 | W48: 3635 | X48: 3913 | Y48: 4417 | Z48: 4473 | AA48: 4695 | AB48: 4973.5 | AC48: 5145.4 | AD48: 4849.6 | AE48: 5035.1 | AF48: 4759.5 | AG48: 4938.2 | AH48: 5532.9 | AI48: 6602.1 | AJ48: 7003.3 | AK48: 7362.5 | AL48: 7960.5 | AM48: 8607.2 | AN48: 9493.5 | AO48: 10464.4 | AP48: 11540.1 | AQ48: 12726.4
A49: deflator | O49: 123.7 | P49: 133 | Q49: 134.4 | R49: 135.8 | S49: 139.8 | AC49: 123 | AD49: 129.7 | AE49: 135.9 | AF49: 140.5 | AG49: 146.1 | AH49: 152.6 | AI49: 160.6 | AJ49: 164.3 | AK49: 165.3 | AL49: 171.9 | AM49: 179 | AN49: 188.1 | AO49: 197.4 | AP49: 207.4 | AQ49: 217.8
A50: real | O50: 805 | P50: 848.7 | Q50: 875.7 | R50: 917.7 | S50: 1027.9 | AC50: 4181.8 | AD50: 3739.2 | AE50: 3704.1 | AF50: 3387 | AG50: 3381 | AH50: 3625.5 | AI50: 4109.8 | AJ50: 4261.5 | AK50: 4453.3 | AL50: 4631.4 | AM50: 4807.4 | AN50: 5047.8 | AO50: 5300.2 | AP50: 5565.2 | AQ50: 5843.5
A51: rate of real growth | O51: 34 | P51: 5.4 | Q51: 3.2 | R51: 4.8 | S51: 12 | AE51: -0.9 | AF51: -8.6 | AG51: -0.2 | AH51: 7.2 | AI51: 13.4 | AJ51: 3.7 | AK51: 4.5 | AL51: 4 | AM51: 3.8 | AN51: 5 | AO51: 5 | AP51: 5 | AQ51: 5
A53: Wholesale and retail trade
A54: nominal | B54: 328.2 | C54: 296.8 | D54: 358.4 | E54: 387.1 | F54: 417.3 | G54: 477.4 | H54: 520.9 | I54: 607.3 | J54: 649.8 | L54: 745.9 | O54: 745.5 | P54: 849.9 | Q54: 890.5 | R54: 942.6 | S54: 1039 | T54: 3173 | U54: 3647 | V54: 3986 | W54: 4326 | X54: 4791 | Y54: 5130 | Z54: 5543 | AA54: 5886 | AB54: 6354.7 | AC54: 6345.9 | AD54: 6844.9 | AE54: 7368.9 | AF54: 7750.1 | AG54: 8106.7 | AH54: 8973 | AI54: 10106.7 | AJ54: 10625.1 | AK54: 11330.5 | AL54: 12250.8 | AM54: 13373.5 | AN54: 14891 | AO54: 16570.4 | AP54: 18447.8 | AQ54: 20537.9
A55: deflator | O55: 141.9 | P55: 157.6 | Q55: 160 | R55: 163.7 | S55: 166.5 | AC55: 118.3 | AD55: 126.1 | AE55: 133.2 | AF55: 138 | AG55: 144.5 | AH55: 151 | AI55: 159.2 | AJ55: 162.8 | AK55: 163.8 | AL55: 170.3 | AM55: 177.4 | AN55: 186.3 | AO55: 195.6 | AP55: 205.4 | AQ55: 215.8
A56: real | O56: 525.5 | P56: 539.4 | Q56: 556.4 | R56: 575.6 | S56: 624.1 | AC56: 5363.2 | AD56: 5427.4 | AE56: 5532.2 | AF56: 5616.3 | AG56: 5610.2 | AH56: 5942.9 | AI56: 6349.2 | AJ56: 6526.1 | AK56: 6917.7 | AL56: 7194.4 | AM56: 7539.7 | AN56: 7992.1 | AO56: 8471.7 | AP56: 8980 | AQ56: 9518.8
A57: rate of real growth | O57: 22.7 | P57: 2.6 | Q57: 3.2 | R57: 3.5 | S57: 8.4 | AE57: 1.9 | AF57: 1.5 | AG57: -0.1 | AH57: 5.9 | AI57: 6.8 | AJ57: 2.8 | AK57: 6 | AL57: 4 | AM57: 4.8 | AN57: 6 | AO57: 6 | AP57: 6 | AQ57: 6
AJ58: 3.8
A59: Transport, storage and communication
A60: nominal | B60: 163.5 | C60: 190.9 | D60: 243 | E60: 233.7 | F60: 261.2 | G60: 285 | H60: 318.4 | I60: 350.2 | J60: 359 | L60: 469.6 | O60: 179.9 | P60: 293.9 | Q60: 304.7 | R60: 317 | S60: 326.2 | T60: 661 | U60: 821 | V60: 843 | W60: 1092 | X60: 1256 | Y60: 1314 | Z60: 1423 | AA60: 1423 | AB60: 1397.2 | AC60: 1462.3 | AD60: 1614.7 | AE60: 1773 | AF60: 2013.4 | AG60: 1667.5 | AH60: 1793.2 | AI60: 2124.9 | AJ60: 2301.9 | AK60: 2408.4 | AL60: 2666.6 | AM60: 2972.1 | AN60: 3296.8 | AO60: 3481.4 | AP60: 3676.4 | AQ60: 3882.3
A61: deflator | O61: 130.5 | P61: 140.1 | Q61: 141.5 | R61: 142.9 | S61: 140.1 | AC61: 108.8 | AD61: 118.8 | AE61: 126 | AF61: 138.1 | AG61: 143.4 | AH61: 149.7 | AI61: 158.2 | AJ61: 161.9 | AK61: 162.9 | AL61: 169.4 | AM61: 176.4 | AN61: 185.3 | AO61: 185.3 | AP61: 185.3 | AQ61: 185.3
A62: real | O62: 137.9 | P62: 209.8 | Q62: 215.3 | R62: 221.6 | S62: 232.6 | AC62: 1343.8 | AD62: 1359.5 | AE62: 1407.1 | AF62: 1458.2 | AG62: 1163.2 | AH62: 1197.8 | AI62: 1343.5 | AJ62: 1421.4 | AK62: 1478.2 | AL62: 1574.3 | AM62: 1684.5 | AN62: 1778.8 | AO62: 1878.5 | AP62: 1983.7 | AQ62: 2094.7
A63: rate of real growth | O63: -34.2 | P63: 2.1 | Q63: 2.6 | R63: 3 | S63: 5 | AE63: 3.5 | AF63: 3.6 | AG63: -20.2 | AH63: 3 | AI63: 12.2 | AJ63: 5.8 | AK63: 4 | AL63: 6.5 | AM63: 7 | AN63: 5.6 | AO63: 5.6 | AP63: 5.6 | AQ63: 5.6
A65: Accommodation and food services | AJ65: 5.6
A66: nominal | T66: 580 | U66: 650 | V66: 671 | W66: 721 | X66: 810 | Y66: 879 | Z66: 949 | AA66: 1002 | AB66: 1065.1 | AC66: 1131 | AD66: 1211.5 | AE66: 1439.7 | AF66: 1416.2 | AG66: 1352 | AH66: 1445.6 | AI66: 1620.5 | AJ66: 1768.3 | AK66: 1859.1 | AL66: 2029.4 | AM66: 2198.5 | AN66: 2387.9 | AO66: 2592 | AP66: 2814.9 | AQ66: 3056.9
A67: deflator | AC67: 116.3 | AD67: 119.5 | AE67: 128.6 | AF67: 128.2 | AG67: 133.6 | AH67: 136.5 | AI67: 144 | AJ67: 152.3 | AK67: 153.2 | AL67: 159.3 | AM67: 165.9 | AN67: 174.3 | AO67: 182.9 | AP67: 192.1 | AQ67: 201.8
A68: real | AC68: 972.1 | AD68: 1013.6 | AE68: 1119.4 | AF68: 1104.4 | AG68: 1011.9 | AH68: 1059.3 | AI68: 1125.3 | AJ68: 1161.4 | AK68: 1213.6 | AL68: 1274.3 | AM68: 1325.3 | AN68: 1370.3 | AO68: 1416.9 | AP68: 1465.1 | AQ68: 1514.9
A69: rate of real growth | AE69: 10.4 | AF69: -1.3 | AG69: -8.4 | AH69: 4.7 | AI69: 6.2 | AJ69: 3.2 | AK69: 4.5 | AL69: 5 | AM69: 4 | AN69: 3.4 | AO69: 3.4 | AP69: 3.4 | AQ69: 3.4
A71: Information and communication
A72: nominal | T72: 249 | U72: 389 | V72: 550 | W72: 662 | X72: 714 | Y72: 730 | Z72: 774 | AA72: 966 | AB72: 1065 | AC72: 1048.3 | AD72: 1074.2 | AE72: 1166.9 | AF72: 1334.6 | AG72: 1406 | AH72: 1665.7 | AI72: 1906.4 | AJ72: 2072.1 | AK72: 2209.7 | AL72: 2469.6 | AM72: 2778.2 | AN72: 3151.9 | AO72: 3573.5 | AP72: 4053.4 | AQ72: 4597.8
A73: deflator | AC73: 91 | AD73: 91 | AE73: 96.5 | AF73: 95.2 | AG73: 94.1 | AH73: 93.9 | AI73: 95.4 | AJ73: 89.8 | AK73: 90.4 | AL73: 93.9 | AM73: 97.8 | AN73: 102.8 | AO73: 107.9 | AP73: 113.3 | AQ73: 119
A74: real | AC74: 1151.8 | AD74: 1180.3 | AE74: 1209.3 | AF74: 1402.1 | AG74: 1493.5 | AH74: 1774.8 | AI74: 1998.4 | AJ74: 2307.3 | AK74: 2445.7 | AL74: 2629.1 | AM74: 2839.5 | AN74: 3066.6 | AO74: 3311.9 | AP74: 3576.9 | AQ74: 3863.1
A75: rate of real growth | AE75: 2.5 | AF75: 15.9 | AG75: 6.5 | AH75: 18.8 | AI75: 12.6 | AJ75: 15.5 | AK75: 6 | AL75: 7.5 | AM75: 8 | AN75: 8 | AO75: 8 | AP75: 8 | AQ75: 8
A77: Finance, real estate and business services
A78: nominal | B78: 172.9 | C78: 22.6 | D78: 37.1 | E78: 44.6 | F78: 46.1 | G78: 51.3 | H78: 57.3 | I78: 70.3 | J78: 76.6 | L78: 294.3 | O78: 407 | P78: 422.9 | Q78: 415.2 | R78: 488.7 | S78: 579.4 | T78: 879 | U78: 927 | V78: 969 | W78: 1389 | X78: 1648 | Y78: 1999 | Z78: 2340 | AA78: 2073 | AB78: 1813.9 | AC78: 1881.4 | AD78: 1951.4 | AE78: 2076 | AF78: 2055.4 | AG78: 1919.5 | AH78: 1997.6 | AI78: 2176.4 | AJ78: 2390 | AK78: 2548.6 | AL78: 2835.1 | AM78: 3115.6 | AN78: 3420.1 | AO78: 3769.9 | AP78: 4157.4 | AQ78: 4584.7
A79: deflator | O79: 125.5 | P79: 135 | Q79: 137.3 | R79: 146.6 | S79: 158.4 | AC79: 119 | AD79: 125.4 | AE79: 131.1 | AF79: 136.1 | AG79: 142.7 | AH79: 149.1 | AI79: 156.9 | AJ79: 164.6 | AK79: 165.6 | AL79: 172.1 | AM79: 179.3 | AN79: 188.4 | AO79: 197.7 | AP79: 207.7 | AQ79: 218.1
A80: real | O80: 324.2 | P80: 313.3 | Q80: 302.5 | R80: 333.3 | S80: 365.7 | AC80: 1581.4 | AD80: 1555.8 | AE80: 1583.2 | AF80: 1510 | AG80: 1345.1 | AH80: 1339.7 | AI80: 1386.8 | AJ80: 1452.1 | AK80: 1539.3 | AL80: 1647 | AM80: 1737.6 | AN80: 1815.8 | AO80: 1906.6 | AP80: 2001.9 | AQ80: 2102
A81: rate of real growth | O81: -5.5 | P81: -3.4 | Q81: -3.4 | R81: 10.2 | S81: 9.7 | AE81: 1.8 | AF81: -4.6 | AG81: -10.9 | AH81: -0.4 | AI81: 3.5 | AJ81: 4.7 | AK81: 6 | AL81: 7 | AM81: 5.5 | AN81: 4.5 | AO81: 5 | AP81: 5 | AQ81: 5
A83: Real estate activities
A84: nominal | T84: 1683 | U84: 1948 | V84: 2111 | W84: 2356 | X84: 2571 | Y84: 2753 | Z84: 3057 | AA84: 3307 | AB84: 3594.8 | AC84: 4080.3 | AD84: 4453.6 | AE84: 4741.4 | AF84: 5054.9 | AG84: 5435.9 | AH84: 5689 | AI84: 6157.7 | AJ84: 6529.5 | AK84: 6798.7 | AL84: 7336.8 | AM84: 7917.4 | AN84: 8566.4 | AO84: 9262.7 | AP84: 10020.3 | AQ84: 10839.8
A85: deflator | AC85: 120.3 | AD85: 126.8 | AE85: 132.4 | AF85: 137.4 | AG85: 144 | AH85: 150.2 | AI85: 158.1 | AJ85: 162.9 | AK85: 163.8 | AL85: 170.3 | AM85: 177.4 | AN85: 186.4 | AO85: 195.7 | AP85: 205.5 | AQ85: 215.8
A86: real | AC86: 3392.4 | AD86: 3511.6 | AE86: 3582.1 | AF86: 3679.6 | AG86: 3774.9 | AH86: 3787.1 | AI86: 3893.9 | AJ86: 4009.4 | AK86: 4149.7 | AL86: 4307.4 | AM86: 4462.5 | AN86: 4596.4 | AO86: 4734.2 | AP86: 4876.3 | AQ86: 5022.6
A87: rate of real growth | AE87: 2 | AF87: 2.7 | AG87: 2.6 | AH87: 0.3 | AI87: 2.8 | AJ87: 3 | AK87: 3.5 | AL87: 3.8 | AM87: 3.6 | AN87: 3 | AO87: 3 | AP87: 3 | AQ87: 3
A89: Professional and scientific
A90: nominal | T90: 227 | U90: 262 | V90: 268 | W90: 400 | X90: 790 | Y90: 853 | Z90: 863 | AA90: 835 | AB90: 850.3 | AC90: 695.6 | AD90: 682.4 | AE90: 647.1 | AF90: 793.1 | AG90: 833.4 | AH90: 855 | AI90: 942 | AJ90: 1000.4 | AK90: 1046.6 | AL90: 1142.5 | AM90: 1250.8 | AN90: 1380.9 | AO90: 1523.6 | AP90: 1681.8 | AQ90: 1856.5
A91: deflator | AC91: 108.7 | AD91: 112.3 | AE91: 117.4 | AF91: 128.9 | AG91: 135.2 | AH91: 141.2 | AI91: 148.6 | AJ91: 152 | AK91: 152.9 | AL91: 159 | AM91: 165.6 | AN91: 174 | AO91: 182.6 | AP91: 191.8 | AQ91: 201.5
A92: real | AC92: 639.9 | AD92: 607.6 | AE92: 551.1 | AF92: 615.2 | AG92: 616.6 | AH92: 605.7 | AI92: 633.9 | AJ92: 658.1 | AK92: 684.4 | AL92: 718.6 | AM92: 755.3 | AN92: 793.8 | AO92: 834.3 | AP92: 876.8 | AQ92: 921.6
A93: rate of real growth | AE93: -9.3 | AF93: 11.6 | AG93: 0.2 | AH93: -1.8 | AI93: 4.6 | AJ93: 3.8 | AK93: 4 | AL93: 5 | AM93: 5.1 | AN93: 5.1 | AO93: 5.1 | AP93: 5.1 | AQ93: 5.1
A95: Administrative and support services
A96: nominal | T96: 1814 | U96: 2031 | V96: 2139 | W96: 2735 | X96: 3398 | Y96: 3888 | Z96: 3949 | AA96: 4166 | AB96: 4430.6 | AC96: 4704.8 | AD96: 5030.9 | AE96: 5924.2 | AF96: 6430.8 | AG96: 6686.7 | AH96: 7030.1 | AI96: 8075.6 | AJ96: 8480.4 | AK96: 8787.4 | AL96: 9592.5 | AM96: 10441.7 | AN96: 11418.1 | AO96: 12478.1 | AP96: 13642.8 | AQ96: 14916.3
A97: deflator | AC97: 119.1 | AD97: 126.7 | AE97: 132.1 | AF97: 137.7 | AG97: 144.3 | AH97: 150.7 | AI97: 158.7 | AJ97: 162.3 | AK97: 163.3 | AL97: 169.8 | AM97: 176.9 | AN97: 185.8 | AO97: 195 | AP97: 204.8 | AQ97: 215.1
A98: real | AC98: 3948.9 | AD98: 3969.3 | AE98: 4485.3 | AF98: 4670.8 | AG98: 4632.7 | AH98: 4663.8 | AI98: 5088.4 | AJ98: 5223.8 | AK98: 5380.5 | AL98: 5649.5 | AM98: 5903.8 | AN98: 6145.8 | AO98: 6397.8 | AP98: 6660.1 | AQ98: 6933.2
A99: rate of real growth | AE99: 13 | AF99: 4.1 | AG99: -0.8 | AH99: 0.7 | AI99: 9.1 | AJ99: 2.7 | AK99: 3 | AL99: 5 | AM99: 4.5 | AN99: 4.1 | AO99: 4.1 | AP99: 4.1 | AQ99: 4.1
A101: Public administration and defence
A102: nominal | T102: 1405 | U102: 1285 | V102: 1442 | W102: 1686 | X102: 1953 | Y102: 2003 | Z102: 2334 | AA102: 2737 | AB102: 2985.6 | AC102: 3193 | AD102: 3358 | AE102: 3801 | AF102: 3928.9 | AG102: 4390.3 | AH102: 4732.2 | AI102: 5056.2 | AJ102: 5698.3 | AK102: 6134 | AL102: 6791.6 | AM102: 7435.3 | AN102: 8279 | AO102: 9212.6 | AP102: 10256.4 | AQ102: 11418.5
A103: deflator | AC103: 116.2 | AD103: 119.9 | AE103: 123.4 | AF103: 126.9 | AG103: 130.3 | AH103: 130.6 | AI103: 134.4 | AJ103: 138.1 | AK103: 139 | AL103: 144.5 | AM103: 150.5 | AN103: 158.1 | AO103: 166 | AP103: 174.3 | AQ103: 183.1
A104: real | AE104: 3079.3 | AF104: 3095.1 | AG104: 3370.1 | AH104: 3623.8 | AI104: 3761.4 | AJ104: 4125.1 | AK104: 4413.9 | AL104: 4700.8 | AM104: 4940.6 | AN104: 5237 | AO104: 5551.2 | AP104: 5884.3 | AQ104: 6237.3
A105: rate of real growth | AE105: 10 | AF105: 0.5 | AG105: 8.9 | AH105: 7.5 | AI105: 3.8 | AJ105: 9.7 | AK105: 7 | AL105: 6.5 | AM105: 5.1 | AN105: 6 | AO105: 6 | AP105: 6 | AQ105: 6
A107: Education
A108: nominal | T108: 726 | U108: 702 | V108: 776 | W108: 799 | X108: 994 | Y108: 1124 | Z108: 1392 | AA108: 1572 | AB108: 1698.4 | AC108: 1875.2 | AD108: 1968.7 | AE108: 2112.9 | AF108: 2187.4 | AG108: 2275.6 | AH108: 2415.9 | AI108: 2570 | AJ108: 2786.9 | AK108: 2999.9 | AL108: 3306 | AM108: 3615.9 | AN108: 3988.2 | AO108: 4396.1 | AP108: 4848 | AQ108: 5346.3
A109: deflator | AC109: 114.3 | AD109: 117.6 | AE109: 122.4 | AF109: 125.8 | AG109: 129.2 | AH109: 129.4 | AI109: 133.1 | AJ109: 136.9 | AK109: 137.7 | AL109: 143.2 | AM109: 149.1 | AN109: 156.6 | AO109: 164.4 | AP109: 172.7 | AQ109: 181.4
A110: real | AC110: 1640 | AD110: 1674.6 | AE110: 1726.4 | AF110: 1738.3 | AG110: 1761.9 | AH110: 1867.1 | AI110: 1930.3 | AJ110: 2036.1 | AK110: 2178.6 | AL110: 2309.3 | AM110: 2424.8 | AN110: 2546.1 | AO110: 2673.4 | AP110: 2807 | AQ110: 2947.4
A111: rate of real growth | AE111: 3.1 | AF111: 0.7 | AG111: 1.4 | AH111: 6 | AI111: 3.4 | AJ111: 5.5 | AK111: 7 | AL111: 6 | AM111: 5 | AN111: 5 | AO111: 5 | AP111: 5 | AQ111: 5
A113: Community, social and personal services
A114: nominal (discontinued) | B114: 421.9 | C114: 551.3 | D114: 588.1 | E114: 649.6 | F114: 711.4 | G114: 807.4 | H114: 859 | I114: 883.5 | J114: 963.4 | L114: 1225.1 | O114: 1351.8 | P114: 1403.1 | Q114: 1395 | R114: 1447.9 | S114: 1526.8
A115: deflator | O115: 115.2 | P115: 123.9 | Q115: 126.2 | R115: 128.5 | S115: 131.5
A116: real | O116: 1173.7 | P116: 1132.9 | Q116: 105.5 | R116: 1127.1 | S116: 1160.7
A117: rate of real growth | O117: 2.9 | P117: -3.5 | Q117: -2.4 | R117: 2 | S117: 3
...

Sheet Rev (Tb12)
A1: Table 12: GENERAL GOVERNMENT REVENUE | B1: 2012 | C1: 2013 | D1: 2014 | E1: 2015 | F1: 2016 | G1: 2017 | H1: 2018 | I1: 2019 | J1: 2020 | K1: 2021 | L1: 2022 | M1: 2023 | N1: 2024 | O1: 2025 | P1: 2026 Budget | Q1: 2027 | R1: 2028 | S1: 2029 | T1: 2030
A2: ECONOMIC CLASSIFICATION | B2: ACTUAL | C2: ACTUAL | D2: ACTUAL | E2: ACTUAL | F2: ACTUAL | G2: ACTUAL | H2: ACTUAL | I2: ACTUAL | J2: ACTUAL | K2: ACTUAL | L2: ACTUAL | M2: ACTUAL | N2: ACTUAL | O2: ACTUAL | P2: PROJECTION | Q2: PROJECTION | R2: PROJECTION | S2: PROJECTION | T2: PROJECTION
A3: (Kina Million) | B3: 2016 Budget | C3: 2016 Budget | D3: 2016 Budget | E3: 2018 Budget* | F3: 2018 Budget | G3: 2019 Budget | H3: 2020 Budget | I3: 2019 FBO | J3: 2020 FBO | K3: 2021 FBO | L3: 2022 FBO | M3: 2023 FBO | N3: 2024 FBO | O3: 2025 FBO | P3: 2026 Budget | Q3: 2026 Budget | R3: 2026 Budget | S3: 2026 Budget | T3: 2026 Budget
A5: TOTAL REVENUE (Incl. grants) | B5: 9418.9 | C5: 9897.5 | D5: 11874.9 | E5: 11003.1 | F5: 10485.5 | G5: 11525.1 | H5: 14085.1 | I5: 13680.5 | J5: 12093.3 | K5: 13860.4 | L5: 18538.2 | M5: 19810.1 | N5: 20826.2 | O5: 23234.6 | P5: 28657.1 | Q5: 31463.5 | R5: 34347.9 | S5: 39240.1 | T5: 43080.9
A7: TAXES | B7: 8219 | C7: 8879.6 | D7: 10232.1 | E7: 9157.6 | F7: 8421.6 | G7: 9141.4 | H7: 10475.9 | I7: 10918.1 | J7: 9802.1 | K7: 11129.4 | L7: 16453.6 | M7: 17627 | N7: 18447 | O7: 19901.3 | P7: 22140.5 | Q7: 24715.3 | R7: 27341.7 | S7: 31766.2 | T7: 35098.8
A9: Taxes on Income, Profits and Capital Gains | B9: 5629.2 | C9: 5848.5 | D9: 6778.9 | E9: 5894.2 | F9: 5286.2 | G9: 5317.4 | H9: 6119.2 | I9: 6070.4 | J9: =J10+J12+J17 -> 5668.6 | K9: 6356.1 | L9: 11252.6 | M9: 11730.4 | N9: 12364.8 | O9: 13124.8 | P9: 14879.3 | Q9: 16053.6 | R9: 17473 | S9: 20613.5 | T9: 22439.9
A10: Payable by individuals | B10: 2645.1 | C10: 2808.4 | D10: 3195.1 | E10: 3037.1 | F10: 2844.3 | G10: 3093.8 | H10: 3101.9 | I10: 3211.6 | J10: 3517.3 | K10: 3467.9 | L10: 3652.1 | M10: 4149.8 | N10: 4396.6 | O10: 4750.4 | P10: 4955 | Q10: 5452.3 | R10: 5879.4 | S10: 6432.2 | T10: 7018.1
A11: Personal Income Tax | B11: 2645.1 | C11: 2808.4 | D11: 3195.1 | E11: 3037.1 | F11: 2844.3 | G11: 3093.8 | H11: 3101.9 | I11: 3211.6 | J11: 3517.3 | K11: 3467.9 | L11: 3652.1 | M11: 4149.8 | N11: 4396.6 | O11: 4750.4 | P11: 4955 | Q11: 5452.3 | R11: 5879.4 | S11: 6432.2 | T11: 7018.1
A12: Payable by corporations and other enterprises | B12: 2739.3 | C12: 2755.1 | D12: 3353.9 | E12: 2621.6 | F12: 2230.1 | G12: 1950.4 | H12: 2751.9 | I12: 2500.6 | J12: 1787.9 | K12: 2374.9 | L12: 6844 | M12: 7002.2 | N12: 7212.7 | O12: 7584.2 | P12: 9014.3 | Q12: 9605.7 | R12: 10485.6 | S12: 12965.5 | T12: 14090.3
A13: Company Tax | B13: 1740.5 | C13: 2060.5 | D13: 2522.4 | E13: 2374.8 | F13: 2093.8 | G13: 1794.1 | H13: 1933 | I13: 1696.9 | J13: 1554.2 | K13: 1690.3 | L13: 2756.9 | M13: 3031.6 | N13: 3418.7 | O13: 3613.3 | P13: 4023.4 | Q13: 4601.6 | R13: 5221.6 | S13: 5930.2 | T13: 6694.7
A14: Mining and Petroleum Taxes | B14: 981.1 | C14: 666.7 | D14: 794.2 | E14: 195.4 | F14: 92 | G14: 113.6 | H14: 775 | I14: 760.7 | J14: 183.4 | K14: 635.4 | L14: 4036.1 | M14: 3906.5 | N14: 3707.1 | O14: 3883 | P14: 4850 | Q14: 4850 | R14: 5092.5 | S14: 6847.1 | T14: 7189.4
A15: Royalties Tax | B15: 11.4 | C15: 18.6 | D15: 22.4 | E15: 30.8 | F15: 26.6 | G15: 25.6 | H15: 26.3 | I15: 25.8 | J15: 30.1 | K15: 29.6 | L15: 30.6 | M15: 38.4 | N15: 52.1 | O15: 52.7 | P15: 83.6 | Q15: 91.4 | R15: 101.8 | S15: 111.7 | T15: 122.3
A16: Management Tax | B16: 6.3 | C16: 9.2 | D16: 14.9 | E16: 20.5 | F16: 17.7 | G16: 17.1 | H16: 17.6 | I16: 17.2 | J16: 20.1 | K16: 19.7 | L16: 20.4 | M16: 25.6 | N16: 34.7 | O16: 35.2 | P16: 57.3 | Q16: 62.7 | R16: 69.8 | S16: 76.6 | T16: 83.9
A17: Other taxes on income, profits and capital gains | B17: 244.8 | C17: 285 | D17: 229.9 | E17: 235.6 | F17: 211.8 | G17: 273.1 | H17: 265.4 | I17: 358.2 | J17: 363.4 | K17: 513.3 | L17: 756.5 | M17: 578.3 | N17: 755.5 | O17: 790.2 | P17: 910 | Q17: 995.5 | R17: 1107.9 | S17: 1215.8 | T17: 1331.5
A18: Dividend Withholding Tax Mining | B18: 13.3 | E18: - | G18: 0 | H18: 0 | I18: 0 | J18: 0 | K18: 0 | L18: 0 | M18: 0 | N18: 0 | O18: 0 | P18: 0 | Q18: 0 | R18: 0 | S18: 0 | T18: 0
A19: Dividend Withholding Tax Non Mining | B19: 163.2 | C19: 244.5 | D19: 186.1 | E19: 168.9 | F19: 132.6 | G19: 181.7 | H19: 154.6 | I19: 215 | J19: 215.9 | K19: 366 | L19: 680.6 | M19: 375.2 | N19: 535.8 | O19: 548.5 | P19: 633.7 | Q19: 693.3 | R19: 771.6 | S19: 846.8 | T19: 927.4
A20: Non Resident Insurers Withholding Tax | K20: 20.2 | L20: 20.3 | M20: 11.6 | N20: 14.2 | O20: 15.1 | P20: 15.1 | Q20: 16.5 | R20: 18.4 | S20: 20.2 | T20: 22.1
A21: Interest Withholding Tax | B21: 67.4 | C21: 38.5 | D21: 43.1 | E21: 66 | F21: 78.7 | G21: 91.4 | H21: 110.8 | I21: 128 | J21: 134.9 | K21: 127 | L21: 55.3 | M21: 189.3 | N21: 204.7 | O21: 221.9 | P21: 260.5 | Q21: 285 | R21: 317.2 | S21: 348.1 | T21: 381.2
A22: Tax Related Court Fines | G22: 0 | H22: 0 | I22: 14.6 | J22: 12.6 | K22: 0 | L22: 0 | M22: 0 | N22: 0 | O22: 0 | P22: 0 | Q22: 0 | R22: 0 | S22: 0 | T22: 0
A23: Sundry IRC Taxes & Income | B23: 0.9 | C23: 2 | D23: 0.7 | E23: 0.6 | F23: 0.5 | G23: 0.02 | H23: 0 | J23: 0 | K23: 0 | L23: 0.3 | M23: 2.2 | N23: 0.9 | O23: 4.7 | P23: 0.7 | Q23: 0.7 | R23: 0.7 | S23: 0.7 | T23: 0.7
A25: Taxes on Payroll and Workforce | B25: 3.7 | C25: 6.4 | D25: 14.6 | E25: 18 | F25: 14.4 | G25: 11.2 | H25: 8.6 | I25: 1.9 | J25: 0.4 | K25: 0.8 | L25: 1.4 | M25: 2 | N25: 0.3 | O25: 2.1 | P25: 2.3 | Q25: 2.5 | R25: 2.8 | S25: 3.1 | T25: 3.3
A26: Training Levy | G26: 11.2 | H26: 8.6 | I26: 1.9 | J26: 0.4 | K26: 0.8 | L26: 1.4 | M26: 2 | N26: 0.3 | O26: 2.1 | P26: 2.3 | Q26: 2.5 | R26: 2.8 | S26: 3.1 | T26: 3.3
A28: Taxes on Goods and Services | B28: 2183.1 | C28: 2549.2 | D28: 2883.6 | E28: 2680.2 | F28: 2584.1 | G28: 3255.1 | H28: 3537.3 | I28: 3936.6 | J28: =J29+J38+J41+J42+J46+J59 -> 3372.7 | K28: 3993.7 | L28: 4293.5 | M28: 5227 | N28: 5320.2 | O28: 5989.6 | P28: 6358 | Q28: 7579.1 | R28: 8575.2 | S28: 9669.8 | T28: 10935
A29: General taxes on goods and services | B29: 1162.2 | C29: 1563.4 | D29: 1806 | E29: 1693.2 | F29: 1521.8 | G29: 1911.3 | H29: 2167.4 | I29: 2299.2 | J29: =J30+J36 -> 2122.5 | K29: 2458.6 | L29: 2505.3 | M29: 3617.5 | N29: 3151.5 | O29: 3657.2 | P29: 3860.5 | Q29: 4610.8 | R29: 5156.4 | S29: 5719.1 | T29: 6321.4
A30: Value Added Tax | G30: 1868.8 | H30: 2067.1 | I30: 2252.5 | J30: 2079.2 | K30: 2457.2 | L30: 2475.1 | M30: 3598.6 | N30: 3077.6 | O30: 3557.8 | P30: 3767.1 | Q30: 4508.7 | R30: 5042.7 | S30: 5594.3 | T30: 6184.8
A31: GST* | B31: 1092.1 | C31: 1496.1 | D31: 1668.8 | E31: 1567 | F31: 1442.6 | G31: 1868.8 | H31: 2067.1 | I31: 2252.5 | J31: 2079.2 | K31: 2457.2 | L31: 2475.1 | M31: 3598.6 | N31: 3077.6 | O31: 3557.8 | P31: 3767.1 | Q31: 4508.7 | R31: 5042.7 | S31: 5594.3 | T31: 6184.8
A32: GST Collection at Provinces | G32: 1131.1 | H32: 1120.3 | I32: 1368.2 | J32: 1325 | K32: 1450.6 | L32: 1693.6 | M32: 2937.8 | N32: 2304.2 | O32: 2892.8 | P32: 2997.6 | Q32: 3629.4 | R32: 3970.6 | S32: 4343.8 | T32: 4752.2
A33: GST Collection at Ports | G33: 1299 | H33: 1089 | I33: 1106.4 | J33: 982.1 | K33: 1104.3 | L33: 1112.4 | M33: 1499.8 | N33: 1564.7 | O33: 1634 | P33: 1783.6 | Q33: 1995.1 | R33: 2220.5 | S33: 2436.8 | T33: 2668.7
A34: GST Refunds | G34: 267.2 | H34: 288.3 | I34: 276.5 | J34: 228 | K34: 97.6 | L34: 330.9 | M34: 839 | N34: 791.3 | O34: 969 | P34: 1014.1 | Q34: 1115.8 | R34: 1148.4 | S34: 1186.3 | T34: 1236.1
A35: GST from IRC Trust | G35: -294.1 | H35: 146 | I35: 54.4 | J35: 0 | K35: 0 | L35: 0 | M35: 0 | N35: 0 | O35: 0 | P35: 0 | Q35: 0 | R35: 0 | S35: 0 | T35: 0
A36: Taxes on financial and capital transactions | G36: 42.4 | H36: 100.3 | I36: 46.6 | J36: 43.3 | K36: 1.4 | L36: 30.3 | M36: 18.9 | N36: 73.9 | O36: 99.5 | P36: 93.4 | Q36: 102.1 | R36: 113.7 | S36: 124.8 | T36: 136.6
A37: Stamp Duties | B37: 70.2 | C37: 67.3 | D37: 137.3 | E37: 126.1 | F37: 79.2 | G37: 42.4 | H37: 100.3 | I37: 46.6 | J37: 43.3 | K37: 1.4 | L37: 30.3 | M37: 18.9 | N37: 73.9 | O37: 99.5 | P37: 93.4 | Q37: 102.1 | R37: 113.7 | S37: 124.8 | T37: 136.6
A38: Excise | B38: 855.3 | C38: 814.4 | D38: 889.1 | E38: 802 | F38: 875.9 | G38: 1105 | H38: 1074.8 | I38: 1360.7 | J38: =J39+J40 -> 1074.6 | K38: 1281.2 | L38: 1404.4 | M38: 1224.1 | N38: 1711.3 | O38: 1900.8 | P38: 2075.7 | Q38: 2492.1 | R38: 2873.7 | S38: 3353.6 | T38: 3872.8
A39: Excise Duty | B39: 560.5 | C39: 541.9 | D39: 638.6 | E39: 503.3 | F39: 603.7 | G39: 757.3 | H39: 774 | I39: 1061 | J39: 817 | K39: 998.3 | L39: 1157.2 | M39: 896.5 | N39: 1205.2 | O39: 1328.7 | P39: 1467.4 | Q39: 1726.6 | R39: 2021.7 | S39: 2318.6 | T39: 2639.3
A40: Import Excise | B40: 294.8 | C40: 272.5 | D40: 250.6 | E40: 298.7 | F40: 272.2 | G40: 347.8 | H40: 300.8 | I40: 299.7 | J40: 257.6 | K40: 282.8 | L40: 247.2 | M40: 327.6 | N40: 506.1 | O40: 572.1 | P40: 608.3 | Q40: 765.5 | R40: 852 | S40: 1034.9 | T40: 1233.4
A41: Profits of fiscal monopolies | G41: 0 | H41: 0 | I41: 0 | K41: 0 | L41: 0 | M41: 0 | N41: 0 | O41: 0 | P41: 0 | Q41: 0 | R41: 0 | S41: 0 | T41: 0
A42: Taxes on specific services | B42: 149.9 | C42: 159.2 | D42: 176.7 | E42: 177.7 | F42: 175.7 | G42: 228.9 | H42: 248.1 | I42: 273 | J42: 172 | K42: 235.9 | L42: 371.5 | M42: 364.6 | N42: 402.3 | O42: 422.2 | P42: 402.9 | Q42: 454.5 | R42: 521.5 | S42: 572.3 | T42: 713.7
A43: Bookmakers' Turnover Tax | B43: 9.5 | C43: 8.8 | D43: 12.8 | E43: 9.4 | F43: 7.8 | G43: 36 | H43: 20.4 | I43: 17.2 | J43: 8.9 | K43: 6.6 | L43: 35.4 | M43: 15.9 | N43: 50.3 | O43: 62.1 | P43: 56.5 | Q43: 61.8 | R43: 68.7 | S43: 75.4 | T43: 82.6
A44: Gaming Machine Turnover Tax | B44: 133.9 | C44: 144.6 | D44: 158.1 | E44: 162.1 | F44: 163.5 | G44: 178.7 | H44: 205.1 | I44: 227.2 | J44: 157.7 | K44: 228.1 | L44: 328.1 | M44: 341.5 | N44: 348.4 | O44: 349 | P44: 343.9 | Q44: 390 | R44: 449.7 | S44: 493.5 | T44: 627.5
A45: Departure Tax | B45: 6.5 | C45: 5.9 | D45: 5.8 | E45: 6.2 | F45: 4.4 | G45: 14.2 | H45: 22.6 | I45: 28.6 | J45: 5.4 | K45: 1.3 | L45: 8 | M45: 7.1 | N45: 3.7 | O45: 11.2 | P45: 2.5 | Q45: 2.7 | R45: 3 | S45: 3.3 | T45: 3.6
A46: Taxes on use of goods and on permission to use goods or perform activities | B46: 10.7 | C46: 12.3 | D46: 9.2 | E46: 6.9 | F46: 7.5 | G46: 7.1 | H46: 2.8 | I46: 2.5 | J46: 0.4 | K46: 11.6 | L46: 1.9 | M46: 3.9 | N46: 45.9 | O46: 5.7 | P46: 8 | Q46: 9.7 | R46: 10.3 | S46: 10.3 | T46: 11
A47: Motor vehicles taxes | B47: 6.7 | C47: 7.3 | D47: 8.2 | E47: 5.7 | F47: 6.8 | G47: 6.4 | H47: 2.2 | J47: 0 | K47: 11.4 | L47: 1.7 | M47: 3.8 | N47: 45.6 | O47: 5.5 | P47: 5.4 | Q47: 7 | R47: 7.6 | S47: 8.2 | T47: 8.9
A48: Other taxes on use of goods and on permission to use goods or perform activities | B48: 3.9 | C48: 5 | D48: 1 | E48: 1.1 | F48: 0.8 | G48: 5.8 | H48: 1.8 | I48: 0 | J48: 0.4 | K48: 0.2 | L48: 0.2 | M48: 0.1 | N48: 0.3 | O48: 0.2 | P48: 2.4 | Q48: 2.7 | R48: 2.7 | S48: 2.1 | T48: 2.1
A49: Motor Vehicle Taxes | G49: 0.6 | H49: 0.4 | I49: 2 | J49: 0 | K49: 11.4 | L49: 1.7 | M49: 3.8 | N49: 45.6 | O49: 5.5 | P49: 5.4 | Q49: 7 | R49: 7.6 | S49: 8.2 | T49: 8.9
A50: Motor Vehicle Registration | I50: 2 | J50: 0 | K50: 11.4 | L50: 1.7 | M50: 3.8 | N50: 45.6 | O50: 5.5 | P50: 5.4 | Q50: 6 | R50: 6.6 | S50: 7.2 | T50: 7.9
A51: Commercial Vehicle Licenses | I51: 0 | J51: 0 | K51: 0 | L51: 0 | M51: 0 | N51: 0 | O51: 0 | P51: 0 | Q51: 1 | R51: 1 | S51: 1 | T51: 1
A52: Other taxes on use of goods and on permission to use goods or perform activities | G52: 0.8 | H52: 0.6 | I52: 0.5 | J52: 0.4 | K52: 0.2 | L52: 0.2 | M52: 0.1 | N52: 0.3 | O52: 0.2 | P52: 2.6 | Q52: 2.7 | R52: 2.7 | S52: 2.1 | T52: 2.1
A53: Bookmakers' Licenses | I53: 0 | J53: 0 | K53: 0 | L53: 0 | M53: 0 | N53: 0 | O53: 0 | P53: 0 | Q53: 0 | R53: 0 | S53: 0 | T53: 0
A54: Coastal Trading Licenses | I54: 0.2 | J54: 0.3 | K54: 0.2 | L54: 0.1 | M54: 0.1 | N54: 0.3 | O54: 0.2 | P54: 0.5 | Q54: 0.6 | R54: 0.7 | S54: 0 | T54: 0
A55: Inflammable Liquid | I55: 0.2 | J55: 0 | K55: 0 | L55: 0 | M55: 0 | N55: 0 | O55: 0 | P55: 1.6 | Q55: 1.6 | R55: 1.6 | S55: 1.6 | T55: 1.6
A56: Trade Licenses | I56: 0 | J56: 0 | K56: 0 | L56: 0 | M56: 0 | N56: 0 | O56: 0 | P56: 0.2 | Q56: 0.2 | R56: 0.2 | S56: 0.2 | T56: 0.2
A57: Insurers' and Brokers' Licences | I57: 0 | J57: 0 | K57: 0 | L57: 0.1 | M57: 0 | N57: 0 | O57: 0 | P57: 0.2 | Q57: 0.2 | R57: 0.2 | S57: 0.2 | T57: 0.2
A58: Motor Vehicle Trade Licenses | I58: 0 | J58: 0 | K58: 0 | L58: 0 | M58: 0 | N58: 0 | O58: 0 | P58: 0 | Q58: 0 | R58: 0 | S58: 0 | T58: 0
A59: Other taxes on goods and services | B59: 5 | C59: - | D59: 2.5 | E59: 0.4 | F59: 3.1 | G59: 2.7 | H59: 44.3 | I59: 1.2 | J59: 3.2 | K59: 6.5 | L59: 10.4 | M59: 16.9 | N59: 9.3 | O59: 3.6 | P59: 10.9 | Q59: 12 | R59: 13.3 | S59: 14.6 | T59: 16
A60: Sundry Taxes (Customs) | B60: 5 | C60: - | D60: 2.5 | E60: 0.4 | F60: 3.1 | G60: 2.7 | H60: 44.3 | I60: 1.2 | J60: 3.2 | K60: 6.5 | L60: 10.4 | M60: 16.9 | N60: 9.3 | O60: 3.6 | P60: 10.9 | Q60: 12 | R60: 13.3 | S60: 14.6 | T60: 16
A62: Taxes on International Trade and Transactions | B62: 402.9 | C62: 475.5 | D62: 555 | E62: 565.2 | F62: 536.8 | G62: 557.7 | H62: 810.7 | I62: 909.3 | J62: 760.4 | K62: 778.8 | L62: 906 | M62: 667.6 | N62: 761.8 | O62: 784.8 | P62: 901 | Q62: 1080.2 | R62: 1290.7 | S62: 1479.8 | T62: 1720.7
A63: Customs and other import duties | B63: 223 | C63: 263.9 | D63: 280.5 | E63: 249.1 | F63: 242.9 | G63: 260.3 | H63: 418.3 | I63: 511.2 | J63: 359.5 | K63: 379.7 | L63: 469.9 | M63: 386.2 | N63: 462 | O63: 504.8 | P63: 546.4 | Q63: 692.3 | R63: 859 | S63: 1006.1 | T63: 1201.8
A64: Import Duty | B64: 223 | C64: 257.2 | D64: 273.2 | E64: 243.4 | F64: 242.9 | G64: 246.4 | H64: 325.3 | I64: 409.4 | J64: 359.5 | K64: 379.7 | L64: 469.9 | M64: 386.2 | N64: 462 | O64: 504.8 | P64: 546.4 | Q64: 692.3 | R64: 859 | S64: 1006.1 | T64: 1201.8
A65: Other Import Taxes | B65: - | C65: 6.7 | D65: 7.3 | E65: 5.7 | G65: 14 | H65: 93 | I65: 101.8 | O65: 0
A66: Sundry Tax Receipts (Import Duties) | G66: 14 | H66: 93 | I66: 101.8
A67: Taxes on exports | B67: 179.9 | C67: 211.7 | D67: 274.5 | E67: 316.2 | F67: 294 | G67: 297.3 | H67: 392.4 | I67: 398.1 | J67: 400.9 | K67: 399.1 | L67: 436.2 | M67: 281.4 | N67: 299.8 | O67: 280 | P67: 354.5 | Q67: 387.8 | R67: 431.7 | S67: 473.7 | T67: 518.8
A68: Export Tax | B68: 179.9 | C68: 211.7 | D68: 274.5 | E68: 316.2 | F68: 294 | G68: 297.3 | H68: 392.4 | I68: 398.1 | J68: 400.9 | K68: 399.1 | L68: 436.2 | M68: 281.4 | N68: 299.8 | O68: 280 | P68: 354.5 | Q68: 387.8 | R68: 431.7 | S68: 473.7 | T68: 518.8
A70: GRANTS | B70: 930.8 | C70: 877.5 | D70: 867.5 | E70: 819.5 | F70: 1430.1 | G70: 1439.9 | H70: 1835.7 | I70: 1775.6 | J70: 1425 | K70: 2088 | L70: 1472.1 | M70: 1158.7 | N70: 1180.6 | O70: 1481.2 | P70: 1943 | Q70: 1993 | R70: 2043 | S70: 2093 | T70: 2143
A71: From Foreign Governments | B71: 823.3 | C71: 776.2 | D71: 767.3 | E71: 778.8 | F71: 1261.4 | G71: 1281.9 | H71: 1562.4 | I71: 1408.5 | J71: 908.1 | K71: 1630.6 | L71: 1060.3 | M71: 892.1 | N71: 757.9 | O71: 1053.7 | P71: 1453.5 | Q71: 1504 | R71: 1554 | S71: 1604 | T71: 1654
A72: Current | B72: 453.2 | C72: 427.2 | D72: 422.3 | E72: 505 | F72: 1207.1 | G72: 1025.5 | H72: 1249.9 | I72: 1126.8 | J72: 726.5 | K72: 1349.6 | L72: 848.3 | M72: 713.7 | N72: 606.4 | O72: 843 | P72: 1162.8 | Q72: 1203.2 | R72: 1243.2 | S72: 1283.2 | T72: 1323.2
A73: Cash | B73: 10.2 | C73: 9.6 | D73: 9.5 | G73: 0 | H73: 0 | I73: 0 | J73: 0 | K73: 225.6 | L73: 0 | M73: 0 | N73: 0 | O73: 0 | P73: 23.3 | Q73: 24.1 | R73: 24.9 | S73: 25.7 | T73: 26.5
A74: In-Kind | B74: 442.9 | C74: 417.6 | D74: 412.8 | E74: 505 | F74: 1207.1 | G74: 1025.5 | H74: 1249.9 | I74: 1126.8 | J74: 726.5 | K74: 1124 | L74: 848.3 | M74: 713.7 | N74: 606.4 | O74: 843 | P74: 1139.5 | Q74: 1179.1 | R74: 1218.3 | S74: 1257.5 | T74: 1296.7
A75: Capital | B75: 370.2 | C75: 349 | D75: 345 | E75: 273.8 | F75: 54.3 | G75: 256.4 | H75: 312.5 | I75: 281.7 | J75: 181.6 | K75: 281 | L75: 212.1 | M75: 178.4 | N75: 151.6 | O75: 210.7 | P75: 290.7 | Q75: 300.8 | R75: 310.8 | S75: 320.8 | T75: 330.8
A76: Cash | B76: 20.7 | C76: 19.5 | D76: 19.3 | G76: 0 | H76: 0 | I76: 0 | J76: 0 | K76: 0 | L76: 0 | M76: 0 | N76: 0 | O76: 0 | P76: 0 | Q76: 0 | R76: 0 | S76: 0 | T76: 0
A77: In-Kind | B77: 349.5 | C77: 329.5 | D77: 325.7 | E77: 273.8 | F77: 54.3 | G77: 256.4 | H77: 312.5 | I77: 281.7 | J77: 181.6 | K77: 281 | L77: 212.1 | M77: 178.4 | N77: 151.6 | O77: 210.7 | P77: 290.7 | Q77: 300.8 | R77: 310.8 | S77: 320.8 | T77: 330.8
A78: From International Organizations | B78: 107.5 | C78: 101.3 | D78: 100.2 | E78: 40.7 | F78: 168.7 | G78: 158 | H78: 273.3 | I78: 367.1 | J78: 516.9 | K78: 457.4 | L78: 411.8 | M78: 266.6 | N78: 422.7 | O78: 427.5 | P78: 489.5 | Q78: 489 | R78: 489 | S78: 489 | T78: 489
A79: Current | B79: 98.6 | C79: 92.9 | D79: 91.9 | E79: 22.4 | F79: 147 | G79: 126.4 | H79: 218.6 | I79: 293.7 | J79: 413.5 | K79: 365.9 | L79: 329.4 | M79: 213.3 | N79: 338.1 | O79: 342 | P79: 391.6 | Q79: 391.2 | R79: 391.2 | S79: 391.2 | T79: 391.2
A80: Cash | B80: 43.5 | C80: 41 | D80: 40.6 | E80: 0.9 | G80: 0 | H80: 0 | I80: 0 | J80: 0 | K80: 0 | L80: 0 | M80: 0 | N80: 0 | O80: 0 | P80: 0 | Q80: 0 | R80: 0 | S80: 0 | T80: 0
A81: In-Kind | B81: 55 | C81: 51.9 | D81: 51.3 | E81: 21.5 | F81: 147 | G81: 126.4 | H81: 218.6 | I81: 293.7 | J81: 413.5 | K81: 365.9 | L81: 329.4 | M81: 213.3 | N81: 338.1 | O81: 342 | P81: 391.6 | Q81: 391.2 | R81: 391.2 | S81: 391.2 | T81: 391.2
A82: Capital | B82: 8.9 | C82: 8.4 | D82: 8.3 | E82: 18.3 | F82: 21.7 | G82: 31.6 | H82: 54.7 | I82: 73.4 | J82: 103.4 | K82: 91.5 | L82: 82.4 | M82: 53.3 | N82: 84.5 | O82: 85.5 | P82: 97.9 | Q82: 97.8 | R82: 97.8 | S82: 97.8 | T82: 97.8
A83: Cash | B83: - | C83: - | D83: - | E83: 18.3 | I83: 0 | J83: 0 | K83: 0 | L83: 0 | M83: 0 | N83: 0 | O83: 0 | P83: 0 | Q83: 0 | R83: 0 | S83: 0 | T83: 0
A84: In-Kind | B84: 8.9 | C84: 8.4 | D84: 8.3 | F84: 21.7 | G84: 31.6 | H84: 54.7 | I84: 73.4 | J84: 103.4 | K84: 91.5 | L84: 82.4 | M84: 53.3 | N84: 84.5 | O84: 85.5 | P84: 97.9 | Q84: 97.8 | R84: 97.8 | S84: 97.8 | T84: 97.8
A86: OTHER REVENUE | B86: 269.1 | C86: 140.3 | D86: 775.3 | E86: 1026 | F86: 633.9 | G86: 943.8 | H86: 1773.6 | I86: 986.8 | J86: 866.2 | K86: 643 | L86: 612.5 | M86: 1024.4 | N86: 1198.6 | O86: 1852 | P86: 4573.6 | Q86: 4755.2 | R86: 4963.3 | S86: 5380.9 | T86: 5839
A87: Property Income | B87: 196 | C87: 75.4 | D87: 696 | E87: 943.1 | F87: 551.3 | G87: 860.9 | H87: 1063.6 | I87: 529.5 | J87: 741.1 | K87: 551.8 | L87: 514.3 | M87: 517.8 | N87: 700.3 | O87: 1278 | P87: 3404.2 | Q87: 3437.8 | R87: 3485.1 | S87: 3716.5 | T87: 3964.1
A88: Interest | B88: 0.1 | G88: 841.6 | H88: 1033.5 | I88: 0 | J88: 0 | K88: 0 | L88: 0 | M88: 0 | N88: 0 | O88: 10 | P88: 200 | Q88: 218.8 | R88: 243.5 | S88: 267.2 | T88: 292.7
A89: Dividends | B89: 172.3 | C89: 55 | D89: 665.8 | E89: 911.4 | F89: 528.9 | G89: 562.3 | H89: 653.5 | I89: 501.2 | J89: 718.5 | K89: 530.5 | L89: 480 | M89: 479.7 | N89: 642.3 | O89: 1209.8 | P89: 3100 | Q89: 3105 | R89: 3115.3 | S89: 3311 | T89: 3520.6
A90: Mining and Petroleum Dividends | B90: 122.3 | D90: 507.2 | E90: 456.4 | F90: 300.5 | G90: 279.3 | H90: 380 | I90: 381.2 | J90: 568.5 | K90: 380.5 | L90: 300 | M90: 402.6 | N90: 560.1 | O90: 1161.4 | P90: 2950 | Q90: 2905 | R90: 2865.3 | S90: 3011 | T90: 3170.6
A91: Dividends from Statutory Authorites | B91: 50 | C91: 55 | D91: 152 | E91: 85 | F91: 228.4 | G91: 0 | H91: 0 | I91: 120 | J91: 150 | K91: 150 | L91: 100 | M91: 0 | N91: 0 | O91: 48.4 | P91: 0 | Q91: 0 | R91: 0 | S91: 0 | T91: 0
A92: Shares in Private Enterprise | D92: 6.6 | G92: 0 | H92: 0 | I92: 0 | J92: 0 | K92: 0 | L92: 0 | M92: 0 | N92: 0 | O92: 0 | P92: 0 | Q92: 0 | R92: 0 | S92: 0 | T92: 0
A93: Dividends from State Owned Enterprises | E93: 370 | F93: 0 | G93: 19.3 | H93: 30.1 | I93: 0 | J93: 0 | K93: 0 | L93: 80 | M93: 77.1 | N93: 82.2 | O93: 0 | P93: 150 | Q93: 200 | R93: 250 | S93: 300 | T93: 350
A94: Rent | B94: 23.6 | C94: 20.4 | D94: 30.2 | E94: 31.7 | F94: 22.4 | G94: 16.3 | H94: 23.4 | I94: 28.2 | J94: 22.6 | K94: 21.3 | L94: 34.3 | M94: 38.1 | N94: 58 | O94: 58.1 | P94: 104.2 | Q94: 114 | R94: 126.3 | S94: 138.2 | T94: 150.9
A95: Land lease rental | F95: 18.3 | G95: 3 | H95: 6.6 | I95: 23 | J95: 17.6 | K95: 0 | L95: 33.7 | M95: 37.9 | N95: 55.2 | O95: 55.8 | P95: 100 | Q95: 109.4 | R95: 121.7 | S95: 133.6 | T95: 146.3
A96: License fees and royalty payments | H96: 0.1 | I96: 0 | J96: 0 | K96: 0 | L96: 0 | M96: 0.2 | N96: 0 | O96: 0 | P96: 0 | Q96: 0 | R96: 0 | S96: 0 | T96: 0
A97: Petroleum prospecting licenses | I97: 5.2 | J97: 4.9 | K97: 3.4 | L97: 0.6 | M97: 0 | N97: 2.7 | O97: 2.4 | P97: 4.2 | Q97: 4.6 | R97: 4.6 | S97: 4.6 | T97: 4.6
A98: Sales of goods and services | B98: 50.8 | C98: 41.6 | D98: 75 | E98: 65.6 | F98: 63.5 | G98: 62.8 | H98: 32.2 | I98: 37.3 | J98: 9.4 | K98: 11.5 | L98: 8.4 | M98: 21.4 | N98: 14.8 | O98: 11.6 | P98: 26.1 | Q98: 27.6 | R98: 29.2 | S98: 30.9 | T98: 32.8
A99: Administrative fees | B99: 31.4 | C99: 32.8 | D99: 31 | E99: 25.3 | F99: 28.7 | G99: 22.9 | H99: 8.2 | I99: 14.2 | J99: 4.5 | K99: 4.9 | L99: 3.7 | M99: 7 | N99: 8.8 | O99: 7.2 | P99: 11.1 | Q99: 11.3 | R99: 11.6 | S99: 11.8 | T99: 12.2
A100: Incidental sales by nonmarket establishments | B100: 19.5 | C100: 8.8 | D100: 44.1 | E100: 40.3 | F100: 34.9 | G100: 39.9 | H100: 24 | I100: 23 | J100: 4.8 | K100: 6.6 | L100: 4.8 | M100: 14.4 | N100: 6.1 | O100: 4.5 | P100: 15 | Q100: 16.3 | R100: 17.6 | S100: 19.1 | T100: 20.6
A101: Fines, penalties, and forfeits | B101: 0.3 | C101: 2.4 | D101: 1.9 | E101: 2.8 | F101: 1.8 | G101: 1.6 | H101: 1.9 | I101: 1.8 | J101: 2.8 | K101: 1.2 | L101: 0.1 | M101: 2.1 | N101: 1.3 | O101: 1.9 | P101: 2.2 | Q101: 2.2 | R101: 2.2 | S101: 2.2 | T101: 2.2
A102: Transfers not elsewhere classified | B102: 21.9 | C102: 20.8 | D102: 2.5 | E102: 14.4 | F102: 17.2 | G102: 18.5 | H102: 675.9 | I102: 418.2 | J102: 113 | K102: 78.6 | L102: 89.7 | M102: 483 | N102: 482.1 | O102: 560.5 | P102: 1141.1 | Q102: 1287.6 | R102: 1446.8 | S102: 1631.3 | T102: 1839.9
A103: Other current transfers | G103: 18.5 | H103: 675.9 | I103: 418.2 | J103: 113 | K103: 78.6 | L103: 89.7 | M103: 483 | N103: 482.1 | O103: 560.5 | P103: 1141.1 | Q103: 1287.6 | R103: 1446.8 | S103: 1631.3 | T103: 1839.9
A104: Recovery of Utility Charges | N104: 0 | O104: 0 | P104: 0.3 | Q104: 0.3 | R104: 0.3 | S104: 0.4 | T104: 0.4
A105: Payroll commission | F105: 15.1 | G105: 17.4 | H105: 21.3 | I105: 13.2 | J105: 28 | K105: 28.2 | L105: 31.1 | M105: 25.4 | N105: 36.5 | O105: 41.5 | P105: 51.7 | Q105: 56.6 | R105: 63 | S105: 69.1 | T105: 75.7
A106: Recoveries from Former Years' Appropriation | N106: 0 | O106: 0 | P106: 100 | Q106: 109.4 | R106: 121.7 | S106: 133.6 | T106: 146.3
A107: State services and statutory authority | F107: 0.1 | G107: 0.3 | H107: 655 | I107: 405 | J107: 85 | K107: 50 | L107: 54.3 | M107: 452.9 | N107: 408.6 | O107: 509 | P107: 650 | Q107: 751 | R107: 850.3 | S107: 977.4 | T107: 1124.5
A108: SWF | M108: 0 | N108: 0 | O108: 0
...

Sheet Rev compare
A1: REVENUE COMPARISONS | B1: =C1-1 -> 1989 | C1: =D1-1 -> 1990 | D1: =E1-1 -> 1991 | E1: =F1-1 -> 1992 | F1: =G1-1 -> 1993 | G1: =H1-1 -> 1994 | H1: =I1-1 -> 1995 | I1: =J1-1 -> 1996 | ... K1: =L1-1 -> 1998 | L1: 1999 | M1: 2000 | N1: 2001 | O1: 2002 | P1: 2003 | Q1: 2004 | R1: 2005 | S1: =R1+1 -> 2006 | T1: =S1+1 -> 2007 | U1: =T1+1 -> 2008 | V1: 2009 | W1: 2010 | X1: 2011 | Y1: 2012 | Z1: 2013 | AA1: 2014 | AB1: 2015 | AC1: 2016 | AD1: ='Rev (Tb12)'!G1 -> 2017 | AE1: ='Rev (Tb12)'!H1 -> 2018 | AF1: ='Rev (Tb12)'!I1 -> 2019 | AG1: ='Rev (Tb12)'!J1 -> 2020 | AH1: ='Rev (Tb12)'!K1 -> 2021 | AI1: ='Rev (Tb12)'!L1 -> 2022 | AJ1: ='Rev (Tb12)'!M1 -> 2023 | AK1: ='Rev (Tb12)'!N1 -> 2024 | ... AQ1: ='Rev (Tb12)'!T1 -> 2030
A2: BY ECONOMIC CLASSIFICATION | B2: ACTUAL | C2: ACTUAL | D2: ACTUAL | E2: ACTUAL | F2: ACTUAL | G2: ACTUAL | H2: ACTUAL | I2: ACTUAL | J2: ACTUAL | K2: ACTUAL | L2: ACTUAL | M2: ACTUAL | N2: ACTUAL | O2: ACTUAL | P2: ACTUAL | Q2: ACTUAL | R2: ACTUAL | S2: ACTUAL | T2: ACTUAL | U2: ACTUAL | V2: ACTUAL | W2: ACTUAL | X2: ACTUAL | Y2: ACTUAL | Z2: ACTUAL | AA2: ACTUAL | AB2: ACTUAL | AC2: ACTUAL | AD2: ACTUAL | AE2: ='Rev (Tb12)'!H2 -> ACTUAL | AF2: ='Rev (Tb12)'!I2 -> ACTUAL | AG2: ='Rev (Tb12)'!J2 -> ACTUAL | AH2: ='Rev (Tb12)'!K2 -> ACTUAL | AI2: ='Rev (Tb12)'!L2 -> ACTUAL | AJ2: ='Rev (Tb12)'!M2 -> ACTUAL | AK2: ='Rev (Tb12)'!N2 -> ACTUAL | AL2: ='Rev (Tb12)'!O2 -> ACTUAL | ... AQ2: ='Rev (Tb12)'!T2 -> PROJECTION
A3: (Kina million) | C3: 1995 Budget | D3: 1995 Budget | E3: 1995 Budget | F3: 1995 Budget | G3: 1996 Budget | H3: 1999 Budget | I3: 1999 Budget | J3: 1999 Budget | Y3: 2016 Budget/ 2013 FBO | Z3: 2016 Budget/ 2013 FBO | AA3: 2016 Budget/ 2015 FBO | AB3: 2018 Budget/ 2015 FBO | AC3: 2018 Budget | AD3: ='Rev (Tb12)'!G3 -> 2019 Budget | AE3: ='Rev (Tb12)'!H3 -> 2020 Budget | AF3: ='Rev (Tb12)'!I3 -> 2019 FBO | AG3: ='Rev (Tb12)'!J3 -> 2020 FBO | AH3: ='Rev (Tb12)'!K3 -> 2021 FBO | AI3: ='Rev (Tb12)'!L3 -> 2022 FBO | AJ3: ='Rev (Tb12)'!M3 -> 2023 FBO | AK3: ='Rev (Tb12)'!N3 -> 2024 FBO | ... AQ3: ='Rev (Tb12)'!T3 -> 2026 Budget
A5: TOTAL REVENUE AND GRANTS (GFS2014) | Y5: ='Rev (Tb12)'!B5 -> 9418.9 | Z5: ='Rev (Tb12)'!C5 -> 9897.5 | AA5: ='Rev (Tb12)'!D5 -> 11874.9 | AB5: ='Rev (Tb12)'!E5 -> 11003.1 | AC5: ='Rev (Tb12)'!F5 -> 10485.5 | AD5: ='Rev (Tb12)'!G5 -> 11525.1 | AE5: ='Rev (Tb12)'!H5 -> 14085.1 | AF5: ='Rev (Tb12)'!I5 -> 13680.5 | ... AQ5: ='Rev (Tb12)'!T5 -> 43080.9
A6: TOTAL REVENUE AND GRANTS (GFS1986) | B6: 1013.9 | C6: 988.9 | D6: 1026.2 | E6: 1125.5 | F6: 1308.7 | G6: 1451.7 | H6: 1721.6 | I6: 1897.7 | J6: 2201.8 | K6: 2352.9 | L6: 2569 | M6: 2975.8 | N6: 3184.8 | O6: 3286.4 | P6: 3650.1 | Q6: 4349.6 | R6: 5326.8 | S6: 6311.6 | T6: 7028.6 | U6: 7073.3 | V6: 6651.3 | W6: 8278.9 | X6: 9304.9 | Y6: 9566 | Z6: 9832.7 | AA6: 11497.6 | AB6: 10963.5
A8: TAXES | Y8: ='Rev (Tb12)'!B7 -> 8219 | Z8: ='Rev (Tb12)'!C7 -> 8879.6 | AA8: ='Rev (Tb12)'!D7 -> 10232.1 | AB8: ='Rev (Tb12)'!E7 -> 9157.6 | AC8: ='Rev (Tb12)'!F7 -> 8421.6 | AD8: ='Rev (Tb12)'!G7 -> 9141.4 | AE8: ='Rev (Tb12)'!H7 -> 10475.9 | AF8: ='Rev (Tb12)'!I7 -> 10918.1 | ... AQ8: ='Rev (Tb12)'!T7 -> 35098.8
A9: TAXES | B9: 689.2 | C9: 591.6 | D9: 624.2 | E9: 762.4 | F9: 977.9 | G9: 1124.2 | H9: 1207.2 | I9: 1526.3 | J9: 1674.6 | K9: 1603 | L9: 1920.7 | M9: 2314.9 | N9: 2294.3 | O9: 2369.9 | P9: 2677.9 | Q9: 3220.1 | R9: 3744 | S9: 4944.8 | T9: 5854 | U9: 5756.1 | V9: 4974.5 | W9: 6434.7 | X9: 7904.2 | Y9: 8148.3 | Z9: 8588.5 | AA9: 9596 | AB9: 8797.6
A10: Personal Income Tax | Y10: ='Rev (Tb12)'!B11 -> 2645.1 | Z10: ='Rev (Tb12)'!C11 -> 2808.4 | AA10: ='Rev (Tb12)'!D11 -> 3195.1 | AB10: ='Rev (Tb12)'!E11 -> 3037.1 | AC10: ='Rev (Tb12)'!F11 -> 2844.3 | AD10: ='Rev (Tb12)'!G11 -> 3093.8 | AE10: ='Rev (Tb12)'!H11 -> 3101.9 | AF10: ='Rev (Tb12)'!I11 -> 3211.6 | ... AQ10: ='Rev (Tb12)'!T11 -> 7018.1
A11: Personal Income Tax | B11: 172.7 | C11: 186.2 | D11: 206.2 | E11: 235.5 | F11: 188.9 | G11: 193.7 | H11: 257.8 | I11: 317.3 | J11: 367.7 | K11: 448.7 | L11: 524.4 | M11: 544 | N11: 598.8 | O11: 694.3 | P11: 758.4 | Q11: 826.5 | R11: 841 | S11: 907 | T11: 1006.9 | U11: 1108.8 | V11: 1241.8 | W11: 1494 | X11: 2158.8 | Y11: 2648.7 | Z11: 2808.4 | AA11: 3195.1 | AB11: 3037.1
A12: Company Tax | Y12: ='Rev (Tb12)'!B13 -> 1740.5 | Z12: ='Rev (Tb12)'!C13 -> 2060.5 | AA12: ='Rev (Tb12)'!D13 -> 2522.4 | AB12: ='Rev (Tb12)'!E13 -> 2374.8 | AC12: ='Rev (Tb12)'!F13 -> 2093.8 | AD12: ='Rev (Tb12)'!G13 -> 1794.1 | AE12: ='Rev (Tb12)'!H13 -> 1933 | AF12: ='Rev (Tb12)'!I13 -> 1696.9 | ... AQ12: ='Rev (Tb12)'!T13 -> 6694.7
A13: Company Tax | B13: 85.3 | C13: 94.5 | D13: 89.9 | E13: 92 | F13: 109.6 | G13: 109.4 | H13: 99 | I13: 118 | J13: 150.1 | K13: 185.8 | L13: 246.4 | M13: 265.4 | N13: 252 | O13: 310.9 | P13: 334.5 | Q13: 436.7 | R13: 516.5 | S13: 550.6 | T13: 723.7 | U13: 888.1 | V13: 1121.4 | W13: 1192.1 | X13: 1543.4 | Y13: 1744.5 | Z13: 2060.5 | AA13: 2522.6 | AB13: 2374.8
A14: Mining and Petroleum Taxes | Y14: ='Rev (Tb12)'!B14 -> 981.1 | Z14: ='Rev (Tb12)'!C14 -> 666.7 | AA14: ='Rev (Tb12)'!D14 -> 794.2 | AB14: ='Rev (Tb12)'!E14 -> 195.4 | AC14: ='Rev (Tb12)'!F14 -> 92 | AD14: ='Rev (Tb12)'!G14 -> 113.6 | AE14: ='Rev (Tb12)'!H14 -> 775 | AF14: ='Rev (Tb12)'!I14 -> 760.7 | ... AQ14: ='Rev (Tb12)'!T14 -> 7189.4
A15: Mining and Petroleum Taxes | B15: 102.9 | E15: 66.9 | F15: 260 | G15: 272.4 | H15: 256.7 | I15: 405.4 | J15: 390 | K15: 245.1 | L15: 258.7 | M15: 426.9 | N15: 434.9 | O15: 258.9 | P15: 396.5 | Q15: 634.3 | R15: 1076.8 | S15: 1946.5 | T15: 2333.9 | U15: 1961.8 | V15: 693.1 | W15: 1476.3 | X15: 1903.2 | Y15: 981.1 | Z15: 666.7 | AA15: 794.2 | AB15: 195.4
A16: Royalties Tax | Y16: ='Rev (Tb12)'!B15 -> 11.4 | Z16: ='Rev (Tb12)'!C15 -> 18.6 | AA16: ='Rev (Tb12)'!D15 -> 22.4 | AB16: ='Rev (Tb12)'!E15 -> 30.8 | AC16: ='Rev (Tb12)'!F15 -> 26.6 | AD16: ='Rev (Tb12)'!G15 -> 25.6 | AE16: ='Rev (Tb12)'!H15 -> 26.3 | AF16: ='Rev (Tb12)'!I15 -> 25.8 | ... AQ16: ='Rev (Tb12)'!T15 -> 122.3
A17: Mining Levy | L17: 7.1 | M17: 108.5 | N17: 120.2 | O17: 105.9 | P17: 101.8 | Q17: 101.3 | R17: 73.1 | S17: 56.1 | T17: 56.6 | U17: 11.4
A18: Management Tax | Y18: ='Rev (Tb12)'!B16 -> 6.3 | Z18: ='Rev (Tb12)'!C16 -> 9.2 | AA18: ='Rev (Tb12)'!D16 -> 14.9 | AB18: ='Rev (Tb12)'!E16 -> 20.5 | AC18: ='Rev (Tb12)'!F16 -> 17.7 | AD18: ='Rev (Tb12)'!G16 -> 17.1 | AE18: ='Rev (Tb12)'!H16 -> 17.6 | AF18: ='Rev (Tb12)'!I16 -> 17.2 | ... AQ18: ='Rev (Tb12)'!T16 -> 83.9
A19: Dividend Withholding Tax Mining | Y19: ='Rev (Tb12)'!B18 -> 13.3 | Z19: ='Rev (Tb12)'!C18 -> 0 | AA19: ='Rev (Tb12)'!D18 -> 0 | AB19: 0 | AC19: ='Rev (Tb12)'!F18 -> 0 | AD19: ='Rev (Tb12)'!G18 -> 0 | AE19: ='Rev (Tb12)'!H18 -> 0 | AF19: ='Rev (Tb12)'!I18 -> 0 | AG19: ='Rev (Tb12)'!J18 -> 0 | AH19: ='Rev (Tb12)'!K18 -> 0 | AI19: ='Rev (Tb12)'!L18 -> 0 | AJ19: ='Rev (Tb12)'!M18 -> 0 | ... AQ19: ='Rev (Tb12)'!T18 -> 0
A20: Dividend Withholding Tax Non Mining | Y20: ='Rev (Tb12)'!B19 -> 163.2 | Z20: ='Rev (Tb12)'!C19 -> 244.5 | AA20: ='Rev (Tb12)'!D19 -> 186.1 | AB20: ='Rev (Tb12)'!E19 -> 168.9 | AC20: ='Rev (Tb12)'!F19 -> 132.6 | AD20: ='Rev (Tb12)'!G19 -> 181.7 | AE20: ='Rev (Tb12)'!H19 -> 154.6 | AF20: ='Rev (Tb12)'!I19 -> 215 | ... AQ20: ='Rev (Tb12)'!T19 -> 927.4
A21: Dividend Withholding Tax | B21: 9.3 | C21: 0 | D21: 15.9 | E21: 24.3 | F21: 24.1 | G21: 26.9 | H21: 27.9 | I21: 33.6 | J21: 34.1 | K21: 42.5 | L21: 47 | M21: 53.8 | N21: 57.9 | O21: 62.1 | P21: 117.2 | Q21: 123.2 | R21: 154.7 | S21: 200.9 | T21: 199.3 | U21: 189.9 | V21: 244.4 | W21: 278.8 | X21: 290.7 | Y21: 190.7 | Z21: 244.5 | AA21: 186.1 | AB21: 168.9
A22: Interest Withholding Tax | Y22: ='Rev (Tb12)'!B21 -> 67.4 | Z22: ='Rev (Tb12)'!C21 -> 38.5 | AA22: ='Rev (Tb12)'!D21 -> 43.1 | AB22: ='Rev (Tb12)'!E21 -> 66 | AC22: ='Rev (Tb12)'!F21 -> 78.7 | AD22: ='Rev (Tb12)'!G21 -> 91.4 | AE22: ='Rev (Tb12)'!H21 -> 110.8 | AF22: ='Rev (Tb12)'!I21 -> 128 | ... AQ22: ='Rev (Tb12)'!T21 -> 381.2
A23: Interest Withholding Tax | L23: 37 | M23: 64.2 | N23: 51.3 | O23: 21.9 | P23: 41.4 | Q23: 33.3 | R23: 17.9 | S23: 22.1 | T23: 19.3 | U23: 22 | V23: 32 | W23: 42.3 | X23: 40.4 | Y23: 67.4 | Z23: 38.5 | AA23: 42.9 | AB23: 66
A24: Gaming Tax | K24: 22.7 | L24: 49.6 | M24: 56.8 | N24: 51.7 | O24: 69 | P24: 55.3 | Q24: 78.6 | R24: 72.1 | S24: 92.4 | T24: 111.2 | U24: 99 | V24: 83.1 | W24: 91.7 | X24: 96.3 | Y24: 108.8 | Z24: 144.6 | AA24: 158.1 | AB24: 162.1
A25: Other: Direct | B25: 20 | C25: 27.1 | D25: 25 | E25: 26.5 | F25: 29.7 | G25: 33.6 | H25: 35.8 | I25: 37.3 | J25: 62.5 | K25: 67.8 | L25: 34.9 | M25: 58.8 | N25: 62.4 | O25: 73.9 | P25: 83.3 | Q25: 90.7 | R25: 91.9 | S25: 104 | T25: 97 | U25: 82.3 | V25: 103.9 | W25: 92.9 | X25: 111.3 | Y25: 133.9 | Z25: 118.1 | AA25: 208.5 | AB25: 211.7
A26: Sundry IRC Taxes & Income | Y26: ='Rev (Tb12)'!B23 -> 0.9 | Z26: ='Rev (Tb12)'!C23 -> 2 | AA26: ='Rev (Tb12)'!D23 -> 0.7 | AB26: ='Rev (Tb12)'!E23 -> 0.6 | AC26: ='Rev (Tb12)'!F23 -> 0.5 | AD26: ='Rev (Tb12)'!G23 -> 0.02 | AE26: ='Rev (Tb12)'!H23 -> 0 | AF26: ='Rev (Tb12)'!I23 -> 0 | ... AQ26: ='Rev (Tb12)'!T23 -> 0.7
A27: Tax related court fines | AF27: ='Rev (Tb12)'!I22 -> 14.6 | AG27: ='Rev (Tb12)'!J22 -> 12.6 | AH27: ='Rev (Tb12)'!K22 -> 0 | AI27: ='Rev (Tb12)'!L22 -> 0 | AJ27: ='Rev (Tb12)'!M22 -> 0 | AK27: ='Rev (Tb12)'!N22 -> 0 | AL27: ='Rev (Tb12)'!O22 -> 0 | AM27: ='Rev (Tb12)'!P22 -> 0 | ... AQ27: ='Rev (Tb12)'!T22 -> 0
A28: Taxes on Payroll and Workforce | Y28: ='Rev (Tb12)'!B25 -> 3.7 | Z28: ='Rev (Tb12)'!C25 -> 6.4 | AA28: ='Rev (Tb12)'!D25 -> 14.6 | AB28: ='Rev (Tb12)'!E25 -> 18 | AC28: ='Rev (Tb12)'!F25 -> 14.4 | AD28: ='Rev (Tb12)'!G25 -> 11.2 | AE28: ='Rev (Tb12)'!H25 -> 8.6 | AF28: ='Rev (Tb12)'!I25 -> 1.9 | ... AQ28: ='Rev (Tb12)'!T25 -> 3.3
A30: GST | Y30: ='Rev (Tb12)'!B31 -> 1092.1 | Z30: ='Rev (Tb12)'!C31 -> 1496.1 | AA30: ='Rev (Tb12)'!D31 -> 1668.8 | AB30: ='Rev (Tb12)'!E31 -> 1567 | AC30: ='Rev (Tb12)'!F31 -> 1442.6 | AD30: ='Rev (Tb12)'!G31 -> 1868.8 | AE30: ='Rev (Tb12)'!H31 -> 2067.1 | AF30: ='Rev (Tb12)'!I31 -> 2252.5 | ... AQ30: ='Rev (Tb12)'!T31 -> 6184.8
A31: GST | L31: 146 | M31: 218.2 | N31: 198.3 | O31: 289.6 | P31: 311.8 | Q31: 315.7 | R31: 326.2 | S31: 401.1 | T31: 557.5 | U31: 610.9 | V31: 703 | W31: 778.1 | X31: 525.5 | Y31: 1010 | Z31: 1217.2 | AA31: 1042 | AB31: 1214
A32: Stamp Duties | Y32: ='Rev (Tb12)'!B37 -> 70.2 | Z32: ='Rev (Tb12)'!C37 -> 67.3 | AA32: ='Rev (Tb12)'!D37 -> 137.3 | AB32: ='Rev (Tb12)'!E37 -> 126.1 | AC32: ='Rev (Tb12)'!F37 -> 79.2 | AD32: ='Rev (Tb12)'!G37 -> 42.4 | AE32: ='Rev (Tb12)'!H37 -> 100.3 | AF32: ='Rev (Tb12)'!I37 -> 46.6 | ... AQ32: ='Rev (Tb12)'!T37 -> 136.6
A33: Excise Duty | Y33: ='Rev (Tb12)'!B39 -> 560.5 | Z33: ='Rev (Tb12)'!C39 -> 541.9 | AA33: ='Rev (Tb12)'!D39 -> 638.6 | AB33: ='Rev (Tb12)'!E39 -> 503.3 | AC33: ='Rev (Tb12)'!F39 -> 603.7 | AD33: ='Rev (Tb12)'!G39 -> 757.3 | AE33: ='Rev (Tb12)'!H39 -> 774 | AF33: ='Rev (Tb12)'!I39 -> 1061 | AG33: ='Rev (Tb12)'!J40 -> 257.6 | AH33: ='Rev (Tb12)'!K39 -> 998.3 | AI33: ='Rev (Tb12)'!L39 -> 1157.2 | AJ33: ='Rev (Tb12)'!M39 -> 896.5 | AK33: ='Rev (Tb12)'!N39 -> 1205.2 | AL33: ='Rev (Tb12)'!O39 -> 1328.7 | AM33: ='Rev (Tb12)'!P39 -> 1467.4 | AN33: ='Rev (Tb12)'!Q39 -> 1726.6 | AO33: ='Rev (Tb12)'!R39 -> 2021.7 | ... AQ33: ='Rev (Tb12)'!T39 -> 2639.3
A34: Excise | B34: 82.5 | C34: 90 | D34: 79.2 | E34: 93 | F34: 92.8 | G34: 103.9 | H34: 103 | I34: 114.9 | J34: 148.6 | K34: 152.2 | L34: 141.3 | M34: 175.4 | N34: 186.5 | O34: 178.8 | P34: 174.7 | Q34: 203.1 | R34: 255.9 | S34: 324.1 | T34: 342 | U34: 365.5 | V34: 354.7 | W34: 399.2 | X34: 509.6 | Y34: 560.5 | Z34: 541.9 | AA34: 636.6 | AB34: 503.3
A35: Import Excise | Y35: ='Rev (Tb12)'!B40 -> 294.8 | Z35: ='Rev (Tb12)'!C40 -> 272.5 | AA35: ='Rev (Tb12)'!D40 -> 250.6 | AB35: ='Rev (Tb12)'!E40 -> 298.7 | AC35: ='Rev (Tb12)'!F40 -> 272.2 | AD35: ='Rev (Tb12)'!G40 -> 347.8 | AE35: ='Rev (Tb12)'!H40 -> 300.8 | AF35: ='Rev (Tb12)'!I40 -> 299.7 | ... AQ35: ='Rev (Tb12)'!T40 -> 1233.4
A36: Excise Duty on Imports | L36: 37.2 | M36: 118.9 | N36: 108.4 | O36: 117 | P36: 109.8 | Q36: 123.3 | R36: 78.5 | S36: 84 | T36: 113.1 | U36: 126 | V36: 139.2 | W36: 211.3 | X36: 227.4 | Y36: 294.8 | Z36: 272.5 | AA36: 250.6 | AB36: 298.7
A37: Bookmakers Turnover Tax | Y37: ='Rev (Tb12)'!B43 -> 9.5 | Z37: ='Rev (Tb12)'!C43 -> 8.8 | AA37: ='Rev (Tb12)'!D43 -> 12.8 | AB37: ='Rev (Tb12)'!E43 -> 9.4 | AC37: ='Rev (Tb12)'!F43 -> 7.8 | AD37: ='Rev (Tb12)'!G43 -> 36 | AE37: ='Rev (Tb12)'!H43 -> 20.4 | AF37: ='Rev (Tb12)'!I43 -> 17.2 | ... AQ37: ='Rev (Tb12)'!T43 -> 82.6
A38: Gaming Machine Turnover Tax | Y38: ='Rev (Tb12)'!B44 -> 133.9 | Z38: ='Rev (Tb12)'!C44 -> 144.6 | AA38: ='Rev (Tb12)'!D44 -> 158.1 | AB38: ='Rev (Tb12)'!E44 -> 162.1 | AC38: ='Rev (Tb12)'!F44 -> 163.5 | AD38: ='Rev (Tb12)'!G44 -> 178.7 | AE38: ='Rev (Tb12)'!H44 -> 205.1 | AF38: ='Rev (Tb12)'!I44 -> 227.2 | ... AQ38: ='Rev (Tb12)'!T44 -> 627.5
A39: Departure Tax | Y39: ='Rev (Tb12)'!B45 -> 6.5 | Z39: ='Rev (Tb12)'!C45 -> 5.9 | AA39: ='Rev (Tb12)'!D45 -> 5.8 | AB39: ='Rev (Tb12)'!E45 -> 6.2 | AC39: ='Rev (Tb12)'!F45 -> 4.4 | AD39: ='Rev (Tb12)'!G45 -> 14.2 | AE39: ='Rev (Tb12)'!H45 -> 22.6 | AF39: ='Rev (Tb12)'!I45 -> 28.6 | ... AQ39: ='Rev (Tb12)'!T45 -> 3.6
A40: Motor vehicles taxes | Y40: ='Rev (Tb12)'!B47 -> 6.7 | Z40: ='Rev (Tb12)'!C47 -> 7.3 | AA40: ='Rev (Tb12)'!D47 -> 8.2 | AB40: ='Rev (Tb12)'!E47 -> 5.7 | AC40: ='Rev (Tb12)'!F47 -> 6.8 | AD40: ='Rev (Tb12)'!G47 -> 6.4 | AE40: ='Rev (Tb12)'!H47 -> 2.2 | AF40: ='Rev (Tb12)'!I47 -> 0 | ... AQ40: ='Rev (Tb12)'!T47 -> 8.9
A41: Other taxes on use of goods and on permission to use goods or perform activities | Y41: ='Rev (Tb12)'!B48 -> 3.9 | Z41: ='Rev (Tb12)'!C48 -> 5 | AA41: ='Rev (Tb12)'!D48 -> 1 | AB41: ='Rev (Tb12)'!E48 -> 1.1 | AC41: ='Rev (Tb12)'!F48 -> 0.8 | AD41: ='Rev (Tb12)'!G48 -> 5.8 | AE41: ='Rev (Tb12)'!H48 -> 1.8 | AF41: ='Rev (Tb12)'!I48 -> 0 | ... AQ41: ='Rev (Tb12)'!T48 -> 2.1
A42: Other taxes on goods and services | Y42: ='Rev (Tb12)'!B60 -> 5 | Z42: ='Rev (Tb12)'!C60 -> - | AA42: ='Rev (Tb12)'!D60 -> 2.5 | AB42: ='Rev (Tb12)'!E60 -> 0.4 | AC42: ='Rev (Tb12)'!F60 -> 3.1 | AD42: ='Rev (Tb12)'!G60 -> 2.7 | AE42: ='Rev (Tb12)'!H60 -> 44.3 | AF42: ='Rev (Tb12)'!I60 -> 1.2 | ... AQ42: ='Rev (Tb12)'!T60 -> 16
A44: Import Duty | Y44: ='Rev (Tb12)'!B64 -> 223 | Z44: ='Rev (Tb12)'!C64 -> 257.2 | AA44: ='Rev (Tb12)'!D64 -> 273.2 | AB44: ='Rev (Tb12)'!E64 -> 243.4 | AC44: ='Rev (Tb12)'!F64 -> 242.9 | AD44: ='Rev (Tb12)'!G64 -> 246.4 | AE44: ='Rev (Tb12)'!H64 -> 325.3 | AF44: ='Rev (Tb12)'!I64 -> 409.4 | ... AQ44: ='Rev (Tb12)'!T64 -> 1201.8
A45: Import Duty | B45: 204.1 | C45: 181 | D45: 189.5 | E45: 197.9 | F45: 197.8 | G45: 247.1 | H45: 293.8 | I45: 341.2 | J45: 372 | K45: 397.8 | L45: 281.5 | M45: 88.8 | N45: 73.2 | O45: 79.5 | P45: 73.7 | Q45: 151.1 | R45: 101.1 | S45: 90.4 | T45: 135.9 | U45: 158 | V45: 143.7 | W45: 188.6 | X45: 281.3 | Y45: 223 | Z45: 257.2 | AA45: 273.2 | AB45: 243.4
A46: Other Import Taxes | Y46: ='Rev (Tb12)'!B65 -> - | Z46: ='Rev (Tb12)'!C65 -> 6.7 | AA46: ='Rev (Tb12)'!D65 -> 7.3 | AB46: ='Rev (Tb12)'!E65 -> 5.7 | AC46: ='Rev (Tb12)'!F65 -> 0 | AD46: ='Rev (Tb12)'!G65 -> 14 | AE46: ='Rev (Tb12)'!H65 -> 93 | AF46: ='Rev (Tb12)'!I65 -> 101.8 | ... AQ46: ='Rev (Tb12)'!T65 -> 0
A47: Other Indirect | B47: 0.5 | C47: 0.1 | D47: 0.1 | E47: 0.3 | F47: 1.1 | G47: 0.4 | H47: 0.3 | I47: 1.4 | J47: 0.3 | K47: 0.3 | L47: 0.7 | M47: 1.7 | N47: 0.6 | O47: 1.4 | P47: 7.8 | Q47: 0.7 | R47: 2.1 | S47: 30 | T47: 24 | U47: 4.9 | V47: 5.5 | W47: 15.8 | X47: 5.7 | Y47: 5 | Z47: 6.7 | AA47: 9.8 | AB47: 6.1
A48: Export Tax | Y48: ='Rev (Tb12)'!B68 -> 179.9 | Z48: ='Rev (Tb12)'!C68 -> 211.7 | AA48: ='Rev (Tb12)'!D68 -> 274.5 | AB48: ='Rev (Tb12)'!E68 -> 316.2 | AC48: ='Rev (Tb12)'!F68 -> 294 | AD48: ='Rev (Tb12)'!G68 -> 297.3 | AE48: ='Rev (Tb12)'!H68 -> 392.4 | AF48: ='Rev (Tb12)'!I68 -> 398.1 | ... AQ48: ='Rev (Tb12)'!T68 -> 518.8
A49: Export Duty | B49: 11.9 | C49: 12.7 | D49: 18.4 | E49: 26.1 | F49: 73.9 | G49: 136.8 | H49: 132.9 | I49: 157.2 | J49: 149.4 | K49: 40.1 | L49: 78.9 | M49: 133.8 | N49: 98.1 | O49: 106.7 | P49: 111.8 | Q49: 101.5 | R49: 136.3 | S49: 162.6 | T49: 155.2 | U49: 126.8 | V49: 108.7 | W49: 173.6 | X49: 210.6 | Y49: 179.9 | Z49: 211.7 | AA49: 274.5 | AB49: 316.2
A52: OTHER REVENUE | Y52: ='Rev (Tb12)'!B86 -> 269.1 | Z52: ='Rev (Tb12)'!C86 -> 140.3 | AA52: ='Rev (Tb12)'!D86 -> 775.3 | AB52: ='Rev (Tb12)'!E86 -> 1026 | AC52: ='Rev (Tb12)'!F86 -> 633.9 | AD52: ='Rev (Tb12)'!G86 -> 943.8 | AE52: ='Rev (Tb12)'!H86 -> 1773.6 | AF52: ='Rev (Tb12)'!I86 -> 986.8 | ... AQ52: ='Rev (Tb12)'!T86 -> 5839
A53: NON TAX REVENUE | B53: 135 | C53: 158 | D53: 187.2 | E53: 166.8 | F53: 149.1 | G53: 162.7 | H53: 277.6 | I53: 201.3 | J53: 215.1 | K53: 279.6 | L53: 171.2 | M53: 144.5 | N53: 171.5 | O53: 169.9 | P53: 239.2 | Q53: 245.1 | R53: 279.4 | S53: 428.8 | T53: 433 | U53: 282.6 | V53: 765.8 | W53: 435.1 | X53: 350.3 | Y53: 423.2 | Z53: 273.9 | AA53: 900.9 | AB53: 1126.9
A54: Property Income | Y54: ='Rev (Tb12)'!B87 -> 196 | Z54: ='Rev (Tb12)'!C87 -> 75.4 | AA54: ='Rev (Tb12)'!D87 -> 696 | AB54: ='Rev (Tb12)'!E87 -> 943.1 | AC54: ='Rev (Tb12)'!F87 -> 551.3 | AD54: ='Rev (Tb12)'!G87 -> 860.9 | AE54: ='Rev (Tb12)'!H87 -> 1063.6 | AF54: ='Rev (Tb12)'!I87 -> 529.5 | ... AQ54: ='Rev (Tb12)'!T87 -> 3964.1
A55: Dividends | Y55: ='Rev (Tb12)'!B89 -> 172.3 | Z55: ='Rev (Tb12)'!C89 -> 55 | AA55: ='Rev (Tb12)'!D89 -> 665.8 | AB55: ='Rev (Tb12)'!E89 -> 911.4 | AC55: ='Rev (Tb12)'!F89 -> 528.9 | AD55: ='Rev (Tb12)'!G89 -> 562.3 | AE55: ='Rev (Tb12)'!H89 -> 653.5 | AF55: ='Rev (Tb12)'!I89 -> 501.2 | ... AQ55: ='Rev (Tb12)'!T89 -> 3520.6
A56: Mining Petroleum and Gas Dividends | Y56: ='Rev (Tb12)'!B90 -> 122.3 | Z56: ='Rev (Tb12)'!C90 -> 0 | AA56: ='Rev (Tb12)'!D90 -> 507.2 | AB56: ='Rev (Tb12)'!E90 -> 456.4 | AC56: ='Rev (Tb12)'!F90 -> 300.5 | AD56: ='Rev (Tb12)'!G90 -> 279.3 | AE56: ='Rev (Tb12)'!H90 -> 380 | AF56: ='Rev (Tb12)'!I90 -> 381.2 | ... AQ56: ='Rev (Tb12)'!T90 -> 3170.6
A57: Dividends from Statutory Authorites | Y57: ='Rev (Tb12)'!B91 -> 50 | Z57: ='Rev (Tb12)'!C91 -> 55 | AA57: ='Rev (Tb12)'!D91 -> 152 | AB57: ='Rev (Tb12)'!E91 -> 85 | AC57: ='Rev (Tb12)'!F91 -> 228.4 | AD57: ='Rev (Tb12)'!G91 -> 0 | AE57: ='Rev (Tb12)'!H91 -> 0 | AF57: ='Rev (Tb12)'!I91 -> 120 | ... AQ57: ='Rev (Tb12)'!T91 -> 0
A58: Shares in Private Enterprise | Y58: ='Rev (Tb12)'!B92 -> 0 | Z58: ='Rev (Tb12)'!C92 -> 0 | AA58: ='Rev (Tb12)'!D92 -> 6.6 | AB58: ='Rev (Tb12)'!E92 -> 0 | AC58: ='Rev (Tb12)'!F92 -> 0 | AD58: ='Rev (Tb12)'!G92 -> 0 | AE58: ='Rev (Tb12)'!H92 -> 0 | AF58: ='Rev (Tb12)'!I92 -> 0 | ... AQ58: ='Rev (Tb12)'!T92 -> 0
A59: Dividends from State Owned Enterprises | Y59: ='Rev (Tb12)'!B93 -> 0 | Z59: ='Rev (Tb12)'!C93 -> 0 | AA59: ='Rev (Tb12)'!D93 -> 0 | AB59: ='Rev (Tb12)'!E93 -> 370 | AC59: ='Rev (Tb12)'!F93 -> 0 | AD59: ='Rev (Tb12)'!G93 -> 19.3 | AE59: ='Rev (Tb12)'!H93 -> 30.1 | AF59: ='Rev (Tb12)'!I93 -> 0 | ... AQ59: ='Rev (Tb12)'!T93 -> 350
A60: Property income | B60: 68.5 | C60: 83.2 | D60: 99 | E60: 82.8 | F60: 74.8 | G60: 88.7 | H60: 165 | I60: 116.3 | J60: 102.7 | K60: 149.3 | L60: 84.1 | M60: 26.8 | N60: 97.9 | O60: 74.4 | P60: 159.7 | Q60: 164.7 | R60: 188.2 | S60: 339.3 | T60: 312.7 | U60: 188 | V60: 138 | W60: 339.2 | X60: 239.7 | Y60: 172.3 | Z60: 55 | AA60: 665.8 | AB60: 911.4
A61: Dividends | B61: 35.8 | C61: 62.4 | D61: 67.8 | E61: 64.4 | F61: 50.1 | G61: 30.6 | H61: 47.9 | I61: 37.2 | J61: 41.9 | K61: 33.4 | L61: 46.38 | M61: 26.8 | N61: 55.6 | O61: 64 | P61: 85.7 | Q61: 105 | R61: 50 | S61: 68.1 | T61: 87 | U61: 25.5 | V61: 0 | W61: 40.3 | X61: 49 | Y61: 50 | Z61: 55 | AA61: 152 | AB61: 455
A62: Other | B62: 12.4 | C62: 15.2 | D62: 18 | E62: 2.6 | F62: 11 | G62: 48.6 | H62: 92 | I62: 60.3 | K62: 50 | W62: - | X62: - | Y62: - | Z62: - | AA62: - | AB62: -
A63: Mining and Petroleum Dividends | B63: 11.5 | D63: 5.8 | E63: 7.1 | F63: 7.7 | G63: 4.4 | H63: 0 | I63: 0 | J63: 17.3 | L63: 22.1 | N63: 42.3 | O63: 10.4 | P63: 74 | Q63: 59.7 | R63: 138.2 | S63: 271.2 | T63: 225.7 | U63: 162.5 | V63: 138 | W63: 298.9 | X63: 190.7 | Y63: 122.3 | Z63: - | AA63: 513.8 | AB63: 456.4
A64: MRSF/SWF transfer (Other) | B64: 8.8 | C64: 5.6 | D64: 7.5 | E64: 8.7 | F64: 5.9 | G64: 5.1 | H64: 25.1 | I64: 18.8 | J64: 43.5 | K64: 13.7
A65: Interest and fees from lending | B65: 6.5 | C65: 21.1 | D65: 20.1 | E65: 20.3 | F65: 9.9 | G65: 4.8 | H65: 3.5 | I65: 3 | J65: 1.6 | K65: 3 | L65: 2.6 | M65: 3 | N65: 1.1 | O65: 1.3 | P65: 4.3 | Q65: 2.8 | R65: 0.5 | S65: 0.6 | T65: 0.5 | U65: 1.2 | V65: 6.9 | W65: 1.3 | X65: 12.8 | Y65: 0.1 | Z65: - | AA65: - | AB65: 0.1
A66: Rent | Y66: ='Rev (Tb12)'!B94 -> 23.6 | Z66: ='Rev (Tb12)'!C94 -> 20.4 | AA66: ='Rev (Tb12)'!D94 -> 30.2 | AB66: ='Rev (Tb12)'!E94 -> 31.7 | AC66: ='Rev (Tb12)'!F94 -> 22.4 | AD66: ='Rev (Tb12)'!G94 -> 16.3 | AE66: ='Rev (Tb12)'!H94 -> 23.4 | AF66: ='Rev (Tb12)'!I94 -> 28.2 | ... AQ66: ='Rev (Tb12)'!T94 -> 150.9
A67: Sales of goods and services | Y67: ='Rev (Tb12)'!B98 -> 50.8 | Z67: ='Rev (Tb12)'!C98 -> 41.6 | AA67: ='Rev (Tb12)'!D98 -> 75 | AB67: ='Rev (Tb12)'!E98 -> 65.6 | AC67: ='Rev (Tb12)'!F98 -> 63.5 | AD67: ='Rev (Tb12)'!G98 -> 62.8 | AE67: ='Rev (Tb12)'!H98 -> 32.2 | AF67: ='Rev (Tb12)'!I98 -> 37.3 | ... AQ67: ='Rev (Tb12)'!T98 -> 32.8
A68: Administrative fees | Y68: ='Rev (Tb12)'!B99 -> 31.4 | Z68: ='Rev (Tb12)'!C99 -> 32.8 | AA68: ='Rev (Tb12)'!D99 -> 31 | AB68: ='Rev (Tb12)'!E99 -> 25.3 | AC68: ='Rev (Tb12)'!F99 -> 28.7 | AD68: ='Rev (Tb12)'!G99 -> 22.9 | AE68: ='Rev (Tb12)'!H99 -> 8.2 | AF68: ='Rev (Tb12)'!I99 -> 14.2 | ... AQ68: ='Rev (Tb12)'!T99 -> 12.2
A69: Incidental sales by nonmarket establishments | Y69: ='Rev (Tb12)'!B100 -> 19.5 | Z69: ='Rev (Tb12)'!C100 -> 8.8 | AA69: ='Rev (Tb12)'!D100 -> 44.1 | AB69: ='Rev (Tb12)'!E100 -> 40.3 | AC69: ='Rev (Tb12)'!F100 -> 34.9 | AD69: ='Rev (Tb12)'!G100 -> 39.9 | AE69: ='Rev (Tb12)'!H100 -> 24 | AF69: ='Rev (Tb12)'!I100 -> 23 | ... AQ69: ='Rev (Tb12)'!T100 -> 20.6
A70: Fines, penalties, and forfeits | Y70: ='Rev (Tb12)'!B101 -> 0.3 | Z70: ='Rev (Tb12)'!C101 -> 2.4 | AA70: ='Rev (Tb12)'!D101 -> 1.9 | AB70: ='Rev (Tb12)'!E101 -> 2.8 | AC70: ='Rev (Tb12)'!F101 -> 1.8 | AD70: ='Rev (Tb12)'!G101 -> 1.6 | AE70: ='Rev (Tb12)'!H101 -> 1.9 | AF70: ='Rev (Tb12)'!I101 -> 1.8 | ... AQ70: ='Rev (Tb12)'!T101 -> 2.2
A71: Transfers not elsewhere classified | Y71: ='Rev (Tb12)'!B102 -> 21.9 | Z71: ='Rev (Tb12)'!C102 -> 20.8 | AA71: ='Rev (Tb12)'!D102 -> 2.5 | AB71: ='Rev (Tb12)'!E102 -> 14.4 | AC71: ='Rev (Tb12)'!F102 -> 17.2 | AD71: ='Rev (Tb12)'!G102 -> 18.5 | AE71: ='Rev (Tb12)'!H102 -> 675.9 | AF71: ='Rev (Tb12)'!I102 -> 418.2 | ... AQ71: ='Rev (Tb12)'!T102 -> 1839.9
A72: Payroll commission | AC72: ='Rev (Tb12)'!F105 -> 15.1 | AD72: ='Rev (Tb12)'!G105 -> 17.4 | AE72: ='Rev (Tb12)'!H105 -> 21.3 | AF72: ='Rev (Tb12)'!I105 -> 13.2 | AG72: ='Rev (Tb12)'!J105 -> 28 | AH72: ='Rev (Tb12)'!K105 -> 28.2 | AI72: ='Rev (Tb12)'!L105 -> 31.1 | AJ72: ='Rev (Tb12)'!M105 -> 25.4 | ... AQ72: ='Rev (Tb12)'!T105 -> 75.7
A73: State services and statutory authority | AC73: ='Rev (Tb12)'!F107 -> 0.1 | AD73: ='Rev (Tb12)'!G107 -> 0.3 | AE73: ='Rev (Tb12)'!H107 -> 655 | AF73: ='Rev (Tb12)'!I107 -> 405 | AG73: ='Rev (Tb12)'!J107 -> 85 | AH73: ='Rev (Tb12)'!K107 -> 50 | AI73: ='Rev (Tb12)'!L107 -> 54.3 | AJ73: ='Rev (Tb12)'!M107 -> 452.9 | ... AQ73: ='Rev (Tb12)'!T107 -> 1124.5
A74: SWF
A75: Other non-tax revenue | B75: 34 | C75: 62.7 | D75: 68.1 | E75: 63.7 | F75: 64.4 | G75: 69.2 | H75: 109.1 | I75: 82 | J75: 110.8 | K75: 127.3 | L75: 70.3 | M75: 114.7 | N75: 72.5 | O75: 72.2 | P75: 75.2 | Q75: 77.6 | R75: 90.7 | S75: 88.9 | T75: 119.8 | U75: 93.4 | V75: 99.9 | W75: 94.6 | X75: 97.8 | Y75: 106.4 | Z75: 218.9 | AA75: 235.1 | AB75: 215.4
A76: AIA | B76: 26
A77: Asset sales | L77: 14.2 | O77: 22 | Z77: - | AA77: - | AB77: -
A78: Injections from trust accounts | V78: 521 | Y78: 144.4 | Z78: - | AA78: - | AB78: -
A80: TOTAL REVENUE | B80: 824.2 | C80: 749.6 | D80: 811.4 | E80: 929.2 | F80: 1127 | G80: 1286.9 | H80: 1484.8 | I80: 1727.6 | J80: =J53+J9 -> 1889.7 | K80: =K53+K9 -> 1882.6 | L80: =L53+L9 -> 2091.9 | M80: =M53+M9 -> 2459.4 | N80: =N53+N9 -> 2465.8 | O80: =O53+O9 -> 2539.8 | P80: =P53+P9 -> 2917.1 | Q80: =Q53+Q9 -> 3465.2 | ... AB80: =AB53+AB9 -> 9924.5
A82: GRANTS | Y82: ='Rev (Tb12)'!B70 -> 930.8 | Z82: ='Rev (Tb12)'!C70 -> 877.5 | AA82: ='Rev (Tb12)'!D70 -> 867.5 | AB82: ='Rev (Tb12)'!E70 -> 819.5 | AC82: ='Rev (Tb12)'!F70 -> 1430.1 | AD82: ='Rev (Tb12)'!G70 -> 1439.9 | AE82: ='Rev (Tb12)'!H70 -> 1835.7 | AF82: ='Rev (Tb12)'!I70 -> 1775.6 | ... AQ82: ='Rev (Tb12)'!T70 -> 2143
A83: GRANTS | B83: 189.7 | C83: 239.2 | D83: 214.8 | E83: 196.3 | F83: 181.6 | G83: 164.8 | H83: 236.7 | I83: 170.1 | J83: 312 | K83: 470.3 | L83: 477.1 | M83: 516.4 | N83: 719 | O83: =O84+O85 -> 691.4 | P83: 693 | Q83: 849.7 | R83: 1283.1 | S83: 914.6 | T83: 721 | U83: 1002 | V83: 877.5 | W83: 1391.1 | X83: 1025 | Y83: 930.8 | Z83: 877.5 | AA83: 867.5 | AB83: 819.5
A84: Budgetary Support | B84: 186.4 | C84: 215 | D84: 203.8 | E84: 185.4 | F84: 169.1 | G84: 161.3 | H84: 183.7 | I84: 164.5 | J84: 133 | K84: 113.5 | L84: 125.8 | M84: 25.4 | N84: 16 | O84: 20.9 | P84: - | Q84: - | R84: - | S84: - | T84: - | U84: - | V84: - | W84: - | X84: - | Y84: - | Z84: - | AA84: - | AB84: -
A85: Project Support Grants | B85: 3.3 | C85: 24.2 | D85: 11 | E85: 10.9 | F85: 12.5 | G85: 3.5 | H85: 53 | I85: 5.6 | J85: 179 | K85: 356.8 | L85: 351.3 | M85: 491 | N85: 703 | O85: 670.5 | P85: 693 | Q85: 849.7 | R85: 1283.1 | S85: 914.6 | T85: 721 | U85: 1002 | V85: 877.5 | W85: 1391.1 | X85: 1025 | Y85: 930.8 | Z85: 877.5 | AA85: 867.5 | AB85: 819.5
A86: From Foreign Governments | Y86: ='Rev (Tb12)'!B71 -> 823.3 | Z86: ='Rev (Tb12)'!C71 -> 776.2 | AA86: ='Rev (Tb12)'!D71 -> 767.3 | AB86: ='Rev (Tb12)'!E71 -> 778.8 | AC86: ='Rev (Tb12)'!F71 -> 1261.4 | AD86: ='Rev (Tb12)'!G71 -> 1281.9 | AE86: ='Rev (Tb12)'!H71 -> 1562.4 | AF86: ='Rev (Tb12)'!I71 -> 1408.5 | ... AQ86: ='Rev (Tb12)'!T71 -> 1654
A87: Current | Y87: ='Rev (Tb12)'!B72 -> 453.2 | Z87: ='Rev (Tb12)'!C72 -> 427.2 | AA87: ='Rev (Tb12)'!D72 -> 422.3 | AB87: ='Rev (Tb12)'!E72 -> 505 | AC87: ='Rev (Tb12)'!F72 -> 1207.1 | AD87: ='Rev (Tb12)'!G71 -> 1281.9 | AE87: ='Rev (Tb12)'!H71 -> 1562.4 | AF87: ='Rev (Tb12)'!I71 -> 1408.5 | AG87: ='Rev (Tb12)'!J71 -> 908.1 | AH87: ='Rev (Tb12)'!K71 -> 1630.6 | AI87: ='Rev (Tb12)'!L71 -> 1060.3 | AJ87: ='Rev (Tb12)'!M71 -> 892.1 | AK87: ='Rev (Tb12)'!N71 -> 757.9 | ... AQ87: ='Rev (Tb12)'!T71 -> 1654
A88: Cash | Y88: ='Rev (Tb12)'!B73 -> 10.2 | Z88: ='Rev (Tb12)'!C73 -> 9.6 | AA88: ='Rev (Tb12)'!D73 -> 9.5 | AB88: ='Rev (Tb12)'!E73 -> 0 | AC88: ='Rev (Tb12)'!F73 -> 0 | AD88: ='Rev (Tb12)'!G72 -> 1025.5 | AE88: ='Rev (Tb12)'!H72 -> 1249.9 | AF88: ='Rev (Tb12)'!I72 -> 1126.8 | AG88: ='Rev (Tb12)'!J72 -> 726.5 | AH88: ='Rev (Tb12)'!K73 -> 225.6 | AI88: ='Rev (Tb12)'!L73 -> 0 | AJ88: ='Rev (Tb12)'!M72 -> 713.7 | AK88: ='Rev (Tb12)'!N72 -> 606.4 | AL88: ='Rev (Tb12)'!O72 -> 843 | AM88: ='Rev (Tb12)'!P72 -> 1162.8 | AN88: ='Rev (Tb12)'!Q72 -> 1203.2 | AO88: ='Rev (Tb12)'!R72 -> 1243.2 | AP88: ='Rev (Tb12)'!S72 -> 1283.2 | AQ88: ='Rev (Tb12)'!T72 -> 1323.2
A89: In-Kind | Y89: ='Rev (Tb12)'!B74 -> 442.9 | Z89: ='Rev (Tb12)'!C74 -> 417.6 | AA89: ='Rev (Tb12)'!D74 -> 412.8 | AB89: ='Rev (Tb12)'!E74 -> 505 | AC89: ='Rev (Tb12)'!F74 -> 1207.1 | AD89: ='Rev (Tb12)'!G73 -> 0 | AE89: ='Rev (Tb12)'!H73 -> 0 | AF89: ='Rev (Tb12)'!I73 -> 0 | AG89: ='Rev (Tb12)'!J73 -> 0 | AH89: ='Rev (Tb12)'!K73 -> 225.6 | AI89: ='Rev (Tb12)'!L73 -> 0 | AJ89: ='Rev (Tb12)'!M73 -> 0 | AK89: ='Rev (Tb12)'!N73 -> 0 | ... AQ89: ='Rev (Tb12)'!T73 -> 26.5
A90: Capital | Y90: ='Rev (Tb12)'!B75 -> 370.2 | Z90: ='Rev (Tb12)'!C75 -> 349 | AA90: ='Rev (Tb12)'!D75 -> 345 | AB90: ='Rev (Tb12)'!E75 -> 273.8 | AC90: ='Rev (Tb12)'!F75 -> 54.3 | AD90: ='Rev (Tb12)'!G74 -> 1025.5 | AE90: ='Rev (Tb12)'!H74 -> 1249.9 | AF90: ='Rev (Tb12)'!I74 -> 1126.8 | AG90: ='Rev (Tb12)'!J74 -> 726.5 | AH90: ='Rev (Tb12)'!K74 -> 1124 | AI90: ='Rev (Tb12)'!L74 -> 848.3 | AJ90: ='Rev (Tb12)'!M74 -> 713.7 | AK90: ='Rev (Tb12)'!N74 -> 606.4 | ... AQ90: ='Rev (Tb12)'!T74 -> 1296.7
A91: Cash | Y91: ='Rev (Tb12)'!B76 -> 20.7 | Z91: ='Rev (Tb12)'!C76 -> 19.5 | AA91: ='Rev (Tb12)'!D76 -> 19.3 | AB91: ='Rev (Tb12)'!E76 -> 0 | AC91: ='Rev (Tb12)'!F76 -> 0 | AD91: ='Rev (Tb12)'!G75 -> 256.4 | AE91: ='Rev (Tb12)'!H75 -> 312.5 | AF91: ='Rev (Tb12)'!I75 -> 281.7 | AG91: ='Rev (Tb12)'!J75 -> 181.6 | AH91: ='Rev (Tb12)'!K75 -> 281 | AI91: ='Rev (Tb12)'!L75 -> 212.1 | AJ91: ='Rev (Tb12)'!M75 -> 178.4 | AK91: ='Rev (Tb12)'!N75 -> 151.6 | ... AQ91: ='Rev (Tb12)'!T75 -> 330.8
A92: In-Kind | Y92: ='Rev (Tb12)'!B77 -> 349.5 | Z92: ='Rev (Tb12)'!C77 -> 329.5 | AA92: ='Rev (Tb12)'!D77 -> 325.7 | AB92: ='Rev (Tb12)'!E77 -> 273.8 | AC92: ='Rev (Tb12)'!F77 -> 54.3 | AD92: ='Rev (Tb12)'!G76 -> 0 | AE92: ='Rev (Tb12)'!H76 -> 0 | AF92: ='Rev (Tb12)'!I76 -> 0 | AG92: ='Rev (Tb12)'!J76 -> 0 | AH92: ='Rev (Tb12)'!K76 -> 0 | AI92: ='Rev (Tb12)'!L76 -> 0 | AJ92: ='Rev (Tb12)'!M76 -> 0 | AK92: ='Rev (Tb12)'!N76 -> 0 | ... AQ92: ='Rev (Tb12)'!T76 -> 0
A93: From International Organizations | Y93: ='Rev (Tb12)'!B78 -> 107.5 | Z93: ='Rev (Tb12)'!C78 -> 101.3 | AA93: ='Rev (Tb12)'!D78 -> 100.2 | AB93: ='Rev (Tb12)'!E78 -> 40.7 | AC93: ='Rev (Tb12)'!F78 -> 168.7 | AD93: ='Rev (Tb12)'!G77 -> 256.4 | AE93: ='Rev (Tb12)'!H77 -> 312.5 | AF93: ='Rev (Tb12)'!I77 -> 281.7 | AG93: ='Rev (Tb12)'!J77 -> 181.6 | AH93: ='Rev (Tb12)'!K77 -> 281 | AI93: ='Rev (Tb12)'!L77 -> 212.1 | AJ93: ='Rev (Tb12)'!M77 -> 178.4 | AK93: ='Rev (Tb12)'!N77 -> 151.6 | ... AQ93: ='Rev (Tb12)'!T77 -> 330.8
A94: Current | Y94: ='Rev (Tb12)'!B79 -> 98.6 | Z94: ='Rev (Tb12)'!C79 -> 92.9 | AA94: ='Rev (Tb12)'!D79 -> 91.9 | AB94: ='Rev (Tb12)'!E79 -> 22.4 | AC94: ='Rev (Tb12)'!F79 -> 147 | AD94: ='Rev (Tb12)'!G78 -> 158 | AE94: ='Rev (Tb12)'!H78 -> 273.3 | AF94: ='Rev (Tb12)'!I78 -> 367.1 | AG94: ='Rev (Tb12)'!J78 -> 516.9 | AH94: ='Rev (Tb12)'!K78 -> 457.4 | AI94: ='Rev (Tb12)'!L78 -> 411.8 | AJ94: ='Rev (Tb12)'!M78 -> 266.6 | AK94: ='Rev (Tb12)'!N78 -> 422.7 | ... AQ94: ='Rev (Tb12)'!T78 -> 489
A95: Cash | Y95: ='Rev (Tb12)'!B80 -> 43.5 | Z95: ='Rev (Tb12)'!C80 -> 41 | AA95: ='Rev (Tb12)'!D80 -> 40.6 | AB95: ='Rev (Tb12)'!E80 -> 0.9 | AC95: ='Rev (Tb12)'!F80 -> 0 | AD95: ='Rev (Tb12)'!G79 -> 126.4 | AE95: ='Rev (Tb12)'!H79 -> 218.6 | AF95: ='Rev (Tb12)'!I79 -> 293.7 | AG95: ='Rev (Tb12)'!J79 -> 413.5 | AH95: ='Rev (Tb12)'!K79 -> 365.9 | AI95: ='Rev (Tb12)'!L79 -> 329.4 | AJ95: ='Rev (Tb12)'!M79 -> 213.3 | AK95: ='Rev (Tb12)'!N79 -> 338.1 | ... AQ95: ='Rev (Tb12)'!T79 -> 391.2
A96: In-Kind | Y96: ='Rev (Tb12)'!B81 -> 55 | Z96: ='Rev (Tb12)'!C81 -> 51.9 | AA96: ='Rev (Tb12)'!D81 -> 51.3 | AB96: ='Rev (Tb12)'!E81 -> 21.5 | AC96: ='Rev (Tb12)'!F81 -> 147 | AD96: ='Rev (Tb12)'!G80 -> 0 | AE96: ='Rev (Tb12)'!H80 -> 0 | AF96: ='Rev (Tb12)'!I80 -> 0 | AG96: ='Rev (Tb12)'!J80 -> 0 | AH96: ='Rev (Tb12)'!K80 -> 0 | AI96: ='Rev (Tb12)'!L80 -> 0 | AJ96: ='Rev (Tb12)'!M80 -> 0 | AK96: ='Rev (Tb12)'!N80 -> 0 | ... AQ96: ='Rev (Tb12)'!T80 -> 0
A97: Capital | Y97: ='Rev (Tb12)'!B82 -> 8.9 | Z97: ='Rev (Tb12)'!C82 -> 8.4 | AA97: ='Rev (Tb12)'!D82 -> 8.3 | AB97: ='Rev (Tb12)'!E82 -> 18.3 | AC97: ='Rev (Tb12)'!F82 -> 21.7 | AD97: ='Rev (Tb12)'!G81 -> 126.4 | AE97: ='Rev (Tb12)'!H81 -> 218.6 | AF97: ='Rev (Tb12)'!I81 -> 293.7 | AG97: ='Rev (Tb12)'!J81 -> 413.5 | AH97: ='Rev (Tb12)'!K81 -> 365.9 | AI97: ='Rev (Tb12)'!L81 -> 329.4 | AJ97: ='Rev (Tb12)'!M81 -> 213.3 | AK97: ='Rev (Tb12)'!N81 -> 338.1 | ... AQ97: ='Rev (Tb12)'!T81 -> 391.2
A98: Cash | Y98: ='Rev (Tb12)'!B83 -> - | Z98: ='Rev (Tb12)'!C83 -> - | AA98: ='Rev (Tb12)'!D83 -> - | AB98: ='Rev (Tb12)'!E83 -> 18.3 | AC98: ='Rev (Tb12)'!F83 -> 0 | AD98: ='Rev (Tb12)'!G82 -> 31.6 | AE98: ='Rev (Tb12)'!H82 -> 54.7 | AF98: ='Rev (Tb12)'!I82 -> 73.4 | AG98: ='Rev (Tb12)'!J82 -> 103.4 | AH98: ='Rev (Tb12)'!K82 -> 91.5 | AI98: ='Rev (Tb12)'!L82 -> 82.4 | AJ98: ='Rev (Tb12)'!M82 -> 53.3 | AK98: ='Rev (Tb12)'!N82 -> 84.5 | ... AQ98: ='Rev (Tb12)'!T82 -> 97.8
A99: In-Kind | Y99: ='Rev (Tb12)'!B84 -> 8.9 | Z99: ='Rev (Tb12)'!C84 -> 8.4 | AA99: ='Rev (Tb12)'!D84 -> 8.3 | AB99: ='Rev (Tb12)'!E84 -> 0 | AC99: ='Rev (Tb12)'!F84 -> 21.7 | AD99: ='Rev (Tb12)'!G84 -> 31.6 | AE99: ='Rev (Tb12)'!H84 -> 54.7 | AF99: ='Rev (Tb12)'!I83 -> 0 | AG99: ='Rev (Tb12)'!J83 -> 0 | AH99: ='Rev (Tb12)'!K83 -> 0 | AI99: ='Rev (Tb12)'!L83 -> 0 | AJ99: ='Rev (Tb12)'!M83 -> 0 | AK99: ='Rev (Tb12)'!N83 -> 0 | AL99: ='Rev (Tb12)'!O83 -> 0 | AM99: ='Rev (Tb12)'!P83 -> 0 | ... AQ99: ='Rev (Tb12)'!T83 -> 0
A101: Infrastructure Tax Credit | O101: 55.2 | P101: 40 | Q101: 34.7 | R101: 20.3 | S101: 23.3 | T101: 20.6 | U101: 32.6 | V101: 33.5 | W101: 18 | X101: 25.4 | Y101: 63.8 | Z101: 92.8 | AA101: 133.2 | AB101: 219.5

Sheet Exp (Tb13A)
B1: TABLE 13A: GENERAL GOVERNMENT EXPENSE | C1: 2012 | D1: 2013 | E1: 2014 | F1: 2015 | G1: 2016 | H1: 2017 | I1: 2018 | J1: 2019 | K1: 2020 | L1: 2021 | M1: 2022 | N1: 2023 | O1: 2024 | P1: 2025 | Q1: 2026 Budget | R1: 2027 | S1: 2028 | T1: 2029 | U1: 2030
B2: BY ECONOMIC CLASSIFICATION | C2: ACTUAL | D2: ACTUAL | E2: ACTUAL | F2: ACTUAL | G2: ACTUAL | H2: ACTUAL | I2: ACTUAL | J2: ACTUAL | K2: ACTUAL | L2: ACTUAL | M2: ACTUAL | N2: ACTUAL | O2: ACTUAL | P2: ACTUAL | Q2: PROJECTION | R2: PROJECTION | S2: PROJECTION | T2: PROJECTION | U2: PROJECTION
B3: (Kina million) | C3: 2016 Budget | D3: 2016 Budget | E3: 2016 Budget | F3: 2018 Budget | G3: 2018 Budget | H3: 2019 Budget | I3: 2020 Budget | J3: 2019 FBO | K3: 2020 FBO | L3: 2021 FBO | M3: 2022 FBO | N3: 2023 FBO | O3: 2024 FBO | P3: 2025 FBO | Q3: 2026 Budget | R3: 2026 Budget | S3: 2026 Budget | T3: 2026 Budget | U3: 2026 Budget
A5: 2 | B5: TOTAL EXPENDITURE | C5: 9943.3 | D5: 13175.5 | E5: 15453.9 | F5: 13788.8 | G5: =G7+G13+G15+G19+G23+G25+G29 -> 13572.5 | H5: =H7+H13+H15+H19+H23+H25+H29 -> 13319.9 | I5: 16134.2 | J5: 17852.5 | K5: 19397.8 | L5: 20130.7 | M5: 24390 | N5: 24614.6 | O5: 24757.3 | P5: 26115.1 | Q5: 30265.2 | R5: 31450.5 | S5: 32968.9 | T5: 34536.1 | U5: 36326.3
A7: 21 | B7: Compensation of Employees | C7: 2496.5 | D7: 2785.7 | E7: 3696.7 | F7: 3993.3 | G7: =SUM(G9:G11) -> 4463.4 | H7: =SUM(H9:H11) -> 4376.3 | I7: 5198.4 | J7: 5423.8 | K7: 5831.5 | L7: 6093.7 | M7: 6490.3 | N7: 6934.1 | O7: 7214.6 | P7: 7859.8 | Q7: 8103.3 | R7: 8482.8 | S7: 8967 | T7: 9528.6 | U7: 10180.5
B8: Wages and Salaries | C8: 978.6 | D8: 1404.8 | E8: 2818.5 | F8: 3662.5 | G8: 4021.6 | H8: 4201.2 | I8: 4486.4 | J8: 4827.5 | K8: 5221 | L8: 5374.4 | M8: 5827 | N8: 6117.6 | O8: 6597.5 | P8: 7171.8 | Q8: 7559.1 | R8: 7913.2 | S8: 8364.8 | T8: 8888.7 | U8: 9496.8
B9: Wages and salaries in cash | C9: 1215.6 | D9: 1084.6 | E9: 308.6 | F9: 3563.5 | G9: 3901.7 | H9: 4093.7 | I9: 4362.7 | J9: 4685.2 | K9: 5058.8 | L9: 5195.2 | M9: 5641.9 | N9: 5902.2 | O9: 6378.8 | P9: 6947.8 | Q9: 7283.4 | R9: 7624.5 | S9: 8059.7 | T9: 8564.5 | U9: 9150.5
B10: Wages and salaries in kind | C10: 88.1 | D10: 116.6 | E10: 115.4 | F10: 98.9 | G10: 119.9 | H10: 107.4 | I10: 123.7 | J10: 142.2 | K10: 162.2 | L10: 179.2 | M10: 185 | N10: 215.4 | O10: 218.7 | P10: 224 | Q10: 275.7 | R10: 288.6 | S10: 305.1 | T10: 324.2 | U10: 346.4
B11: Employers' social contributions | C11: 214.2 | D11: 179.7 | E11: 454.2 | F11: 330.8 | G11: 441.8 | H11: 175.2 | I11: 711.9 | J11: 596.3 | K11: 610.4 | L11: 719.3 | M11: 663.3 | N11: 816.5 | O11: 617.2 | P11: 688 | Q11: 544.2 | R11: 569.7 | S11: 602.2 | T11: 639.9 | U11: 683.7
A13: 22 | B13: Use of goods and services | C13: 2372.3 | D13: 4335 | E13: 3691.2 | F13: 3605.5 | G13: 4102.6 | H13: 4138.1 | I13: 4879.2 | J13: 5800.7 | K13: 5388.4 | L13: 6161.2 | M13: 7467.3 | N13: 6911.5 | O13: 6604.2 | P13: 6344.9 | Q13: 7628.3 | R13: 7848.9 | S13: 8260.9 | T13: 9108.8 | U13: 9516.9
A15: 24 | B15: Interest [GFS] | C15: 452.3 | D15: 521.1 | E15: 933.1 | F15: =SUM(F16:F17) -> 1069.9 | G15: =SUM(G16:G17) -> 1248.1 | H15: =SUM(H16:H17) -> 1524.9 | I15: 1853.3 | J15: 2129.1 | K15: 2160 | L15: 2249.1 | M15: 2572.5 | N15: 2761.3 | O15: 2952.5 | P15: 3379.8 | Q15: 3628.2 | R15: 4008.7 | S15: 4042.1 | T15: 3427.5 | U15: 3738.9
B16: Interest to Non residents | C16: 38.1 | D16: 42.2 | E16: 92.7 | F16: 83.8 | G16: 1171.1 | H16: 168.9 | I16: 210.5 | J16: 449 | K16: 468.1 | L16: 328.2 | M16: 427.6 | N16: 792.7 | O16: 1068.7 | P16: 1111.4 | Q16: 1399.4 | R16: 2525.7 | S16: 2631.4 | T16: 2625.4 | U16: 2656.5
B17: Interest to residents other than general governments | C17: 414.2 | D17: 478.9 | E17: 840.4 | F17: 986.1 | G17: 77 | H17: 1356 | I17: 1642.8 | J17: 1680.1 | K17: 1691.9 | L17: 1920.9 | M17: 2144.9 | N17: 1968.6 | O17: 1883.8 | P17: 2268.4 | Q17: 2228.8 | R17: 1483.1 | S17: 1410.7 | T17: 802.2 | U17: 1082.4
A19: 26 | B19: Grants | C19: 2074.5 | D19: 1323.6 | E19: 2514.8 | F19: =SUM(F20:F21) -> 2924 | G19: =SUM(G20:G21) -> 1897 | H19: 1383.2 | I19: 1999.8 | J19: 1371.6 | K19: 2190 | L19: 1915 | M19: 3017.6 | N19: 4289.5 | O19: 4418.3 | P19: 4083.8 | Q19: 3677.7 | R19: 3692.2 | S19: 3901.4 | T19: 4101.5 | U19: 4192.9
B20: Grants to other general governments current* | C20: 2073.7 | D20: 1323.6 | E20: 2500.6 | F20: 1700 | G20: 1117.9 | H20: 1197.4 | I20: 1550.4 | J20: 4370.1 | K20: 1732.1 | L20: 1483.2 | M20: 2365.6 | N20: 3750 | O20: 3956.3 | P20: 3613.8 | Q20: 3207.7 | R20: 3207.9 | S20: 3389.7 | T20: 3543.3 | U20: 3613.5
B21: Grants to other general governments capital | C21: 0.8 | E21: 14.2 | F21: 1224 | G21: 779.1 | H21: 230.2 | I21: 449.4 | J21: 1.5 | K21: 457.9 | L21: 431.8 | M21: 652 | N21: 539.5 | O21: 462 | P21: 470 | Q21: 470 | R21: 484.3 | S21: 511.8 | T21: 558.2 | U21: 579.4
A23: 27 | B23: Social Benefits | C23: 0 | D23: 0 | E23: 0 | F23: 0 | G23: 0 | H23: 0 | I23: 0.9 | J23: 0 | K23: 217.7 | L23: 0 | M23: 0 | N23: 0 | O23: 0 | P23: 0 | Q23: 90.2 | R23: 93.4 | S23: 98.8 | T23: 106.7 | U23: 111.9
A25: 28 | B25: Other expenses | C25: 72.5 | D25: 858.7 | E25: 204.5 | F25: =SUM(F26:F27) -> 147.8 | G25: =SUM(G26:G27) -> 446.1 | H25: =SUM(H26:H27) -> 582.3 | I25: 89.9 | J25: 86.1 | K25: 99.4 | L25: 61.3 | M25: 392.6 | N25: 69.2 | O25: 120.8 | P25: 129.6 | Q25: 162.5 | R25: 166.9 | S25: 176.4 | T25: 192.4 | U25: 199.7
B26: Transfers not elsewhere classified | C26: 72.5 | D26: 858.7 | E26: 204.5 | F26: 147.8 | G26: 446.1 | H26: 582.2 | I26: 89.9 | L26: 61.3 | N26: 69.2 | O26: 120.8 | P26: 129.6 | Q26: 162.5 | R26: 166.9 | S26: 176.4 | T26: 192.4 | U26: 199.7
B27: Premiums, fees and claims related to non-life insurance | C27: - | D27: - | E27: 40 | F27: - | G27: - | H27: 0.1 | O27: 8.6 | Q27: 162.5 | R27: 166.9 | S27: 176.4 | T27: 192.4 | U27: 199.7
A29: 31 | B29: Net Aquisition Nonfinancial assets | C29: 2474.7 | D29: 2904.3 | E29: 4413.6 | F29: =SUM(F32:F40) -> 2048.4 | G29: =SUM(G32:G40) -> 1415.3 | H29: =SUM(H30:H40) -> 1315.1 | I29: 2112.8 | J29: 3041.2 | K29: 3510.7 | L29: 3650.4 | M29: 4449.6 | N29: 3649 | O29: 3446.5 | P29: 4317.2 | Q29: 6975 | R29: 7157.4 | S29: 7522.3 | T29: 8070.7 | U29: 8385.4
B30: NFA:Intangible nonproduced assets | C30: - | D30: - | E30: - | J30: 0 | K30: 0 | L30: 0 | M30: 0 | N30: 0 | O30: 0 | P30: 0 | Q30: 0 | R30: 0 | S30: 0 | T30: 0 | U30: 0
B31: NFA:Land | C31: - | D31: - | E31: - | M31: 0 | N31: 0 | O31: 0 | P31: 0 | Q31: 7.9 | R31: 8.1 | S31: 8.6 | T31: 9.3 | U31: 9.7
B32: NFA:Buildings and structures | C32: - | D32: - | I32: 575.8 | J32: 0 | K32: 1050.5 | L32: 989.1 | M32: 958.6 | N32: 726.7 | O32: 695.5 | P32: 652 | Q32: 832.4 | R32: 840.8 | S32: 891.3 | T32: 944.9 | U32: 1001.5
B33: NFA:Dwellings | C33: - | D33: - | E33: - | J33: 0 | K33: 0 | L33: 0 | M33: 0 | N33: 0 | O33: 0 | P33: 0 | Q33: 69 | R33: 71.1 | S33: 75.1 | T33: 81.9 | U33: 85
B34: NFA:Fixed assets | C34: 2411.3 | D34: 2791.3 | E34: 4259.7 | F34: 1990.5 | G34: 1353.7 | H34: 1275.2 | I34: 1405.8 | J34: 2,4027 | K34: 1711.8 | L34: 1726.8 | M34: 2722.5 | N34: 2310.6 | O34: 2082.9 | P34: 2790 | Q34: 4967.6 | R34: 5111.7 | S34: 5386.5 | T34: 5833.1 | U34: 6053.7
B35: NFA:Information, computer, & telecommunications equipment | C35: - | D35: 65.7 | E35: 47.9 | F35: 19 | G35: 20.3 | H35: 22.3 | I35: 19.7 | J35: 10.3 | K35: 60.6 | L35: 59.3 | M35: 52.9 | N35: 47.6 | O35: 76 | P35: 110.7 | Q35: 98.7 | R35: 100.8 | S35: 106.7 | T35: 115 | U35: 120.4
B36: NFA:Machinery & equipment other than transport equipment | C36: 24 | D36: 23.8 | E36: 54.7 | F36: 24.7 | G36: 24.2 | H36: 12.6 | I36: 15.2 | J36: 19.8 | K36: 19.2 | L36: 25.5 | M36: 26.8 | N36: 24 | O36: 26.3 | P36: 19 | Q36: 34 | R36: 35.1 | S36: 37.1 | T36: 40.4 | U36: 42
B37: NFA:Other structures | C37: - | D37: - | H37: 3.4 | I37: 1.6 | J37: 11.8 | K37: 0.2 | L37: 0 | M37: 0 | N37: 0 | O37: 0 | P37: 0 | Q37: 10.6 | R37: 10.9 | S37: 11.5 | T37: 12.6 | U37: 13.1
B38: NFA:Transport equipment | C38: 39.3 | D38: 23.6 | E38: 51.3 | F38: 14.2 | G38: 17.1 | H38: 1.6 | I38: 4.8 | J38: 5.7 | K38: 6.7 | L38: 1.3 | M38: 10.6 | N38: 18.4 | O38: 30.1 | P38: 34.6 | Q38: 23.5 | R38: 24.2 | S38: 25.6 | T38: 27.9 | U38: 29
B39: Other expense - Current transfers not elsewhere classified | J39: 590.8 | K39: 661.8 | L39: 848.4 | M39: 678.2 | N39: 521.7 | O39: 535.6 | P39: 711 | Q39: 931.3 | R39: 954.7 | S39: 980 | T39: 1005.5 | U39: 1031.1
B40: Out of scope for GFS coding purposes | D40: 447.1
B42: Notes:
B43: *data for 2017 in the 2018 Budget comes from the 2017 Supplementary Budget
B44: Use of Goods and Services includes operational costs of capital projects
B45: Interest expense excludes K63.2 million for fees captured under Use of Goods and Services
B46: Grants are inclusive of some portion of capital projects
B47: Net acquisition of non-financial assets as per GFS classification excludes operational component of capital projects. These are captured under use of Goods and Services and Grants
B49: 2025 Budget Projection TABLE 13A: GENERAL GOVERNMENT EXPENSE | C49: 2012 | D49: 2013 | E49: 2014 | F49: 2015 | G49: 2016 | H49: 2017 | I49: 2018 | J49: 2019 | K49: 2020 | L49: 2021 | M49: 2022 | N49: 2023 | O49: 2024 | P49: 2025 Budget | Q49: 2026 | R49: 2027 | S49: 2028 | T49: 2029 | U49: 2030
B50: BY ECONOMIC CLASSIFICATION | C50: ACTUAL | D50: ACTUAL | E50: ACTUAL | F50: ACTUAL | G50: ACTUAL | H50: ACTUAL | I50: ACTUAL | J50: ACTUAL | K50: ACTUAL | L50: ACTUAL | M50: ACTUAL | N50: ACTUAL | O50: ACTUAL | P50: ESTIMATE | Q50: PROJECTION | R50: PROJECTION | S50: PROJECTION | T50: PROJECTION | U50: PROJECTION
B51: (Kina million) | C51: 2016 Budget | D51: 2016 Budget | E51: 2016 Budget | F51: 2018 Budget | G51: 2018 Budget | H51: 2019 Budget | I51: 2020 Budget | J51: 2019 FBO | K51: 2020 FBO | L51: 2021 FBO | M51: 2022 FBO | N51: 2023 FBO | O51: 2024 FBO | P51: 2026 Budget | Q51: 2026 Budget | R51: 2026 Budget | S51: 2026 Budget | T51: 2026 Budget | U51: 2026 Budget
A53: 2 | B53: TOTAL EXPENDITURE | C53: 9943.3 | D53: 13175.5 | E53: 15453.9 | F53: 13788.8 | G53: =G55+G61+G63+G67+G71+G73+G77 -> 13572.5 | H53: =H55+H61+H63+H67+H71+H73+H77 -> 13319.9 | I53: 16134.2 | J53: 17852.5 | K53: 19397.8 | L53: 20130.7 | M53: 24390 | N53: 24614.6 | O53: 24757.3 | P53: 28357.1 | Q53: 30265.2 | R53: 31450.5 | S53: 32968.9 | T53: 34536.1 | U53: 36326.3
A55: 21 | B55: Compensation of Employees | C55: 2496.5 | D55: 2785.7 | E55: 3696.7 | F55: 3993.3 | G55: =SUM(G57:G59) -> 4463.4 | H55: =SUM(H57:H59) -> 4376.3 | I55: 5198.4 | J55: 5423.8 | K55: 5831.5 | L55: 6093.7 | M55: 6490.3 | N55: 6934.1 | O55: 7214.6 | P55: 7717.9 | Q55: 8103.3 | R55: 8482.8 | S55: 8967 | T55: 9528.6 | U55: 10180.5
B56: Wages and Salaries | C56: 978.6 | D56: 1404.8 | E56: 2818.5 | F56: 3662.5 | G56: 4021.6 | H56: 4201.2 | I56: 4486.4 | J56: 4827.5 | K56: 5221 | L56: 5374.4 | M56: 5827 | N56: 6117.6 | O56: 6597.4 | P56: 6978.3 | Q56: 7559.1 | R56: 7913.2 | S56: 8364.8 | T56: 8888.7 | U56: 9496.8
B57: Wages and salaries in cash | C57: 1215.6 | D57: 1084.6 | E57: 308.6 | F57: 3563.5 | G57: 3901.7 | H57: 4093.7 | I57: 4362.7 | J57: 4685.2 | K57: 5058.8 | L57: 5195.2 | M57: 5641.9 | N57: 5902.2 | O57: 6378.8 | P57: 6753.9 | Q57: 7283.4 | R57: 7624.5 | S57: 8059.7 | T57: 8564.5 | U57: 9150.5
B58: Wages and salaries in kind | C58: 88.1 | D58: 116.6 | E58: 115.4 | F58: 98.9 | G58: 119.9 | H58: 107.4 | I58: 123.7 | J58: 142.2 | K58: 162.2 | L58: 179.2 | M58: 185 | N58: 215.4 | O58: 218.6 | P58: 224.4 | Q58: 275.7 | R58: 288.6 | S58: 305.1 | T58: 324.2 | U58: 346.4
B59: Employers' social contributions | C59: 214.2 | D59: 179.7 | E59: 454.2 | F59: 330.8 | G59: 441.8 | H59: 175.2 | I59: 711.9 | J59: 596.3 | K59: 610.4 | L59: 719.3 | M59: 663.3 | N59: 816.5 | O59: 617.2 | P59: 739.6 | Q59: 544.2 | R59: 569.7 | S59: 602.2 | T59: 639.9 | U59: 683.7
A61: 22 | B61: Use of goods and services | C61: 2372.3 | D61: 4335 | E61: 3691.2 | F61: 3605.5 | G61: 4102.6 | H61: 4138.1 | I61: 4879.2 | J61: 5800.7 | K61: 5388.4 | L61: 6161.2 | M61: 7467.3 | N61: 6911.5 | O61: 6604.3 | P61: 6845.3 | Q61: 7628.3 | R61: 7848.9 | S61: 8260.9 | T61: 9108.8 | U61: 9516.9
A63: 24 | B63: Interest [GFS] | C63: 452.3 | D63: 521.1 | E63: 933.1 | F63: =SUM(F64:F65) -> 1069.9 | G63: =SUM(G64:G65) -> 1248.1 | H63: =SUM(H64:H65) -> 1524.9 | I63: 1853.3 | J63: 2129.1 | K63: 2160 | L63: 2249.1 | M63: 2572.5 | N63: 2761.3 | O63: 2952.5 | P63: 3460.6 | Q63: 3628.2 | R63: 4008.7 | S63: 4042.1 | T63: 3427.5 | U63: 3738.9
B64: Interest to Non residents | C64: 38.1 | D64: 42.2 | E64: 92.7 | F64: 83.8 | G64: 1171.1 | H64: 168.9 | I64: 210.5 | J64: 449 | K64: 468.1 | L64: 328.2 | M64: 427.6 | N64: 792.7 | O64: 1068.7 | P64: 1228.5 | Q64: 1399.4 | R64: 2525.7 | S64: 2631.4 | T64: 2625.4 | U64: 2656.5
B65: Interest to residents other than general governments | C65: 414.2 | D65: 478.9 | E65: 840.4 | F65: 986.1 | G65: 77 | H65: 1356 | I65: 1642.8 | J65: 1680.1 | K65: 1691.9 | L65: 1920.9 | M65: 2144.9 | N65: 1968.6 | O65: 1883.8 | P65: 2232.1 | Q65: 2228.8 | R65: 1483.1 | S65: 1410.7 | T65: 802.2 | U65: 1082.4
A67: 26 | B67: Grants | C67: 2074.5 | D67: 1323.6 | E67: 2514.8 | F67: =SUM(F68:F69) -> 2924 | G67: =SUM(G68:G69) -> 1897 | H67: 1383.2 | I67: 1999.8 | J67: 1371.6 | K67: 2190 | L67: 1915 | M67: 3017.6 | N67: 4289.5 | O67: 4418.4 | P67: 4534.9 | Q67: 3677.7 | R67: 3692.2 | S67: 3901.4 | T67: 4101.5 | U67: 4192.9
B68: Grants to other general governments current* | C68: 2073.7 | D68: 1323.6 | E68: 2500.6 | F68: 1700 | G68: 1117.9 | H68: 1197.4 | I68: 1550.4 | J68: 4370.1 | K68: 1732.1 | L68: 1483.2 | M68: 2365.6 | N68: 3750 | O68: 3956.4 | P68: 4062.9 | Q68: 3207.7 | R68: 3207.9 | S68: 3389.7 | T68: 3543.3 | U68: 3613.5
B69: Grants to other general governments capital | C69: 0.8 | E69: 14.2 | F69: 1224 | G69: 779.1 | H69: 230.2 | I69: 449.4 | J69: 1.5 | K69: 457.9 | L69: 431.8 | M69: 652 | N69: 539.5 | O69: 462 | P69: 472 | Q69: 470 | R69: 484.3 | S69: 511.8 | T69: 558.2 | U69: 579.4
A71: 27 | B71: Social Benefits | C71: 0 | D71: 0 | E71: 0 | F71: 0 | G71: 0 | H71: 0 | I71: 0.9 | J71: 0 | K71: 217.7 | L71: 0 | M71: 0 | N71: 0 | O71: 0 | P71: 104.8 | Q71: 90.2 | R71: 93.4 | S71: 98.8 | T71: 106.7 | U71: 111.9
A73: 28 | B73: Other expenses | C73: 72.5 | D73: 858.7 | E73: 204.5 | F73: =SUM(F74:F75) -> 147.8 | G73: =SUM(G74:G75) -> 446.1 | H73: =SUM(H74:H75) -> 582.3 | I73: 89.9 | J73: 86.1 | K73: 99.4 | L73: 61.3 | M73: 392.6 | N73: 69.2 | O73: 120.9 | P73: 145.3 | Q73: 162.5 | R73: 166.9 | S73: 176.4 | T73: 192.4 | U73: 199.7
B74: Transfers not elsewhere classified | C74: 72.5 | D74: 858.7 | E74: 204.5 | F74: 147.8 | G74: 446.1 | H74: 582.2 | I74: 89.9 | L74: 61.3 | N74: 69.2 | O74: 120.9 | P74: 145.3 | Q74: 162.5 | R74: 166.9 | S74: 176.4 | T74: 192.4 | U74: 199.7
B75: Premiums, fees and claims related to non-life insurance | C75: - | D75: - | E75: 40 | F75: - | G75: - | H75: 0.1 | O75: 8.6 | P75: 145.3 | Q75: 162.5 | R75: 166.9 | S75: 176.4 | T75: 192.4 | U75: 199.7
A77: 31 | B77: Net Aquisition Nonfinancial assets | C77: 2474.7 | D77: 2904.3 | E77: 4413.6 | F77: =SUM(F80:F88) -> 2048.4 | G77: =SUM(G80:G88) -> 1415.3 | H77: =SUM(H78:H88) -> 1315.1 | I77: 2112.8 | J77: 3041.2 | K77: 3510.7 | L77: 3650.4 | M77: 4449.6 | N77: 3649 | O77: 3446.7 | P77: 5548.3 | Q77: 6975 | R77: 7157.4 | S77: 7522.3 | T77: 8070.7 | U77: 8385.4
B78: NFA:Intangible nonproduced assets | C78: - | D78: - | E78: - | J78: 0 | K78: 0 | L78: 0 | M78: 0 | N78: 0 | O78: 0 | P78: 7.9 | Q78: 0 | R78: 0 | S78: 0 | T78: 0 | U78: 0
B79: NFA:Land | C79: - | D79: - | E79: - | M79: 0 | N79: 0 | O79: 0 | P79: 0.1 | Q79: 7.9 | R79: 8.1 | S79: 8.6 | T79: 9.3 | U79: 9.7
B80: NFA:Buildings and structures | C80: - | D80: - | I80: 575.8 | J80: 0 | K80: 1050.5 | L80: 989.1 | M80: 958.6 | N80: 726.7 | O80: 671.2 | P80: 826.4 | Q80: 832.4 | R80: 840.8 | S80: 891.3 | T80: 944.9 | U80: 1001.5
B81: NFA:Dwellings | C81: - | D81: - | E81: - | J81: 0 | K81: 0 | L81: 0 | M81: 0 | N81: 0 | O81: 0 | P81: 4.5 | Q81: 69 | R81: 71.1 | S81: 75.1 | T81: 81.9 | U81: 85
B82: NFA:Fixed assets | C82: 2411.3 | D82: 2791.3 | E82: 4259.7 | F82: 1990.5 | G82: 1353.7 | H82: 1275.2 | I82: 1405.8 | J82: 2,4027 | K82: 1711.8 | L82: 1726.8 | M82: 2722.5 | N82: 2310.6 | O82: 2107.4 | P82: 3760.2 | Q82: 4967.6 | R82: 5111.7 | S82: 5386.5 | T82: 5833.1 | U82: 6053.7
B83: NFA:Information, computer, & telecommunications equipment | C83: - | D83: 65.7 | E83: 47.9 | F83: 19 | G83: 20.3 | H83: 22.3 | I83: 19.7 | J83: 10.3 | K83: 60.6 | L83: 59.3 | M83: 52.9 | N83: 47.6 | O83: 76.1 | P83: 144.7 | Q83: 98.7 | R83: 100.8 | S83: 106.7 | T83: 115 | U83: 120.4
B84: NFA:Machinery & equipment other than transport equipment | C84: 24 | D84: 23.8 | E84: 54.7 | F84: 24.7 | G84: 24.2 | H84: 12.6 | I84: 15.2 | J84: 19.8 | K84: 19.2 | L84: 25.5 | M84: 26.8 | N84: 24 | O84: 26.3 | P84: 27.6 | Q84: 34 | R84: 35.1 | S84: 37.1 | T84: 40.4 | U84: 42
B85: NFA:Other structures | C85: - | D85: - | H85: 3.4 | I85: 1.6 | J85: 11.8 | K85: 0.2 | L85: 0 | M85: 0 | N85: 0 | O85: 0 | P85: 11.5 | Q85: 10.6 | R85: 10.9 | S85: 11.5 | T85: 12.6 | U85: 13.1
B86: NFA:Transport equipment | C86: 39.3 | D86: 23.6 | E86: 51.3 | F86: 14.2 | G86: 17.1 | H86: 1.6 | I86: 4.8 | J86: 5.7 | K86: 6.7 | L86: 1.3 | M86: 10.6 | N86: 18.4 | O86: 30.1 | P86: 37.6 | Q86: 23.5 | R86: 24.2 | S86: 25.6 | T86: 27.9 | U86: 29
B87: Other expense - Current transfers not elsewhere classified | J87: 590.8 | K87: 661.8 | L87: 848.4 | M87: 678.2 | N87: 521.7 | O87: 535.6 | P87: 727.8 | Q87: 931.3 | R87: 954.7 | S87: 980 | T87: 1005.5 | U87: 1031.1
B88: Out of scope for GFS coding purposes | D88: 447.1
B90: Notes:
B91: *data for 2017 in the 2018 Budget comes from the 2017 Supplementary Budget
B92: Use of Goods and Services includes operational costs of capital projects
B93: Interest expense excludes K63.2 million for fees captured under Use of Goods and Services
B94: Grants are inclusive of some portion of capital projects
B95: Net acquisition of non-financial assets as per GFS classification excludes operational component of capital projects. These are captured under use of Goods and Services and Grants
B98: TABLE 13A: BUDGETARY GOVERNMENT EXPENDITURE | C98: 2012 | D98: 2013 | E98: 2014 | F98: 2015 | G98: 2016 | H98: 2017 | I98: 2018 | J98: 2019 | K98: 2020 | L98: 2021 | M98: 2022 | N98: 2023 | O98: 2024 | P98: 2025 | Q98: 2026 | R98: 2027 | S98: 2028 | T98: 2029
B99: BY ECONOMIC CLASSIFICATION | C99: ACTUAL | D99: ACTUAL | E99: ACTUAL | F99: ACTUAL | G99: ACTUAL | H99: ACTUAL | I99: ACTUAL | J99: ACTUAL | K99: ACTUAL | L99: ACTUAL | M99: ACTUAL | N99: ACTUAL | O99: ACTUAL | P99: PROJECTION | Q99: PROJECTION | R99: PROJECTION | S99: PROJECTION | T99: PROJECTION
B100: (Kina million) | C100: 2016 Budget | D100: 2016 Budget | E100: 2016 Budget | F100: 2018 Budget | G100: 2018 Budget | H100: 2019 Budget | I100: 2020 Budget | J100: 2019 FBO | K100: 2020 FBO | L100: 2021 FBO | M100: 2022 FBO | N100: 2023 FBO | O100: 2024 FBO | P100: 2025 Budget | Q100: 2025 Budget | R100: 2025 Budget | S100: 2025 Budget | T100: 2025 Budget
A102: 2 | B102: TOTAL EXPENDITURE | C102: 9943.3 | D102: 13175.5 | E102: 15453.9 | F102: 13788.8 | G102: =G104+G110+G112+G116+G120+G122+G126 -> 13572.5 | H102: =H104+H110+H112+H116+H120+H122+H126 -> 13319.9 | I102: 16134.2 | J102: 17852.5 | K102: 19397.8 | L102: 20130.7 | M102: 24390 | N102: 24614.6 | O102: 24757.3 | P102: 28357.1 | Q102: 29505.4 | R102: 31134.7 | S102: 32138.5 | T102: 33630.9
A104: 21 | B104: Compensation of Employees | C104: 2496.5 | D104: 2785.7 | E104: 3696.7 | F104: 3993.3 | G104: =SUM(G106:G108) -> 4463.4 | H104: =SUM(H106:H108) -> 4376.3 | I104: 5198.4 | J104: 5423.8 | K104: 5831.5 | L104: 6093.7 | M104: 6490.3 | N104: 6934.1 | O104: 7214.6 | P104: 7717.9 | Q104: 8185.5 | R104: 8629.2 | S104: 9131.4 | T104: 9712.3
B105: Wages and Salaries | C105: 978.6 | D105: 1404.8 | E105: 2818.5 | F105: 3662.5 | G105: 4021.6 | H105: 4201.2 | I105: 4486.4 | J105: 4827.5 | K105: 5221 | L105: 5374.4 | M105: 5827 | N105: 6117.6 | O105: 6597.4 | P105: 6978.4 | Q105: 7390.1 | R105: 7790.7 | S105: 8244.1 | T105: 8768.6
B106: Wages and salaries in cash | C106: 1215.6 | D106: 1084.6 | E106: 308.6 | F106: 3563.5 | G106: 3901.7 | H106: 4093.7 | I106: 4362.7 | J106: 4685.2 | K106: 5058.8 | L106: 5195.2 | M106: 5641.9 | N106: 5902.2 | O106: 6378.8 | P106: 6753.9 | Q106: 7156.2 | R106: 7544.1 | S106: 7983.2 | T106: 8491
B107: Wages and salaries in kind | C107: 88.1 | D107: 116.6 | E107: 115.4 | F107: 98.9 | G107: 119.9 | H107: 107.4 | I107: 123.7 | J107: 142.2 | K107: 162.2 | L107: 179.2 | M107: 185 | N107: 215.4 | O107: 218.6 | P107: 224.5 | Q107: 233.9 | R107: 246.6 | S107: 260.9 | T107: 277.5
B108: Employers' social contributions | C108: 214.2 | D108: 179.7 | E108: 454.2 | F108: 330.8 | G108: 441.8 | H108: 175.2 | I108: 711.9 | J108: 596.3 | K108: 610.4 | L108: 719.3 | M108: 663.3 | N108: 816.5 | O108: 617.2 | P108: 739.5 | Q108: 795.4 | R108: 838.5 | S108: 887.3 | T108: 943.8
A110: 22 | B110: Use of goods and services | C110: 2372.3 | D110: 4335 | E110: 3691.2 | F110: 3605.5 | G110: 4102.6 | H110: 4138.1 | I110: 4879.2 | J110: 5800.7 | K110: 5388.4 | L110: 6161.2 | M110: 7467.3 | N110: 6911.5 | O110: 6604.3 | P110: 6845.2 | Q110: 6872 | R110: 7612.6 | S110: 7672.5 | T110: 8291.8
A112: 24 | B112: Interest [GFS] | C112: 452.3 | D112: 521.1 | E112: 933.1 | F112: =SUM(F113:F114) -> 1069.9 | G112: =SUM(G113:G114) -> 1248.1 | H112: =SUM(H113:H114) -> 1524.9 | I112: 1853.3 | J112: 2129.1 | K112: 2160 | L112: 2249.1 | M112: 2572.5 | N112: 2761.3 | O112: 2952.5 | P112: 3460.6 | Q112: 3461.7 | R112: 3548.9 | S112: 3404.7 | T112: 3150.1
B113: Interest to Non residents | C113: 38.1 | D113: 42.2 | E113: 92.7 | F113: 83.8 | G113: 1171.1 | H113: 168.9 | I113: 210.5 | J113: 449 | K113: 468.1 | L113: 328.2 | M113: 427.6 | N113: 792.7 | O113: 1068.7 | P113: 1228.5 | Q113: 1228.8 | R113: 1259.8 | S113: 1208.6 | T113: 1118.2
B114: Interest to residents other than general governments | C114: 414.2 | D114: 478.9 | E114: 840.4 | F114: 986.1 | G114: 77 | H114: 1356 | I114: 1642.8 | J114: 1680.1 | K114: 1691.9 | L114: 1920.9 | M114: 2144.9 | N114: 1968.6 | O114: 1883.8 | P114: 2232.1 | Q114: 2232.9 | R114: 2289.1 | S114: 2196.1 | T114: 2031.8
A116: 26 | B116: Grants | C116: 2074.5 | D116: 1323.6 | E116: 2514.8 | F116: =SUM(F117:F118) -> 2924 | G116: =SUM(G117:G118) -> 1897 | H116: 1383.2 | I116: 1999.8 | J116: 1371.6 | K116: 2190 | L116: 1915 | M116: 3017.6 | N116: 4289.5 | O116: 4418.4 | P116: 4534.9 | Q116: 5589.3 | R116: 5632.1 | S116: 5784 | T116: 6220.2
B117: Grants to other general governments current* | C117: 2073.7 | D117: 1323.6 | E117: 2500.6 | F117: 1700 | G117: 1117.9 | H117: 1197.4 | I117: 1550.4 | J117: 4370.1 | K117: 1732.1 | L117: 1483.2 | M117: 2365.6 | N117: 3750 | O117: 3956.4 | P117: 4062.9 | Q117: 5079.9 | R117: 5101.7 | S117: 5240.5 | T117: 5676.7
B118: Grants to other general governments capital | C118: 0.8 | E118: 14.2 | F118: 1224 | G118: 779.1 | H118: 230.2 | I118: 449.4 | J118: 1.5 | K118: 457.9 | L118: 431.8 | M118: 652 | N118: 539.5 | O118: 462 | P118: 472 | Q118: 509.4 | R118: 530.5 | S118: 543.5 | T118: 543.5
A120: 27 | B120: Social Benefits | C120: 0 | D120: 0 | E120: 0 | F120: 0 | G120: 0 | H120: 0 | I120: 0.9 | J120: 0 | K120: 217.7 | L120: 0 | M120: 0 | N120: 0 | O120: 0 | P120: 104.8 | Q120: 92.5 | R120: 69.1 | S120: 68.5 | T120: 68.5
A122: 28 | B122: Other expenses | C122: 72.5 | D122: 858.7 | E122: 204.5 | F122: =SUM(F123:F124) -> 147.8 | G122: =SUM(G123:G124) -> 446.1 | H122: =SUM(H123:H124) -> 582.3 | I122: 89.9 | J122: 86.1 | K122: 99.4 | L122: 61.3 | M122: 392.6 | N122: 69.2 | O122: 120.9 | P122: 145.3 | Q122: 8.5 | R122: 8.9 | S122: 9.3 | T122: 9.3
B123: Transfers not elsewhere classified | C123: 72.5 | D123: 858.7 | E123: 204.5 | F123: 147.8 | G123: 446.1 | H123: 582.2 | I123: 89.9 | L123: 61.3 | N123: 69.2 | O123: 120.9 | P123: 145.3 | Q123: 8.5 | R123: 8.9 | S123: 9.3 | T123: 9.3
B124: Premiums, fees and claims related to non-life insurance | C124: - | D124: - | E124: 40 | F124: - | G124: - | H124: 0.1 | O124: 8.6 | P124: 145.3 | Q124: 8.5 | R124: 8.9 | S124: 9.3 | T124: 9.3
A126: 31 | B126: Net Aquisition Nonfinancial assets | C126: 2474.7 | D126: 2904.3 | E126: 4413.6 | F126: =SUM(F129:F137) -> 2048.4 | G126: =SUM(G129:G137) -> 1415.3 | H126: =SUM(H127:H137) -> 1315.1 | I126: 2112.8 | J126: 3041.2 | K126: 3510.7 | L126: 3650.4 | M126: 4449.6 | N126: 3649 | O126: 3446.7 | P126: 5548.4 | Q126: 5295.9 | R126: 5633.8 | S126: 6068.3 | T126: 6178.7
B127: NFA:Intangible nonproduced assets | C127: - | D127: - | E127: - | J127: 0 | K127: 0 | L127: 0 | M127: 0 | N127: 0 | O127: 0 | P127: 8 | Q127: 8.5 | R127: 8.9 | S127: 9.1 | T127: 9.1
B128: NFA:Land | C128: - | D128: - | E128: - | M128: 0 | N128: 0 | O128: 0 | P128: 0.1 | Q128: 0 | R128: 0 | S128: 0 | T128: 0
B129: NFA:Buildings and structures | C129: - | D129: - | I129: 575.8 | J129: 0 | K129: 1050.5 | L129: 989.1 | M129: 958.6 | N129: 726.7 | O129: 671.2 | P129: 826.4 | Q129: 837.4 | R129: 845.8 | S129: 896.5 | T129: 950.1
...

Sheet Exp (Tb13B)
B1: TABLE 13B: GENERAL GOVERNMENT EXPENSE | C1: 2012 | D1: 2013 | E1: 2014 | F1: 2015 | G1: 2016 | H1: 2017 | I1: 2018 | J1: 2019 | K1: 2020 | L1: 2021 | M1: 2022 | N1: 2023 | O1: 2024 | P1: 2025 | Q1: 2026 Budget | R1: 2027 | S1: 2028 | T1: 2029 | U1: 2030
B2: BY ECONOMIC CLASSIFICATION | C2: ACTUAL | D2: ACTUAL | E2: ACTUAL | F2: ACTUAL | G2: ACTUAL | H2: ACTUAL | I2: ACTUAL | J2: ACTUAL | K2: ACTUAL | L2: ACTUAL | M2: ACTUAL | N2: ACTUAL | O2: ACTUAL | P2: ACTUAL | Q2: PROJECTION | R2: PROJECTION | S2: PROJECTION | T2: PROJECTION | U2: PROJECTION
B3: (Kina million) | C3: 2016 Budget | D3: 2016 Budget | E3: 2016 Budget | F3: 2018 Budget | G3: 2018 Budget | H3: 2019 Budget | I3: 2020 Budget | J3: 2019 FBO | K3: 2020 FBO | L3: 2021 FBO | M3: 2022 FBO | N3: 2023 FBO | O3: 2024 FBO | P3: 2025 FBO | Q3: 2026 Budget | R3: 2026 Budget | S3: 2026 Budget | T3: 2026 Budget | U3: 2026 Budget
B5: National Departments | C5: =6643.9 -> 6643.9 | D5: =8778.2 -> 8778.2 | E5: =9947.9 -> 9947.9 | F5: =F6+F11+F12+F25+F13+F14+F24+F26 -> 6337.6 | G5: =G6+G11+G12+G25+G13+G14+G24+G26 -> 5390.3 | H5: 5728.3 | I5: 6746.2 | J5: 8120.4 | K5: 7855.1 | L5: 7860.3 | M5: 11462.7 | N5: 9330.8 | O5: 9539.4 | P5: 9764.9 | Q5: 11129.6 | R5: 11562 | S5: 12184.1 | T5: 13339.9 | U5: 14008.3
B6: Compensation of Employees | C6: 1396.8 | D6: 1448 | E6: 2025.5 | F6: 2133.8 | G6: 2394.5 | H6: 2286.2 | I6: 2817 | J6: 2632.8 | K6: 2671.5 | L6: 2987 | M6: 3133.9 | N6: 2519.8 | O6: 2334.3 | P6: 2552.3 | Q6: 2615.3 | R6: 2737.8 | S6: 2894.1 | T6: 3075.4 | U6: 3285.8
A7: 211 | B7: Wages and salaries [GFS] | C7: 1184.6 | D7: 1294 | E7: 1604.9 | I7: 2129.5 | J7: 2087.4 | K7: 2131.7 | L7: 2337.4 | M7: 2555.3 | N7: 1806.6 | O7: 1820.9 | P7: 2008.1 | Q7: 2242.1 | R7: 2347.1 | S7: 2481.1 | T7: 2636.5 | U7: 2816.9
B8: Wages and salaries in cash | C8: - | D8: - | E8: - | I8: 2057.9 | J8: 2009.2 | K8: 2044.9 | L8: 2987 | N8: 1712.8 | O8: 1726.4 | P8: 1926.2 | Q8: 2123.7 | R8: 2223.2 | S8: 2350.1 | T8: 2497.3 | U8: 2668.1
B9: Wages and salaries in kind | C9: - | D9: - | E9: - | I9: 71.6 | J9: 78.3 | K9: 86.8 | L9: 2337.4 | N9: 93.8 | O9: 94.5 | P9: 81.9 | Q9: 118.4 | R9: 123.9 | S9: 131 | T9: 139.2 | U9: 148.7
A10: 212 | B10: Employers' social contributions | C10: 212.3 | D10: 154 | E10: 420.6 | I10: 687.5 | J10: 545.4 | K10: 539.8 | L10: 2987 | M10: 578.6 | N10: 713.2 | O10: 513.4 | P10: 544.2 | Q10: 373.2 | R10: 390.7 | S10: 413 | T10: 438.9 | U10: 468.9
B11: Use of goods and services | C11: 1945 | D11: 2509.8 | E11: 1991.3 | F11: 2174 | G11: 1746.2 | H11: 2306.6 | I11: 2594.3 | J11: 4107.7 | K11: 3489.4 | L11: 3802.2 | M11: 5248.9 | N11: 4569.2 | O11: 3622.6 | P11: 3555.5 | Q11: 3964.2 | R11: 4134.9 | S11: 4335 | T11: 4861.3 | U11: 5112.6
B12: Grants | C12: 1366.5 | D12: 710 | E12: 1609.4 | F12: 893 | G12: 610.7 | H12: 613.2 | I12: 779.2 | J12: 727.5 | K12: 607.2 | L12: 630.1 | M12: 1181.5 | N12: 1011.3 | O12: 2231 | P12: 1855.7 | Q12: 1334.8 | R12: 1375.5 | S12: 1453.5 | T12: 1585.3 | U12: 1645.5
B13: Other expenses | C13: 59 | D13: 855.3 | E13: 136.7 | F13: 121 | G13: 84.1 | H13: 79.8 | I13: 72.7 | J13: 84.8 | K13: 97.7 | L13: 59.2 | M13: 64.4 | N13: 64.2 | O13: 118 | P13: 126.2 | Q13: 139.3 | R13: 143.6 | S13: 151.7 | T13: 165.5 | U13: 171.8
B14: Net Aquisition Nonfinancial assets | C14: 1423.7 | D14: 1722.1 | E14: 3251.8 | F14: 1015.8 | G14: 554.8 | H14: 442.5 | I14: 482.1 | J14: 567.6 | K14: 819.5 | L14: 504.1 | M14: 1321.1 | N14: 1166.2 | O14: 1233.6 | P14: 1675.1 | Q14: 3041.7 | R14: 3134.4 | S14: 3312 | T14: 3612.3 | U14: 3749.7
B15: NFA: Intangible nonproduced assets | I15: 0 | J15: 0 | K15: 0 | L15: 0 | N15: 0 | O15: 0 | P15: 0 | Q15: 0 | R15: 0 | S15: 0 | T15: 0 | U15: 0
B16: NFA: Land | I16: 0 | J16: 0 | K16: 0 | L16: 0 | N16: 0 | O16: 0 | P16: 0 | Q16: 7.9 | R16: 8.1 | S16: 8.6 | T16: 9.3 | U16: 9.7
B17: NFA: Buildings and structures | I17: 0 | J17: 0 | K17: 0 | L17: 590.7 | N17: 0 | O17: 0 | P17: 0 | Q17: 1 | R17: 1.1 | S17: 1.1 | T17: 1.2 | U17: 1.3
B18: NFA: Dwellings | I18: 0 | J18: 0 | K18: 0 | L18: 4 | N18: 0 | O18: 0 | P18: 0 | Q18: 1.9 | R18: 2 | S18: 2.1 | T18: 2.3 | U18: 2.4
B19: NFA: Fixed assets | I19: 446.7 | J19: 533.9 | K19: 800.5 | L19: 467.5 | M19: 1405 | N19: 1130.9 | O19: 1172.7 | P19: 1586.3 | Q19: 2960.9 | R19: 3051.2 | S19: 3224.1 | T19: 3516.4 | U19: 3650.1
B20: NFA: Information, computer & telecommunications equipment | I20: 17.7 | J20: 10.2 | K20: 7.7 | L20: 9.5 | M20: 4.8 | N20: 11.2 | O20: 25.6 | P20: 57.6 | Q20: 40.6 | R20: 41.9 | S20: 44.2 | T20: 48.3 | U20: 50.1
B21: NFA: Machinery & equipment other than transport equipment | I21: 11.4 | J21: 7.5 | K21: 6.4 | L21: 11 | M21: 11.1 | N21: 8.5 | O21: 9.4 | P21: 7 | Q21: 10.4 | R21: 10.8 | S21: 11.4 | T21: 12.4 | U21: 12.9
B22: NFA: Other structures | I22: 1.6 | J22: 11.8 | K22: 0.2 | L22: 0 | N22: 0 | O22: 0 | P22: 0 | Q22: 3.8 | R22: 3.9 | S22: 4.1 | T22: 4.5 | U22: 4.7
B23: NFA: Transport equipment | I23: 4.7 | J23: 4.2 | K23: 4.8 | L23: 0.7 | M23: 7.1 | N23: 15.6 | O23: 25.9 | P23: 24.1 | Q23: 15 | R23: 15.5 | S23: 16.4 | T23: 17.9 | U23: 18.5
B24: OEFCIVOA: Other accounts receivable | C24: 0.5 | J24: 15.2 | K24: 3.6 | L24: 0
B25: Social benefits | I25: 0.9 | J25: 0 | K25: 169.8 | L25: 0 | N25: 0 | O25: 0 | P25: 0 | Q25: 31.9 | R25: 33.4 | S25: 35.3 | T25: 37.5 | U25: 40
B26: Out of scope for GFS recording purposes | D26: 1011.8 | I26: 0 | J26: 0 | K26: 0 | L26: 0 | N26: 0 | P26: 0 | Q26: 2.3 | R26: 2.4 | S26: 2.5 | T26: 2.7 | U26: 2.8
B28: Provincial Governments | C28: 1753.1 | D28: 2794.3 | E28: 3686.3 | F28: =SUM(F29:F39) -> 3949.8 | G28: =SUM(G29:G39) -> 3658.4 | H28: 3178.5 | I28: 3560.9 | J28: 3123.9 | K28: 4579.8 | L28: 4880.6 | M28: 5178.1 | N28: 6152 | O28: 5900.7 | P28: 5903.5 | Q28: 6481.1 | R28: 6627.9 | S28: 7004.7 | T28: 7397.2 | U28: 7716.4
B29: Compensation of Employees | C29: 1037.5 | D29: 1006.3 | E29: 1301 | F29: 1457.8 | G29: 1641.7 | H29: 1686.4 | I29: 1823 | J29: 1960.3 | K29: 2135.1 | L29: 2043.7 | M29: 2120.8 | N29: 2291.7 | O29: 2629.9 | P29: 2849 | Q29: 2864.1 | R29: 2998.2 | S29: 3169.3 | T29: 3367.8 | U29: 3598.3
A30: 211 | B30: Wages and salaries [GFS] | C30: 1035.7 | D30: 1004.2 | E30: 1297.3 | I30: 1823 | J30: 1960.2 | K30: 2135.1 | L30: 2042.8 | M30: 2118.2 | N30: 2291.4 | O30: 2627.2 | P30: 2842.7 | Q30: 2864.1 | R30: 2998.2 | S30: 3169.3 | T30: 3367.8 | U30: 3598.3
B31: Wages and salaries in cash | I31: 1782.7 | J31: 1916.3 | K31: 2089.6 | L31: 1993.7 | N31: 2237 | O31: 2572.7 | P31: 2786.7 | Q31: 2803.2 | R31: 2934.5 | S31: 3102 | T31: 3296.3 | U31: 3521.8
B32: Wages and salaries in kind | I32: 40.3 | J32: 43.9 | K32: 45.5 | L32: 49.1 | N32: 54.4 | O32: 54.5 | P32: 56 | Q32: 60.9 | R32: 63.7 | S32: 67.4 | T32: 71.6 | U32: 76.5
A33: 212 | B33: Employers' social contributions | C33: 1.8 | D33: 2.1 | E33: 3.7 | I33: 0 | J33: 0.1 | K33: 0 | L33: 0.8 | M33: 2.6 | N33: 0.4 | O33: 2.7 | P33: 6.3 | Q33: 0 | R33: 0 | S33: 0 | T33: 0 | U33: 0
B34: Use of goods and services | C34: 332.6 | D34: 1593.1 | E34: 1382.5 | F34: 568.6 | G34: 809.7 | H34: 631.7 | I34: 713.6 | J34: 2129.1 | K34: 840.6 | L34: 1132.4 | M34: 995.5 | N34: 754.4 | O34: 1234.5 | P34: 967.6 | Q34: 1296.3 | R34: 1335.8 | S34: 1411.5 | T34: 1539.5 | U34: 1598
B35: Grants | C35: 127.5 | D35: 433.1 | E35: 716.8 | F35: 1883.9 | G35: 1184 | H35: 659.3 | I35: 1002.8 | J35: 636.4 | K35: 1546.7 | L35: 1378.6 | M35: 1642.4 | N35: 3039 | O35: 2011.9 | P35: 2027.5 | Q35: 2081.7 | R35: 2047.6 | S35: 2163.6 | T35: 2206 | U35: 2225.5
B36: Grants to other general governments current | I36: 626.9 | J36: 634.9 | K36: 1110.8 | L36: 956.8 | M36: 1027.4 | N36: 2548.5 | O36: 1589.9 | P36: 1596.5 | Q36: 1651.7 | R36: 1604.5 | S36: 1695.4 | T36: 1695.4 | U36: 1695.4
B37: Grants to other general governments capital | I37: 375.9 | J37: 1.5 | K37: 435.9 | L37: 421.8 | M37: 615 | N37: 490.5 | O37: 422 | P37: 431 | Q37: 430 | R37: 443.1 | S37: 468.2 | T37: 510.7 | U37: 530.1
B38: Net Aquisition Nonfinancial assets | C38: 255.5 | D38: 307.3 | E38: 286 | F38: 39.5 | G38: 23 | H38: 201 | I38: 21.5 | J38: 6.5 | K38: 57.4 | L38: 325.9 | M38: 419.3 | N38: 66.8 | O38: 24.3 | P38: 59.5 | Q38: 239 | R38: 246.3 | S38: 260.2 | T38: 283.8 | U38: 294.6
B39: Out of scope for GFS recording purposes | D39: 545.5
B41: Autonomous Bougainville Government | C41: 176.2 | D41: 221.3 | E41: 245.8 | F41: =SUM(F42:F52) -> 232.3 | G41: =SUM(G42:G52) -> 211 | H41: 165.2 | I41: 225.9 | J41: 159.4 | K41: 240.4 | L41: 328.9 | M41: 420.3 | N41: 454.6 | O41: 444.5 | P41: 452.8 | Q41: 495.4 | R41: 513.1 | S41: 542.3 | T41: 586.4 | U41: 614.5
B42: Compensation of Employees | C42: 58.2 | D42: 56.1 | E42: 63.5 | F42: 103.5 | G42: 113.9 | H42: 111.3 | I42: 119.8 | J42: 123.9 | K42: 142.4 | L42: 141.5 | M42: 134.4 | N42: 148.2 | O42: 170.1 | P42: 170.4 | Q42: 163.8 | R42: 171.4 | S42: 181.2 | T42: 192.6 | U42: 205.7
A43: 211 | B43: Wages and salaries [GFS] | C43: 58.2 | D43: 55.8 | E43: 63.3 | I43: 119.8 | J43: 123.9 | K43: 142.4 | L43: 127.1 | M43: 134.4 | N43: 148.2 | O43: 170.1 | P43: 170.4 | Q43: 163.8 | R43: 171.4 | S43: 181.2 | T43: 192.6 | U43: 205.7
B44: Wages and salaries in cash | I44: 116.9 | J44: 120.5 | K44: 133.4 | L44: 132.5 | N44: 138.4 | O44: 160.3 | P44: 160.2 | Q44: 153.3 | R44: 160.4 | S44: 169.6 | T44: 180.2 | U44: 192.6
B45: Wages and salaries in kind | I45: 2.9 | J45: 3.4 | K45: 9 | L45: 9 | N45: 9.8 | O45: 9.8 | P45: 10.2 | Q45: 10.5 | R45: 11 | S45: 11.6 | T45: 12.3 | U45: 13.2
A46: 212 | B46: Employers' social contributions | D46: 0.3 | E46: 0.2 | I46: 0 | J46: 0 | K46: 0 | L46: 0 | M46: 0 | N46: 0 | O46: 0 | P46: 0.1 | Q46: 0 | R46: 0 | S46: 0 | T46: 0 | U46: 0
B47: Use of goods and services | C47: 17 | D47: 28.3 | E47: 22.3 | F47: 26.8 | G47: 24.8 | H47: 22.4 | I47: 28.1 | J47: 33.5 | K47: 69.9 | L47: 163.8 | M47: 137.2 | N47: 104 | O47: 134.4 | P47: 159.4 | Q47: 161.6 | R47: 166.5 | S47: 176 | T47: 191.9 | U47: 199.2
B48: Grants | C48: 101 | D48: 58.1 | E48: 160 | F48: 102 | G48: 72.3 | H48: 31.5 | I48: 78 | J48: 0 | K48: 28.1 | L48: 10 | M48: 37 | N48: 108.4 | O48: 40 | P48: 43 | Q48: 70 | R48: 72.1 | S48: 76.2 | T48: 83.1 | U48: 86.3
A49: 263 | B49: Grants to other general government current | I49: 78 | J49: 0 | K49: 6.1 | L49: 10 | M49: 0 | N49: 59.4 | O49: 0 | P49: 4 | Q49: 30 | R49: 30.9 | S49: 32.7 | T49: 35.6 | U49: 37
B50: Grants to other general governments capital | I50: 4.5 | J50: 0 | K50: 22 | L50: 10 | M50: 37 | N50: 49 | O50: 40 | P50: 39 | Q50: 40 | R50: 41.2 | S50: 43.6 | T50: 47.5 | U50: 49.3
B51: Net Aquisition Nonfinancial assets | D51: 98 | I51: 73.5 | J51: 2 | K51: 0 | L51: 13.5 | M51: 111.7 | N51: 94 | O51: 100 | P51: 80 | Q51: 100 | R51: 103 | S51: 108.9 | T51: 118.8 | U51: 123.3
B52: Out of scope for GFS recording purposes | D52: 19.2 | I52: 0
B54: Commercial & Statutory Authorities | C54: 1370.2 | D54: 1382 | E54: 1574.2 | F54: =SUM(F55:F63) -> 667.7 | G54: =SUM(G55:G63) -> 624.6 | H54: 597.9 | I54: 1039.2 | J54: 1214.3 | K54: 1564.7 | L54: 1450.4 | M54: 1830.5 | N54: 3716 | O54: 3729.4 | P54: 4142 | Q54: 5267 | R54: 5467.3 | S54: 5778.2 | T54: 6225.7 | U54: 6550.4
B55: Compensation of Employees | C55: 4 | D55: 275.6 | E55: 306.9 | F55: 298.2 | G55: 313.2 | H55: 292.4 | I55: 438.6 | J55: 706.7 | K55: 882.4 | L55: 921.5 | M55: 1101.1 | N55: 1974.4 | O55: 2080.4 | P55: 2288.1 | Q55: 2460.1 | R55: 2575.3 | S55: 2722.3 | T55: 2892.8 | U55: 3090.7
A56: 211 | B56: Wages and salaries [GFS] | C56: 3.9 | D56: 251.9 | E56: 277 | I56: 414.1 | J56: 656 | K56: 811.8 | L56: 852.7 | M56: 1019 | N56: 1871.5 | O56: 1979.3 | P56: 2150.6 | Q56: 2289.2 | R56: 2396.4 | S56: 2533.2 | T56: 2691.8 | U56: 2876
B57: Wages and salaries in cash | I57: 405.2 | J57: 639.3 | K57: 790.9 | L57: 826.8 | N57: 1814 | O57: 1919.4 | P57: 2074.7 | Q57: 2203.2 | R57: 2306.4 | S57: 2438 | T57: 2590.7 | U57: 2768
B58: Wages and salaries in kind | I58: 8.9 | J58: 16.6 | K58: 20.9 | L58: 25.9 | N58: 57.5 | O58: 59.9 | P58: 75.9 | Q58: 86 | R58: 90 | S58: 95.1 | T58: 101.1 | U58: 108
A59: 212 | B59: Employers' social contributions | C59: 0.1 | D59: 23.7 | E59: 29.9 | I59: 24.4 | J59: 50.8 | K59: 70.6 | L59: 68.9 | M59: 82.1 | N59: 102.9 | O59: 101.1 | P59: 137.4 | Q59: 170.9 | R59: 178.9 | S59: 189.2 | T59: 201 | U59: 214.7
B60: Use of goods and services | C60: 77.7 | D60: 203.7 | E60: 295.1 | F60: 185.5 | G60: 185 | H60: 137.3 | I60: 324.1 | J60: 300.7 | K60: 398.2 | L60: 438.8 | M60: 609 | N60: 1004.2 | O60: 1124.1 | P60: 1150.9 | Q60: 1473.9 | R60: 1518.8 | S60: 1604.9 | T60: 1750.4 | U60: 1816.9
B61: Grants | C61: 479.5 | D61: 122.4 | E61: 28.6 | F61: 23.5 | G61: 18.2 | H61: 38.9 | I61: 46.6 | J61: 7.8 | K61: 8 | L61: 46.3 | M61: 156.7 | N61: 130.7 | O61: 135.4 | P61: 157.6 | Q61: 191.1 | R61: 197 | S61: 208.1 | T61: 227 | U61: 235.6
B62: Other expenses | C62: 13.5 | D62: 3.4 | E62: 67.8 | F62: 6.7 | G62: 8 | H62: 13.6 | I62: 17.2 | J62: 1.3 | K62: 1.8 | L62: 2.1 | M62: 3.8 | N62: 5.1 | O62: 2.8 | P62: 3.4 | Q62: 14.9 | R62: 14.8 | S62: 15.7 | T62: 17.1 | U62: 17.8
B63: Net Aquisition Nonfinancial assets | C63: 795.5 | D63: 777 | E63: 875.8 | F63: 153.8 | G63: 100.2 | H63: 115.8 | I63: 212.7 | J63: 197.8 | K63: 226.3 | L63: 422.2 | M63: 287 | N63: 601.6 | O63: 386.7 | P63: 542.1 | Q63: 1062.7 | R63: 1095.1 | S63: 1157.2 | T63: 1262.1 | U63: 1310.1
A64: 311 | B64: Aquisition of Fixed assets (Buildings and Structures) | J64: 197.8 | K64: 226.3 | L64: 422.2 | M64: 287 | N64: 601.6 | O64: 386.7 | P64: 542.1 | Q64: 1062.7 | R64: 1095.1 | S64: 1157.2 | T64: 1262.1 | U64: 1310.1
B65: NFA: Buildings and structures | J65: 0 | K65: 0 | L65: 0 | N65: 0 | O65: 0 | P65: 0 | Q65: 4.9 | R65: 5 | S65: 5.3 | T65: 5.8 | U65: 6
B66: NFA: Dwellings | J66: 0 | K66: 0 | L66: 0 | N66: 0 | O66: 0 | P66: 0 | Q66: 66.7 | R66: 68.8 | S66: 72.7 | T66: 79.2 | U66: 82.3
B67: NFA: Buildings other than dwellings | J67: 0 | K67: 0 | L67: 0 | N67: 0 | O67: 0 | P67: 0 | Q67: 0.3 | R67: 0.3 | S67: 0.3 | T67: 0.4 | U67: 0.4
B68: NFA: Fixed assets | J68: 183.8 | K68: 211.3 | L68: 405.1 | M68: 267.8 | N68: 580 | O68: 347.1 | P68: 499.3 | Q68: 935.3 | R68: 963.8 | S68: 1018.4 | T68: 1110.7 | U68: 1153
B69: NFA: Machinery & equipment other than transport equipment | J69: 12.4 | K69: 12.9 | L69: 16.4 | M69: 15.6 | N69: 15.5 | O69: 16.9 | P69: 12 | Q69: 23.6 | R69: 24.3 | S69: 25.7 | T69: 28 | U69: 29.1
B70: NFA: Other structures | J70: 0 | K70: 0 | L70: 0 | M70: 0 | N70: 0 | O70: 0 | P70: 0 | Q70: 6.8 | R70: 7 | S70: 7.4 | T70: 8.1 | U70: 8.4
B71: NFA: Transport equipment | J71: 1.5 | K71: 1.8 | L71: 0.6 | M71: 3.5 | N71: 2.7 | O71: 4.2 | P71: 10.5 | Q71: 8.5 | R71: 8.7 | S71: 9.2 | T71: 10.1 | U71: 10.4
B72: NFA: Information, computer & telecommunications equipment | J72: 0.1 | K72: 0.3 | L72: 0.2 | M72: 0.1 | N72: 3.4 | O72: 18.5 | P72: 20.4 | Q72: 16.7 | R72: 17.2 | S72: 18.2 | T72: 19.8 | U72: 20.5
B73: Social assistance benefits | L73: 0 | M73: 0 | N73: 0 | O73: 0 | P73: 0 | Q73: 58.3 | R73: 60.1 | S73: 63.5 | T73: 69.2 | U73: 71.9
B74: Out of scope for GFS coding purposes | O74: 0 | P74: 0 | Q74: 5.9 | R74: 6.1 | S74: 6.5 | T74: 7.1 | U74: 7.3
B76: Debt Service (Interest plus fees and charges) | C76: 452.3 | D76: 521.1 | E76: 933.1 | F76: =SUM(F77:F78) -> 1074.7 | G76: =SUM(G77:G78) -> 1264.3 | H76: 1633.9 | I76: 1934.7 | J76: 2147.2 | K76: 2165.1 | L76: 2254.7 | M76: 2578.7 | N76: 2769.7 | O76: 2963.5 | P76: 3403.4 | Q76: 3723 | R76: 4048.8 | S76: 4104.1 | T76: 3502.5 | U76: 3818.9
B77: Use of goods and services | F77: 4.8 | G77: 16.2 | H77: 109 | I77: 81.4 | J77: 18.1 | K77: 5.1 | L77: 5.6 | M77: 6.2 | N77: 8.4 | O77: 11 | P77: 23.6 | Q77: 94.8 | R77: 40.1 | S77: 62 | T77: 75 | U77: 80
B78: Interest [GFS] | C78: 452.3 | D78: 521.1 | E78: 933.1 | F78: 1069.9 | G78: 1248.1 | H78: 1524.9 | I78: 1853.3 | J78: 2129.1 | K78: 2160 | L78: 2249.1 | M78: 2572.5 | N78: 2761.3 | O78: 2952.5 | P78: 3379.8 | Q78: 3628.2 | R78: 4008.7 | S78: 4042.1 | T78: 3427.5 | U78: 3738.9
B79: To nonresidents [GFS] | C79: 38.1 | D79: 42.3 | E79: 92.7 | F79: 83.8 | G79: 1171.1 | H79: 168.9 | I79: 210.5 | J79: 449 | K79: 468.1 | L79: 328.2 | M79: 427.6 | N79: 792.7 | O79: 1068.7 | P79: 1111.4 | Q79: 1399.4 | R79: 2525.7 | S79: 2631.4 | T79: 2625.4 | U79: 2656.5
B80: To residents other than general government [GFS] | C80: 414.2 | D80: 478.9 | E80: 840.4 | F80: 986.1 | G80: 77 | H80: 1356 | I80: 1642.8 | J80: 1680.1 | K80: 1691.9 | L80: 1920.9 | M80: 2144.9 | N80: 1968.6 | O80: 1883.8 | P80: 2268.4 | Q80: 2228.8 | R80: 1483.1 | S80: 1410.7 | T80: 802.2 | U80: 1082.4
B82: Expenditure supported by donor grants | F82: =SUM(F83:F85) -> 799.4 | G82: =SUM(G83:G85) -> 1357.9 | H82: 1439.9 | I82: 1835.7 | J82: 1775.7 | K82: 1424.9 | L82: 1862.4 | M82: 1472.1 | N82: 1158.6 | O82: 1180.6 | P82: 1481.2 | Q82: 1943 | R82: 1993 | S82: 2043 | T82: 2093 | U82: 2143
B83: Use of goods and services | F83: 574.6 | G83: 1125.7 | H83: 882.6 | I83: 1030 | J83: 696.9 | K83: 482.5 | L83: 630.6 | M83: 498.4 | N83: 392.3 | O83: 403.9 | P83: 432.5 | Q83: 567.4 | R83: 582 | S83: 596.6 | T83: 611.2 | U83: 625.8
B84: Grants | F84: 21.6 | G84: 11.8 | H84: 40.3 | I84: 93.2
B85: Net Acquisition Nonfinancial assets | F85: 203.2 | G85: 220.4 | H85: 517 | I85: 712.5 | J85: 1078.8 | K85: 942.4 | L85: 1231.8 | M85: 973.7 | N85: 766.3 | O85: 776.7 | P85: 1048.7 | Q85: 1375.7 | R85: 1411.1 | S85: 1446.5 | T85: 1481.9 | U85: 1517.3
B86: NFA: Fixed assets | L86: 426 | M86: 336.7 | N86: 265 | O86: 268.6 | P86: 368.4 | Q86: 483.3 | R86: 495.7 | S86: 508.2 | T86: 520.6 | U86: 533
B87: Other expense - Current transfers not elsewhere classified | L87: 805.8 | M87: 636.9 | N87: 501.3 | O87: 508.1 | P87: 680.3 | Q87: 892.4 | R87: 915.3 | S87: 938.3 | T87: 961.3 | U87: 984.2
B89: Expenditure financed by concessional loans | F89: =SUM(F90:F91) -> 707.3 | G89: =SUM(G90:G91) -> 712 | H89: 576.1 | I89: 791.6 | J89: 1311.7 | K89: 1567.8 | L89: 1493.5 | M89: 1447.5 | N89: 1033 | O89: 998.9 | P89: 967.2 | Q89: 1226 | R89: 1238.3 | S89: 1312.6 | T89: 1391.3 | U89: 1474.8
B90: Use of goods and services | F90: 71.3 | G90: 195 | H90: 48.6 | I90: 107.6 | J90: 123.2 | K90: 102.8 | L90: 114.1 | M90: 110.6 | N90: 78.9 | O90: 73.6 | P90: 55.3 | Q90: 70.1 | R90: 70.8 | S90: 75 | T90: 79.5 | U90: 84.3
B91: Net Acquisition Nonfinancial assets | F91: 636 | G91: 517 | H91: 489.3 | I91: 684 | J91: 1188.6 | K91: 1465 | L91: 1379.4 | M91: 1336.9 | N91: 954 | O91: 925.3 | P91: 911.9 | Q91: 1155.9 | R91: 1167.5 | S91: 1237.5 | T91: 1311.8 | U91: 1390.5
B92: Acquisition of Fixed assets (Buildings and Structures) | L92: 1379.4 | M92: 1336.9 | N92: 954 | O92: 925.3 | P92: 911.9 | Q92: 1155.9 | R92: 1167.5 | S92: 1237.5 | T92: 1311.8 | U92: 1390.5
B93: NFA: Buildings and structures | L93: 989.1 | M93: 958.6 | N93: 659.9 | O93: 671.2 | P93: 652 | Q93: 826.5 | R93: 834.7 | S93: 884.8 | T93: 937.9 | U93: 994.2
B94: NFA: Fixed assets | L94: 298.2 | M94: 289 | N94: 240.8 | O94: 194.6 | P94: 196.5 | Q94: 249.1 | R94: 251.6 | S94: 266.7 | T94: 282.7 | U94: 299.7
B95: NFA: Information, computer, & telecommunications equipment | L95: 49.5 | M95: 48 | N95: 33 | O95: 32 | P95: 32.7 | Q95: 41.4 | R95: 41.8 | S95: 44.3 | T95: 47 | U95: 49.8
B96: NFA: Machinery & equipment other than transport equipment | L96: 0 | M96: 0 | N96: 0 | O96: 0 | P96: 0 | Q96: 0 | R96: 0 | S96: 0 | T96: 0 | U96: 0
B97: Other expense - Current transfers not elsewhere classified | L97: 42.6 | M97: 41.3 | N97: 20.4 | O97: 27.5 | P97: 30.7 | Q97: 38.9 | R97: 39.3 | S97: 41.7 | T97: 44.2 | U97: 46.9
B99: TOTAL EXPENDITURE | C99: 9943.3 | D99: 13175.8 | E99: 15454.1 | F99: =F5+F28+F41+F54+F76+F82+F89 -> 13768.8 | G99: =G5+G28+G41+G54+G76+G82+G89 -> 13218.5 | H99: =H5+H28+H41+H54+H76+H82+H89 -> 13319.8 | I99: 16134.2 | J99: 17852.5 | K99: 19397.8 | L99: 20130.7 | M99: 24390 | N99: 24614.6 | O99: 24757.3 | P99: 26115.1 | Q99: 30265.2 | R99: 31450.5 | S99: 32968.9 | T99: 34536.1 | U99: 36326.3
B101: Notes:
B102: * Net Acquisition of Non-Financial Assets, excludes operational costs like maintenance and repair of fixed assets which are included in the use of goods and services.
B103: *data for 2017 in the 2018 Budget comes from the 2017 Supplementary Budget
B105: 2025 Budget Projection TABLE 13B: GENERAL GOVERNMENT EXPENSE | C105: 2012 | D105: 2013 | E105: 2014 | F105: 2015 | G105: 2016 | H105: 2017 | I105: 2018 | J105: 2019 | K105: 2020 | L105: 2021 | M105: 2022 | N105: 2023 | O105: 2024 | P105: 2025 Budget | Q105: 2026 | R105: 2027 | S105: 2028 | T105: 2029 | U105: 2030
B106: BY ECONOMIC CLASSIFICATION | C106: ACTUAL | D106: ACTUAL | E106: ACTUAL | F106: ACTUAL | G106: ACTUAL | H106: ACTUAL | I106: ACTUAL | J106: ACTUAL | K106: ACTUAL | L106: ACTUAL | M106: ACTUAL | N106: ACTUAL | O106: ACTUAL | P106: ESTIMATE | Q106: PROJECTION | R106: PROJECTION | S106: PROJECTION | T106: PROJECTION | U106: PROJECTION
B107: (Kina million) | C107: 2016 Budget | D107: 2016 Budget | E107: 2016 Budget | F107: 2018 Budget | G107: 2018 Budget | H107: 2019 Budget | I107: 2020 Budget | J107: 2019 FBO | K107: 2020 FBO | L107: 2021 FBO | M107: 2022 FBO | N107: 2023 FBO | O107: 2024 FBO | P107: 2026 Budget | Q107: 2026 Budget | R107: 2026 Budget | S107: 2026 Budget | T107: 2026 Budget | U107: 2026 Budget
B109: National Departments | C109: =6643.9 -> 6643.9 | D109: =8778.2 -> 8778.2 | E109: =9947.9 -> 9947.9 | F109: =F110+F115+F116+F129+F117+F118+F128+F130 -> 6337.6 | G109: =G110+G115+G116+G129+G117+G118+G128+G130 -> 5390.3 | H109: 5728.3 | I109: 6746.2 | J109: 8120.4 | K109: 7855.1 | L109: 7860.3 | M109: 11462.7 | N109: 9330.8 | O109: 9539.5 | P109: 10901 | Q109: 11129.6 | R109: 11562 | S109: 12184.1 | T109: 13339.9 | U109: 14008.3
B110: Compensation of Employees | C110: 1396.8 | D110: 1448 | E110: 2025.5 | F110: 2133.8 | G110: 2394.5 | H110: 2286.2 | I110: 2817 | J110: 2632.8 | K110: 2671.5 | L110: 2987 | M110: 3133.9 | N110: 2519.8 | O110: 2334.2 | P110: 2685.1 | Q110: 2615.3 | R110: 2737.8 | S110: 2894.1 | T110: 3075.4 | U110: 3285.8
A111: 211 | B111: Wages and salaries [GFS] | C111: 1184.6 | D111: 1294 | E111: 1604.9 | I111: 2129.5 | J111: 2087.4 | K111: 2131.7 | L111: 2337.4 | M111: 2555.3 | N111: 1806.6 | O111: 1820.9 | P111: 2025 | Q111: 2242.1 | R111: 2347.1 | S111: 2481.1 | T111: 2636.5 | U111: 2816.9
...

Sheet Exp compare
B1: EXPENDITURE COMPARISONS | C1: =D1-1 -> 1989 | D1: =E1-1 -> 1990 | E1: =F1-1 -> 1991 | F1: =G1-1 -> 1992 | G1: =H1-1 -> 1993 | H1: =I1-1 -> 1994 | I1: =J1-1 -> 1995 | J1: =K1-1 -> 1996 | ... L1: =M1-1 -> 1998 | M1: 1999 | N1: 2000 | O1: 2001 | P1: 2002 | Q1: 2003 | R1: 2004 | S1: 2005 | T1: 2006 | U1: 2007 | V1: 2008 | W1: 2009 | X1: 2010 | Y1: 2011 | Z1: 2012 | AA1: 2013 | AB1: 2014 | AC1: 2015 | AD1: 2016 | AE1: 2017 | AF1: 2018 | AG1: 2019 | AH1: 2020 | AI1: ='Exp (Tb13B)'!L1 -> 2021 | AJ1: ='Exp (Tb13B)'!M1 -> 2022 | AK1: ='Exp (Tb13B)'!N1 -> 2023 | AL1: ='Exp (Tb13B)'!O1 -> 2024 | AM1: ='Exp (Tb13B)'!P1 -> 2025 | AN1: ='Exp (Tb13B)'!Q1 -> 2026 Budget | AO1: ='Exp (Tb13B)'!R1 -> 2027 | AP1: ='Exp (Tb13B)'!S1 -> 2028 | ... AR1: ='Exp (Tb13B)'!U1 -> 2030
B2: BY ECONOMIC CLASSIFICATION | C2: ACTUAL | D2: ACTUAL | E2: ACTUAL | F2: ACTUAL | G2: ACTUAL | H2: ACTUAL | I2: ACTUAL | J2: ACTUAL | K2: ACTUAL | L2: ACTUAL | M2: ACTUAL | N2: ACTUAL | O2: ACTUAL | P2: ACTUAL | Q2: ACTUAL | R2: ACTUAL | S2: ACTUAL | T2: ACTUAL | U2: ACTUAL | V2: ACTUAL | W2: ACTUAL | X2: ACTUAL | Y2: ACTUAL | Z2: ACTUAL | AA2: ACTUAL | AB2: ACTUAL | AC2: ACTUAL | AD2: ACTUAL | AE2: ='Exp (Tb13B)'!H2 -> ACTUAL | AF2: ='Exp (Tb13B)'!I2 -> ACTUAL | AG2: ='Exp (Tb13B)'!J2 -> ACTUAL | AH2: ='Exp (Tb13B)'!K2 -> ACTUAL | AI2: ='Exp (Tb13B)'!L2 -> ACTUAL | AJ2: ='Exp (Tb13B)'!M2 -> ACTUAL | AK2: ='Exp (Tb13B)'!N2 -> ACTUAL | AL2: ='Exp (Tb13B)'!O2 -> ACTUAL | ... AR2: ='Exp (Tb13B)'!U2 -> PROJECTION
B3: (Kina million) | D3: 1995 Budget | E3: 1995 Budget | F3: 1995 Budget | G3: 1995 Budget | H3: 1996 Budget | I3: 1999 Budget | J3: 1999 Budget | K3: 1999 Budget | X3: 2012 Budget | Y3: 2013 Budget | Z3: 2016 Budget/ 2013 FBO | AA3: 2016 Budget/ 2013 FBO | AB3: 2016 Budget/ 2015 FBO | AC3: 2018 Budget/ 2015 FBO | AD3: 2018 Budget | AE3: 2019 Budget | AF3: ='Exp (Tb13B)'!I3 -> 2020 Budget | AG3: ='Exp (Tb13B)'!J3 -> 2019 FBO | AH3: ='Exp (Tb13B)'!K3 -> 2020 FBO | AI3: ='Exp (Tb13B)'!L3 -> 2021 FBO | AJ3: ='Exp (Tb13B)'!M3 -> 2022 FBO | AK3: ='Exp (Tb13B)'!N3 -> 2023 FBO | AL3: ='Exp (Tb13B)'!O3 -> 2024 FBO | AM3: ='Exp (Tb13B)'!P3 -> 2025 FBO | ... AR3: ='Exp (Tb13B)'!U3 -> 2026 Budget
A5: 2 | B5: TOTAL EXPENDITURE AND NET LENDING | Z5: ='Exp (Tb13B)'!C99 -> 9943.3 | AA5: ='Exp (Tb13B)'!D99 -> 13175.8 | AB5: ='Exp (Tb13B)'!E99 -> 15454.1 | AC5: ='Exp (Tb13B)'!F99 -> 13768.8 | AD5: ='Exp (Tb13B)'!G99 -> 13218.5 | AE5: ='Exp (Tb13B)'!H99 -> 13319.8 | AF5: ='Exp (Tb13B)'!I99 -> 16134.2 | AG5: ='Exp (Tb13B)'!J99 -> 17852.5 | ... AR5: ='Exp (Tb13B)'!U99 -> 36326.3
B6: TOTAL EXPENDITURE AND NET LENDING | C6: 1049.1 | D6: 1089.1 | E6: 1187.8 | F6: 1358.3 | G6: 1605.1 | H6: 1605.5 | I6: 1755 | J6: 1860.8 | K6: 2192.2 | L6: 2475.2 | M6: 2801.3 | N6: 3206.2 | O6: 3544.2 | P6: 3774.4 | Q6: 3774.4 | R6: 4147.8 | S6: 5319.1 | T6: 5775.8 | U6: 6552.4 | V6: 7551.8 | W6: 6687.2 | X6: 8092.6 | Y6: 8588.8 | Z6: 10943.9 | AA6: 12505.1 | AB6: 14489.8 | AC6: 13496.1
B8: NATIONAL DEPARTMENTS | Z8: ='Exp (Tb13B)'!C5 -> 6643.9 | AA8: ='Exp (Tb13B)'!D5 -> 8778.2 | AB8: ='Exp (Tb13B)'!E5 -> 9947.9 | AC8: ='Exp (Tb13B)'!F5 -> 6337.6 | AD8: ='Exp (Tb13B)'!G5 -> 5390.3 | AE8: ='Exp (Tb13B)'!H5 -> 5728.3 | AF8: ='Exp (Tb13B)'!I5 -> 6746.2 | AG8: ='Exp (Tb13B)'!J5 -> 8120.4 | ... AR8: ='Exp (Tb13B)'!U5 -> 14008.3
B9: NATIONAL DEPARTMENTS | C9: 458.6 | D9: 467.7 | E9: 524.6 | F9: 603.5 | G9: 606.4 | H9: 676.9 | I9: 781.6 | J9: 720.1 | K9: 820.1 | L9: 861.5 | M9: 969.5 | N9: 1218.1 | O9: 1242.3 | P9: 1357.1 | Q9: 1192.4 | R9: 1555.1 | S9: 1833.1 | T9: 1665.9 | U9: 2098.4 | V9: 2276.1 | W9: 2403.4 | X9: 2474.3 | Y9: 3338.9 | Z9: 3917.2 | AA9: 4990.8 | AB9: 7264.7 | AC9: =AC12+AC14+AC21+AC25+AC26+AC28 -> 6337.4
A11: 21 | B11: Compensation of Employees | Z11: ='Exp (Tb13B)'!C6 -> 1396.8 | AA11: ='Exp (Tb13B)'!D6 -> 1448 | AB11: ='Exp (Tb13B)'!E6 -> 2025.5 | AC11: ='Exp (Tb13B)'!F6 -> 2133.8 | AD11: ='Exp (Tb13B)'!G6 -> 2394.5 | AE11: ='Exp (Tb13B)'!H6 -> 2286.2 | AF11: ='Exp (Tb13B)'!I6 -> 2817 | AG11: ='Exp (Tb13B)'!J6 -> 2632.8 | ... AR11: ='Exp (Tb13B)'!U6 -> 3285.8
B12: Personal Emoluments | C12: 204.3 | D12: 225.8 | E12: 232.8 | F12: 255.8 | G12: 269.8 | H12: 309.7 | I12: 334.4 | J12: 345.9 | K12: 367.3 | L12: 383 | M12: 424.4 | N12: 473.1 | O12: 539.5 | P12: 574.3 | Q12: 618 | R12: 682.2 | S12: 690.5 | T12: 698 | U12: 834.7 | V12: 919.6 | W12: 986.7 | X12: 1070.2 | Y12: 1309 | Z12: 1395 | AA12: 1460 | AB12: 2025.5 | AC12: 2133.8
A13: 22 | B13: Use of goods and services | Z13: ='Exp (Tb13B)'!C11 -> 1945 | AA13: ='Exp (Tb13B)'!D11 -> 2509.8 | AB13: ='Exp (Tb13B)'!E11 -> 1991.3 | AC13: ='Exp (Tb13B)'!F11 -> 2174 | AD13: ='Exp (Tb13B)'!G11 -> 1746.2 | AE13: ='Exp (Tb13B)'!H11 -> 2306.6 | AF13: ='Exp (Tb13B)'!I11 -> 2594.3 | AG13: ='Exp (Tb13B)'!J11 -> 4107.7 | ... AR13: ='Exp (Tb13B)'!U11 -> 5112.6
B14: Goods and Services | C14: 254.3 | D14: 241.9 | E14: 291.8 | F14: 347.7 | G14: 336.6 | H14: 367.2 | I14: 447.2 | J14: 374.2 | K14: 452.8 | L14: 478.5 | M14: 545.1 | N14: 745 | O14: 702.8 | P14: 782.8 | Q14: 574.4 | R14: 872.9 | S14: 1142.6 | T14: 967.9 | U14: 1263.7 | V14: 1356.5 | W14: 1416.7 | X14: 1404.1 | Y14: 2029.9 | Z14: 2522.2 | AA14: 3530.8 | AB14: 1589.6 | AC14: 1511.6
B15: General Goods and Services | M15: 545.1 | N15: 474.7 | O15: 571.9 | P15: 554 | Q15: 489.9 | R15: 534.9 | S15: 904 | T15: 786.6 | U15: 1050.8 | V15: 1133.6 | W15: 1213.4 | X15: 1161.9 | Y15: 1791.5 | Z15: 2171.9 | AA15: 2803.8 | AB15: - | AC15: -
B16: Education Subsidies | P16: 134.7 | Q16: 29.9 | R16: 39.5 | S16: 40.9 | T16: 42.4 | U16: 148.9 | V16: 142.9 | W16: 142.7 | X16: 144.2 | Y16: 171.8 | Z16: 277.7 | AA16: 647.2 | AB16: - | AC16: -
B17: Pre-March 2003 Arrears Payments | N17: 193.3 | O17: 91.3 | P17: 12 | Q17: 20.6 | R17: 141.8 | S17: 36.2 | T17: 33.9 | U17: 1.2 | V17: - | W17: - | X17: - | Y17: - | Z17: - | AA17: - | AB17: - | AC17: -
B18: Structural Adjustment Payments | N18: 77 | O18: 39.6 | P18: 68 | Q18: 9.7 | R18: 66.7 | S18: 104.5 | T18: 30.3 | U18: 6.8 | V18: 8.8 | W18: 9 | X18: 28 | Y18: 5.8 | Z18: 7.1 | AA18: - | AB18: - | AC18: -
B19: Court Orders | P19: 14.1 | Q19: 24.2 | R19: 90 | S19: 57 | T19: 74.7 | U19: 56 | V19: 71.2 | W19: 51.6 | X19: 70 | Y19: 60.8 | Z19: 65.5 | AA19: 79.8 | AB19: - | AC19: -
A20: 26 | B20: Grants | Z20: ='Exp (Tb13B)'!C12 -> 1366.5 | AA20: ='Exp (Tb13B)'!D12 -> 710 | AB20: ='Exp (Tb13B)'!E12 -> 1609.4 | AC20: ='Exp (Tb13B)'!F12 -> 893 | AD20: ='Exp (Tb13B)'!G12 -> 610.7 | AE20: ='Exp (Tb13B)'!H12 -> 613.2 | AF20: ='Exp (Tb13B)'!I12 -> 779.2 | AG20: ='Exp (Tb13B)'!J12 -> 727.5 | ... AR20: ='Exp (Tb13B)'!U12 -> 1645.5
B21: Grants Subsidies and Transfers | AB21: 1439.9 | AC21: 1028.8
A22: 27 | B22: Social Benefits | AC22: ='Exp (Tb13B)'!F25 -> 0
A23: 28 | B23: Other expenses | Z23: ='Exp (Tb13B)'!C13 -> 59 | AA23: ='Exp (Tb13B)'!D13 -> 855.3 | AB23: ='Exp (Tb13B)'!E13 -> 136.7 | AC23: ='Exp (Tb13B)'!F13 -> 121 | AD23: ='Exp (Tb13B)'!G13 -> 84.1 | AE23: ='Exp (Tb13B)'!H13 -> 79.8 | AF23: ='Exp (Tb13B)'!I13 -> 72.7 | AG23: ='Exp (Tb13B)'!J13 -> 84.8 | ... AR23: ='Exp (Tb13B)'!U13 -> 171.8
A24: 31 | B24: Net Aquisition Nonfinancial assets | Z24: ='Exp (Tb13B)'!C14 -> 1423.7 | AA24: ='Exp (Tb13B)'!D14 -> 1722.1 | AB24: ='Exp (Tb13B)'!E14 -> 3251.8 | AC24: ='Exp (Tb13B)'!F14 -> 1015.8 | AD24: ='Exp (Tb13B)'!G14 -> 554.8 | AE24: ='Exp (Tb13B)'!H14 -> 442.5 | AF24: ='Exp (Tb13B)'!I14 -> 482.1 | AG24: ='Exp (Tb13B)'!J14 -> 567.6 | ... AR24: ='Exp (Tb13B)'!U14 -> 3749.7
B25: Acquisition of Existing Assets | AB25: 48.3 | AC25: 11.2
B26: Capital Formation | AB26: 1560.5 | AC26: 1012.8
B27: Write Offs and Depreciation/Other | AC27: 0.2
B28: Utilities, Rentals and Property Costs | AB28: 601 | AC28: 639.2
A29: 52 | B29: OEFCIVOA: Other accounts receivable | Z29: ='Exp (Tb13B)'!C24 -> 0.5 | AA29: - | AB29: - | AC29: - | AD29: - | AE29: - | AF29: - | AG29: - | AH29: - | AI29: - | AJ29: - | AK29: - | AL29: - | AM29: - | AN29: - | AO29: - | AP29: - | AQ29: - | AR29: -
A30: 9 | B30: Out of scope for GFS coding purposes | AA30: ='Exp (Tb13B)'!D26 -> 1011.8 | AB30: - | AC30: ='Exp (Tb13B)'!F26 -> 0 | AD30: - | AE30: - | AF30: - | AG30: - | AH30: - | AI30: - | AJ30: - | AK30: - | AL30: - | AM30: - | AN30: - | AO30: - | AP30: - | AQ30: - | AR30: -
B32: PROVINCIAL GOVERNMENTS | Z32: ='Exp (Tb13B)'!C28 -> 1753.1 | AA32: ='Exp (Tb13B)'!D28 -> 2794.3 | AB32: ='Exp (Tb13B)'!E28 -> 3686.3 | AC32: ='Exp (Tb13B)'!F28 -> 3949.8 | AD32: ='Exp (Tb13B)'!G28 -> 3658.4 | AE32: ='Exp (Tb13B)'!H28 -> 3178.5 | AF32: ='Exp (Tb13B)'!I28 -> 3560.9 | AG32: ='Exp (Tb13B)'!J28 -> 3123.9 | ... AR32: ='Exp (Tb13B)'!U28 -> 7716.4
B33: PROVINCIAL GOVERNMENTS | C33: 147.2 | D33: 136.1 | E33: 144.4 | F33: 163.3 | G33: 157 | H33: 152.5 | I33: 334.9 | J33: 525 | K33: 584.7 | L33: 559.6 | M33: 536.7 | N33: 526.6 | O33: 588.6 | P33: 562.9 | Q33: 563.3 | R33: 656 | S33: 632.5 | T33: 765.1 | U33: 745 | V33: 802.7 | W33: 985.6 | X33: 982.9 | Y33: 1228.1 | Z33: 1346.4 | AA33: 1396.6 | AB33: 3512.8 | AC33: 3437.7
A34: 21 | B34: Compensation of Employees | Z34: 1037.5 | AA34: 1006.3 | AB34: 1301 | AC34: ='Exp (Tb13B)'!F29 -> 1457.8 | AD34: ='Exp (Tb13B)'!G29 -> 1641.7 | AE34: ='Exp (Tb13B)'!H29 -> 1686.4 | AF34: ='Exp (Tb13B)'!I29 -> 1823 | AG34: ='Exp (Tb13B)'!J29 -> 1960.3 | AH34: ='Exp (Tb13B)'!K29 -> 2135.1 | AI34: ='Exp (Tb13B)'!L29 -> 2043.7 | AJ34: ='Exp (Tb13B)'!M29 -> 2120.8 | ... AR34: ='Exp (Tb13B)'!U29 -> 3598.3
B35: Personal Emoluments | C35: 109.2 | D35: 106.5 | E35: 111.3 | F35: 121.3 | G35: 125.2 | H35: 135.1 | I35: =SUM(I36:I37) -> 256.1 | J35: =SUM(J36:J37) -> 258.3 | K35: =SUM(K36:K37) -> 288.1 | L35: =SUM(L36:L37) -> 306.5 | M35: 383.8 | N35: 363.2 | O35: 419.8 | P35: 467.2 | Q35: 482.9 | R35: 580.2 | S35: 543.4 | T35: 662.5 | U35: 621.6 | V35: 668.4 | W35: 791.4 | X35: 781.6 | Y35: 977 | Z35: 1037.4 | AA35: 1004.6 | AB35: 1301 | AC35: 1413.6
B36: Teachers Salaries | I36: 151.1 | J36: 152 | K36: 182.2 | L36: 197.6 | M36: 238.3 | N36: 235.5 | O36: 272.9 | P36: 310.8 | Q36: 322.2 | R36: 397.2 | S36: 380.9 | T36: 471.2 | U36: 438 | V36: 463.6 | W36: 544 | X36: 526.5 | Y36: 679.8 | Z36: 706 | AA36: 633 | AB36: - | AC36: -
B37: Staffing Grants | I37: 105 | J37: 106.3 | K37: 105.9 | L37: 108.9 | M37: 145.5 | N37: 127.7 | O37: 146.9 | P37: 156.4 | Q37: 160.7 | R37: 183 | S37: 162.5 | T37: 191.3 | U37: 183.6 | V37: 204.8 | W37: 247.4 | X37: 255.1 | Y37: =Y35-Y36 -> 297.2 | Z37: - | AA37: - | AB37: - | AC37: -
B38: Teachers Leave Fares | Y38: 21.9 | Z38: 21.3 | AA38: 29.5 | AB38: - | AC38: -
B39: Public Servant Salaries | Y39: 254.2 | Z39: 290.3 | AA39: 321 | AB39: - | AC39: -
B40: Public Servant Leave Fares | Y40: 10.4 | Z40: 12.8 | AA40: 12.8 | AB40: - | AC40: -
B41: Village Courts Allowances | Y41: 10.7 | Z41: 7 | AA41: 8.2 | AB41: - | AC41: -
A42: 22 | B42: Use of goods and services | Z42: ='Exp (Tb13B)'!C34 -> 332.6 | AA42: ='Exp (Tb13B)'!D34 -> 1593.1 | AB42: ='Exp (Tb13B)'!E34 -> 1382.5 | AC42: ='Exp (Tb13B)'!F34 -> 568.6 | AD42: ='Exp (Tb13B)'!G34 -> 809.7 | AE42: ='Exp (Tb13B)'!H34 -> 631.7 | AF42: ='Exp (Tb13B)'!I34 -> 713.6 | AG42: ='Exp (Tb13B)'!J34 -> 2129.1 | ... AR42: ='Exp (Tb13B)'!U34 -> 1598
B43: Goods and Other Services | C43: 38 | D43: 29.6 | E43: 33 | F43: 42 | G43: 31.8 | H43: 17.4 | I43: 78.8 | J43: 76.6 | K43: 72.8 | L43: 122.3 | M43: 84.6 | N43: 94.3 | O43: 98 | P43: 45.7 | Q43: 53.4 | R43: 54 | S43: 54.6 | T43: 65.1 | U43: 65.4 | V43: 134.3 | W43: 194.2 | X43: 201.3 | Y43: 251.1 | Z43: 309 | AA43: 392.1 | AB43: 930.2 | AC43: 58.5
A44: 26 | B44: Grants | Z44: ='Exp (Tb13B)'!C35 -> 127.5 | AA44: ='Exp (Tb13B)'!D35 -> 433.1 | AB44: ='Exp (Tb13B)'!E35 -> 716.8 | AC44: ='Exp (Tb13B)'!F35 -> 1883.9 | AD44: ='Exp (Tb13B)'!G35 -> 1184 | AE44: ='Exp (Tb13B)'!H35 -> 659.3 | AF44: ='Exp (Tb13B)'!I35 -> 1002.8 | AG44: ='Exp (Tb13B)'!J35 -> 636.4 | ... AR44: ='Exp (Tb13B)'!U35 -> 2225.5
B45: Grants Subsidies and Transfers | AB45: 1166.5 | AC45: 1926.1
B46: Education Subsidies / Function Grant | L46: 25.5 | M46: 20 | N46: 20 | O46: 21.2 | Q46: 11 | R46: 16.9 | S46: 19.8 | T46: 20.6 | U46: 21.6 | V46: 21.7 | W46: 31.6 | X46: 40.2 | Y46: 46 | Z46: 58.7 | AA46: - | AB46: - | AC46: -
B47: Derivation/Agriculture Function Grant | I47: 4.7 | J47: 0 | K47: 7.9 | L47: 9.7 | M47: 11.2 | N47: 14.6 | O47: 15.5 | P47: 10.1 | Q47: 8.5 | R47: 10.5 | S47: 11.2 | T47: 11.7 | U47: 14.3 | V47: 14 | W47: 14.1 | X47: 14.1 | Y47: 16.7 | Z47: 20.5 | AA47: 25.3 | AB47: - | AC47: -
B48: Administration / Block Grants | I48: 74.1 | J48: 76.6 | K48: 59.9 | L48: 51.7 | M48: 41.1 | N48: 47.4 | O48: 49.5 | P48: 35.6 | Q48: 34 | R48: 17.5 | S48: 11.8 | T48: 21.3 | U48: 16.1 | V48: 21.2 | W48: 38.2 | X48: 23.9 | Y48: 26.7 | Z48: 33.5 | AA48: 11.4 | AB48: - | AC48: -
B49: Other Service Delivery Function Grant | M49: 12.3 | N49: 12.3 | O49: 11.8 | AA49: 42.6 | AB49: - | AC49: -
B50: Health Function Grant | Q50: - | R50: 9.1 | S50: 11.8 | T50: 11.5 | U50: 13.4 | V50: 14.5 | W50: 28.4 | X50: 39.2 | Y50: 51.3 | Z50: 63.2 | AA50: - | AB50: - | AC50: -
B51: Conditional Grants | J51: 190.1 | K51: 223.9 | L51: 130.8 | M51: 68.3 | N51: 69.1 | O51: 70.8 | P51: 50 | Q51: 26.9 | R51: 21.8 | S51: 34.5 | T51: 37.5 | U51: 58 | V51: =SUM(V52:V53) -> 62.8 | W51: =SUM(W52:W53) -> 81.9 | X51: =SUM(X52:X53) -> 83.9 | Y51: =SUM(Y52:Y56) -> 109.4 | Z51: =SUM(Z52:Z56) -> 133.3 | AA51: - | AB51: - | AC51: -
B52: Provincial Infr / Transp Maint Grant | J52: 20.7 | K52: 76.5 | L52: 62.8 | M52: 31.7 | N52: 32 | O52: 31.9 | P52: 22.3 | Q52: 13.9 | R52: 12.5 | S52: 12.7 | T52: 14.4 | U52: 15.4 | V52: 16.7 | W52: 34.1 | X52: 44 | Y52: 61.1 | Z52: 79.4 | AA52: 107 | AB52: - | AC52: -
B53: LLG Grant | J53: 16.4 | K53: 77.1 | L53: 59.3 | M53: =SUM(M54:M55) -> 36.6 | N53: =SUM(N54:N55) -> 37.1 | O53: =SUM(O54:O55) -> 38.9 | P53: =SUM(P54:P55) -> 17.7 | Q53: =SUM(Q54:Q55) -> 12.9 | R53: =SUM(R54:R55) -> 9.4 | S53: =SUM(S54:S55) -> 21.8 | T53: =SUM(T54:T55) -> 23.1 | U53: =SUM(U54:U56) -> 42.6 | V53: =SUM(V54:V56) -> 46.1 | W53: =SUM(W54:W56) -> 47.8 | X53: =SUM(X54:X56) -> 39.9 | Y53: 46 | Z53: 50.4 | AA53: 52.7 | AB53: - | AC53: -
B54: Local & Village Services / Rural LLG | M54: 31.7 | N54: 31.9 | O54: 33.2 | P54: 14.5 | Q54: 8.1 | R54: 3.8 | S54: 15.4 | T54: 16.5 | U54: 37.4 | V54: 40.9 | W54: 33.7 | X54: 34.2 | Y54: - | Z54: - | AA54: - | AB54: - | AC54: -
B55: Town and Urban Services/Urban LLG Grant | J55: 5.2 | K55: 10.9 | L55: 8.7 | M55: 4.9 | N55: 5.2 | O55: 5.7 | P55: 3.2 | Q55: 4.8 | R55: 5.6 | S55: 6.4 | T55: 6.6 | U55: 3 | V55: 3 | W55: 11.9 | X55: 3.5 | Y55: - | Z55: - | AA55: - | AB55: - | AC55: -
B56: Village Court Function Grant | U56: 2.2 | V56: 2.2 | W56: 2.2 | X56: 2.2 | Y56: 2.3 | Z56: 3.5 | AA56: - | AB56: - | AC56: -
B57: District Support Grants | J57: 47.5 | K57: 24.9 | L57: - | M57: - | N57: - | O57: - | P57: - | Q57: - | R57: - | S57: - | T57: - | U57: - | V57: - | W57: - | X57: - | Y57: - | Z57: - | AA57: - | AB57: - | AC57: -
B58: Other | AA58: -8.6 | AB58: - | AC58: -
A59: 31 | B59: Net Aquisition Nonfinancial assets | Z59: ='Exp (Tb13B)'!C38 -> 255.5 | AA59: ='Exp (Tb13B)'!D38 -> 307.3 | AB59: ='Exp (Tb13B)'!E38 -> 286 | AC59: ='Exp (Tb13B)'!F38 -> 39.5 | AD59: ='Exp (Tb13B)'!G38 -> 23 | AE59: ='Exp (Tb13B)'!H38 -> 201 | AF59: ='Exp (Tb13B)'!I38 -> 21.5 | AG59: ='Exp (Tb13B)'!J38 -> 6.5 | ... AR59: ='Exp (Tb13B)'!U38 -> 294.6
B60: Capital Formation | AB60: 112.7 | AC60: 39.5
B61: Utilities, rentals and property costs | AB61: 2.4 | AC61: -
A62: 9 | B62: Out of scope for GFS coding purposes | Z62: ='Exp (Tb13B)'!C39 -> 0 | AA62: ='Exp (Tb13B)'!D39 -> 545.5 | AB62: ='Exp (Tb13B)'!E39 -> 0 | AC62: ='Exp (Tb13B)'!F39 -> 0 | AD62: ='Exp (Tb13B)'!G39 -> 0 | AE62: ='Exp (Tb13B)'!H39 -> 0 | AF62: ='Exp (Tb13B)'!I39 -> 0 | AG62: ='Exp (Tb13B)'!J39 -> 0 | ... AR62: ='Exp (Tb13B)'!U39 -> 0
B64: AUTONOMOUS BOUGAINVILLE GOVERNMENT | Z64: 176.2 | AA64: 221.3 | AB64: 245.8 | AC64: ='Exp (Tb13B)'!F41 -> 232.3 | AD64: ='Exp (Tb13B)'!G41 -> 211 | AE64: ='Exp (Tb13B)'!H41 -> 165.2 | AF64: ='Exp (Tb13B)'!I41 -> 225.9 | AG64: ='Exp (Tb13B)'!J41 -> 159.4 | AH64: ='Exp (Tb13B)'!K41 -> 240.4 | AI64: ='Exp (Tb13B)'!L41 -> 328.9 | AJ64: ='Exp (Tb13B)'!M41 -> 420.3 | ... AR64: ='Exp (Tb13B)'!U41 -> 614.5
B65: AUTONOMOUS BOUGAINVILLE GOVERNMENT | L65: 8.9 | P65: 25 | Q65: 31.3 | R65: 35 | S65: 45.3 | T65: 46.5 | U65: 50 | V65: 52.3 | W65: 60.6 | X65: 63.2 | Y65: 62.5 | Z65: 75.2 | AA65: 80.2 | AB65: 230.8 | AC65: 232.3
A66: 21 | B66: Compensation of Employees | Z66: ='Exp (Tb13B)'!C42 -> 58.2 | AA66: ='Exp (Tb13B)'!D42 -> 56.1 | AB66: ='Exp (Tb13B)'!E42 -> 63.5 | AC66: ='Exp (Tb13B)'!F42 -> 103.5 | AD66: ='Exp (Tb13B)'!G42 -> 113.9 | AE66: ='Exp (Tb13B)'!H42 -> 111.3 | AF66: ='Exp (Tb13B)'!I42 -> 119.8 | AG66: ='Exp (Tb13B)'!J42 -> 123.9 | ... AR66: ='Exp (Tb13B)'!U42 -> 205.7
B67: Personal Emoluments | U67: 23.1 | V67: 33 | W67: 40.3 | X67: 41.7 | Y67: 52.9 | Z67: 58.2 | AA67: 56.1 | AB67: 63.5 | AC67: 88.4
B68: Teachers Salaries | U68: 17 | V68: 25.6 | W68: 31.1 | X68: 30.4 | Y68: 39 | Z68: 40.8 | AA68: 35.3 | AB68: - | AC68: -
B69: Staffing Grant | U69: 6.1 | V69: 7.4 | W69: 9.2 | X69: 11.3 | Y69: =Y67-Y68 -> 13.9 | Z69: - | AA69: - | AB69: - | AC69: -
B70: Teachers Leave Fares | Y70: 1 | Z70: 0.8 | AA70: 1.4 | AB70: - | AC70: -
B71: Public Servant Salaries | Y71: 12.6 | Z71: 16.4 | AA71: 19.1 | AB71: - | AC71: -
B72: Public Servant Leave Fares | Y72: 0.3 | Z72: 0.2 | AA72: 0.3 | AB72: - | AC72: -
A73: 22 | B73: Use of goods and services | Z73: ='Exp (Tb13B)'!C47 -> 17 | AA73: ='Exp (Tb13B)'!D47 -> 28.3 | AB73: ='Exp (Tb13B)'!E47 -> 22.3 | AC73: ='Exp (Tb13B)'!F47 -> 26.8 | AD73: ='Exp (Tb13B)'!G47 -> 24.8 | AE73: ='Exp (Tb13B)'!H47 -> 22.4 | AF73: ='Exp (Tb13B)'!I47 -> 28.1 | AG73: ='Exp (Tb13B)'!J47 -> 33.5 | ... AR73: ='Exp (Tb13B)'!U47 -> 199.2
B74: Goods & Services | U74: 26.9 | V74: 19.3 | W74: 20.3 | X74: 21.5 | Y74: 9.6 | Z74: 17 | AA74: 24.1 | AB74: - | AC74: -
B75: Police goods and service grants | T75: 2 | U75: 2.1 | V75: 2.2 | W75: 2.3 | X75: 2.4 | Y75: 2.6 | Z75: 2.1 | AA75: 3 | AB75: - | AC75: -
B76: Recurrent Goods and Services | U76: 24.6 | V76: 16.8 | W76: 17.7 | X76: 18.8 | Y76: 4.7 | Z76: 14.7 | AA76: 20.9 | AB76: - | AC76: -
B77: National Function and power grants | U77: 0.2 | V77: 0.3 | W77: 0.3 | X77: 0.3 | Y77: 2.3 | Z77: 0.2 | AA77: 0.3 | AB77: - | AC77: -
B78: Others | AA78: -0.2 | AB78: - | AC78: -
A79: 26 | B79: Grants | Z79: ='Exp (Tb13B)'!C48 -> 101 | AA79: ='Exp (Tb13B)'!D48 -> 58.1 | AB79: ='Exp (Tb13B)'!E48 -> 160 | AC79: ='Exp (Tb13B)'!F48 -> 102 | AD79: ='Exp (Tb13B)'!G48 -> 72.3 | AE79: ='Exp (Tb13B)'!H48 -> 31.5 | AF79: ='Exp (Tb13B)'!I48 -> 78 | AG79: ='Exp (Tb13B)'!J48 -> 0 | ... AR79: ='Exp (Tb13B)'!U48 -> 86.3
B80: Recurrent Grant | P80: 25 | Q80: 26.3 | R80: 30 | S80: 40.3 | T80: 44.5 | U80: 47.9 | V80: 50.1 | W80: 58.3
B81: Grants Subsidies and Transfers | AB81: 167.3 | AC81: 143.9
A82: 31 | B82: Net Aquisition Nonfinancial assets | AA82: 98 | AB82: - | AC82: ='Exp (Tb13B)'!F51 -> 0 | AD82: ='Exp (Tb13B)'!G51 -> 0 | AE82: ='Exp (Tb13B)'!H51 -> 0 | AF82: ='Exp (Tb13B)'!I51 -> 73.5 | AG82: ='Exp (Tb13B)'!J51 -> 2 | AH82: ='Exp (Tb13B)'!K51 -> 0 | AI82: ='Exp (Tb13B)'!L51 -> 13.5 | AJ82: ='Exp (Tb13B)'!M51 -> 111.7 | ... AR82: ='Exp (Tb13B)'!U51 -> 123.3
A83: 9 | B83: Out of scope for GFS coding purposes | AA83: 19.2 | AB83: - | AC83: - | AD83: ='Exp (Tb13B)'!G52 -> 0 | AE83: ='Exp (Tb13B)'!H52 -> 0 | AF83: ='Exp (Tb13B)'!I52 -> 0 | AG83: ='Exp (Tb13B)'!J52 -> 0 | AH83: ='Exp (Tb13B)'!K52 -> 0 | AI83: ='Exp (Tb13B)'!L52 -> 0 | AJ83: ='Exp (Tb13B)'!M52 -> 0 | AK83: ='Exp (Tb13B)'!N52 -> 0 | ... AR83: ='Exp (Tb13B)'!U52 -> 0
B85: COMMERCIAL & STATUTORY AUTHORITIES | Z85: ='Exp (Tb13B)'!C54 -> 1370.2 | AA85: ='Exp (Tb13B)'!D54 -> 1382 | AB85: ='Exp (Tb13B)'!E54 -> 1574.2 | AC85: ='Exp (Tb13B)'!F54 -> 667.7 | AD85: ='Exp (Tb13B)'!G54 -> 624.6 | AE85: ='Exp (Tb13B)'!H54 -> 597.9 | AF85: ='Exp (Tb13B)'!I54 -> 1039.2 | AG85: ='Exp (Tb13B)'!J54 -> 1214.3 | ... AR85: ='Exp (Tb13B)'!U54 -> 6550.4
B86: COMMERCIAL & STATUTORY AUTHORITIES | C86: 70.5 | D86: 63.4 | E86: 69.4 | F86: 82.1 | G86: 132.2 | H86: 152.4 | I86: 126.7 | J86: 112.2 | K86: 120.4 | L86: 135.3 | M86: 121.2 | N86: 122.3 | O86: 164.7 | P86: 164.9 | Q86: 178.4 | R86: 207.9 | S86: 206.7 | T86: 234.3 | U86: 238.6 | V86: 256.7 | W86: 270.5 | X86: 288.1 | Y86: 300.9 | Z86: 392.5 | AA86: 434.1 | AB86: 1196.7 | AC86: 667.5
A88: 21 | B88: Compensation of Employees | Z88: ='Exp (Tb13B)'!C55 -> 4 | AA88: ='Exp (Tb13B)'!D55 -> 275.6 | AB88: ='Exp (Tb13B)'!E55 -> 306.9 | AC88: ='Exp (Tb13B)'!F55 -> 298.2 | AD88: ='Exp (Tb13B)'!G55 -> 313.2 | AE88: ='Exp (Tb13B)'!H55 -> 292.4 | AF88: ='Exp (Tb13B)'!I55 -> 438.6 | AG88: ='Exp (Tb13B)'!J55 -> 706.7 | ... AR88: ='Exp (Tb13B)'!U55 -> 3090.7
B89: Personal Emoluments | AA89: 276.2 | AB89: 306.9 | AC89: 298.2
A90: 22 | B90: Use of goods and services | Z90: ='Exp (Tb13B)'!C60 -> 77.7 | AA90: ='Exp (Tb13B)'!D60 -> 203.7 | AB90: ='Exp (Tb13B)'!E60 -> 295.1 | AC90: ='Exp (Tb13B)'!F60 -> 185.5 | AD90: ='Exp (Tb13B)'!G60 -> 185 | AE90: ='Exp (Tb13B)'!H60 -> 137.3 | AF90: ='Exp (Tb13B)'!I60 -> 324.1 | AG90: ='Exp (Tb13B)'!J60 -> 300.7 | ... AR90: ='Exp (Tb13B)'!U60 -> 1816.9
B91: Goods and Services | Z91: 392.5 | AA91: 157.9 | AB91: 248.1 | AC91: 114.5
A92: 26 | B92: Grants | Z92: ='Exp (Tb13B)'!C61 -> 479.5 | AA92: ='Exp (Tb13B)'!D61 -> 122.4 | AB92: ='Exp (Tb13B)'!E61 -> 28.6 | AC92: ='Exp (Tb13B)'!F61 -> 23.5 | AD92: ='Exp (Tb13B)'!G61 -> 18.2 | AE92: ='Exp (Tb13B)'!H61 -> 38.9 | AF92: ='Exp (Tb13B)'!I61 -> 46.6 | AG92: ='Exp (Tb13B)'!J61 -> 7.8 | ... AR92: ='Exp (Tb13B)'!U61 -> 235.6
B93: Grants Subsidies and Transfers | AB93: 143 | AC93: 34.2
A94: 28 | B94: Other expenses | Z94: ='Exp (Tb13B)'!C62 -> 13.5 | AA94: ='Exp (Tb13B)'!D62 -> 3.4 | AB94: ='Exp (Tb13B)'!E62 -> 67.8 | AC94: ='Exp (Tb13B)'!F62 -> 6.7 | AD94: ='Exp (Tb13B)'!G62 -> 8 | AE94: ='Exp (Tb13B)'!H62 -> 13.6 | AF94: ='Exp (Tb13B)'!I62 -> 17.2 | AG94: ='Exp (Tb13B)'!J62 -> 1.3 | ... AR94: ='Exp (Tb13B)'!U62 -> 17.8
A95: 31 | B95: Net Aquisition Nonfinancial assets | Z95: ='Exp (Tb13B)'!C63 -> 795.5 | AA95: ='Exp (Tb13B)'!D63 -> 777 | AB95: ='Exp (Tb13B)'!E63 -> 875.8 | AC95: ='Exp (Tb13B)'!F63 -> 153.8 | AD95: ='Exp (Tb13B)'!G63 -> 100.2 | AE95: ='Exp (Tb13B)'!H63 -> 115.8 | AF95: ='Exp (Tb13B)'!I63 -> 212.7 | AG95: ='Exp (Tb13B)'!J63 -> 197.8 | ... AR95: ='Exp (Tb13B)'!U63 -> 1310.1
B96: Acquisition of existing assets | AC96: 2
B97: Capital Formation | Z97: - | AA97: - | AB97: 459.4 | AC97: 177.8
B98: Utilities, Rentals and Property Costs | AB98: 39.2 | AC98: 40.7
A100: 24 | B100: INTEREST/DEBT SERVICING COSTS | Z100: ='Exp (Tb13B)'!C76 -> 452.3 | AA100: ='Exp (Tb13B)'!D76 -> 521.1 | AB100: ='Exp (Tb13B)'!E76 -> 933.1 | AC100: ='Exp (Tb13B)'!F76 -> 1074.7 | AD100: ='Exp (Tb13B)'!G76 -> 1264.3 | AE100: ='Exp (Tb13B)'!H76 -> 1633.9 | AF100: ='Exp (Tb13B)'!I76 -> 1934.7 | AG100: ='Exp (Tb13B)'!J76 -> 2147.2 | ... AR100: ='Exp (Tb13B)'!U76 -> 3818.9
B101: INTEREST PAYMENTS | C101: 90.9 | D101: 108.6 | E101: 116.5 | F101: 145 | G101: 158.4 | H101: 195.6 | I101: 273.1 | J101: 257.1 | K101: 297.6 | L101: 337.2 | M101: 392.7 | N101: 428.6 | O101: 433 | P101: 436.4 | Q101: 739.6 | R101: 377 | S101: 332.8 | T101: 307 | U101: 370.1 | V101: 381.1 | W101: 449.2 | X101: 353.1 | Y101: 416.3 | Z101: 459.6 | AA101: 484.8 | AB101: 953.1 | AC101: 1074.7
B102: Domestic | C102: 39.4 | D102: 45.7 | E102: 57.1 | F102: 83.9 | G102: 90.8 | H102: 128.3 | I102: 179.3 | J102: 174.5 | K102: 206.3 | L102: 229.8 | M102: 260.5 | N102: 284.2 | O102: 252.7 | P102: 248 | Q102: 578.8 | R102: 239 | S102: 216.1 | T102: 187.1 | U102: 252.2 | V102: 292.1 | W102: 390 | X102: 305.3 | Y102: 352.5 | Z102: 415.2 | AA102: 442.7 | AB102: 840.4 | AC102: 991 | AD102: 1183.3 | AE102: 1356 | AF102: 1356 | AG102: 1356 | AH102: 1356 | AI102: 1356 | AJ102: 1356
B103: External | C103: 51.6 | D103: 62.9 | E103: 59.4 | F103: 61.1 | G103: 67.6 | H103: 67.3 | I103: 93.8 | J103: 82.6 | K103: 91.3 | L103: 107.4 | M103: 132.2 | N103: 144.4 | O103: 180.3 | P103: 188.4 | Q103: 160.8 | R103: 138 | S103: 116.7 | T103: 119.9 | U103: 117.9 | V103: 89 | W103: 59.2 | X103: 47.8 | Y103: 63.8 | Z103: 44.4 | AA103: 42.1 | AB103: 112.7 | AC103: 83.8 | AD103: 81 | AE103: 277.9 | AF103: 277.9 | AG103: 277.9 | AH103: 277.9 | AI103: 277.9 | AJ103: 277.9
B105: Net Lending to CSA's | C105: 23 | D105: 30.3 | E105: 7 | F105: -5.4 | G105: -0.3 | H105: -0.3 | I105: 1.2 | J105: -6.4 | K105: -3.1 | L105: 4.9 | M105: 5 | N105: -2.6 | O105: -4 | P105: -4.8 | Q105: -9.6 | R105: -10.4 | S105: -27 | T105: -4.2 | U105: -4.1 | V105: -2.2 | W105: -3.3 | X105: -1.2 | Z105: -2.8 | AA105: -1
B107: Donor Support Grants | AC107: ='Exp (Tb13B)'!F82 -> 799.4 | AD107: ='Exp (Tb13B)'!G82 -> 1357.9 | AE107: ='Exp (Tb13B)'!H82 -> 1439.9 | AF107: ='Exp (Tb13B)'!I82 -> 1835.7 | AG107: ='Exp (Tb13B)'!J82 -> 1775.7 | AH107: ='Exp (Tb13B)'!K82 -> 1424.9 | AI107: ='Exp (Tb13B)'!L82 -> 1862.4 | AJ107: ='Exp (Tb13B)'!M82 -> 1472.1 | ... AR107: ='Exp (Tb13B)'!U82 -> 2143
B109: Loan Drawdowns | AC109: ='Exp (Tb13B)'!F87 -> 0 | AD109: ='Exp (Tb13B)'!G87 -> 0 | AE109: ='Exp (Tb13B)'!H87 -> 0 | AF109: ='Exp (Tb13B)'!I87 -> 0 | AG109: ='Exp (Tb13B)'!J87 -> 0 | AH109: ='Exp (Tb13B)'!K87 -> 0 | AI109: ='Exp (Tb13B)'!L87 -> 805.8 | AJ109: ='Exp (Tb13B)'!M87 -> 636.9 | ... AR109: ='Exp (Tb13B)'!U87 -> 984.2
B111: DEVELOPMENT BUDGET (PIP) (from various sources) | AB111: 6117 | AC111: 4870.6 | AD111: 5117.4 | AE111: 4103.3 | AJ111: =2220.5+1679.8+90+357.4+88+65.3+833.5+416.9+49.5+38 -> 5838.9
B112: DEVELOPMENT BUDGET (PIP) | C112: 123.6 | D112: 144 | E112: 154.5 | F112: 195.2 | G112: 362.5 | H112: 229.4 | I112: 237.5 | J112: 252.8 | K112: 372.6 | L112: 586.5 | M112: 786.1 | N112: 912.2 | O112: 1119.6 | P112: 1195 | Q112: 1079 | R112: 1327.4 | S112: 1871.2 | T112: 1554.1 | U112: 1327.6 | V112: 1630.1 | W112: 2348.7 | X112: 3278.9 | Y112: 3249.2 | Z112: 3855.8 | AA112: 5119.7
...

Sheet Fin (Tb14)
A1: TABLE 14: TRANSACTIONS IN ASSETS AND | B1: 2012 | C1: 2013 | D1: 2014 | E1: 2015 | F1: 2016 | G1: 2017 | H1: 2018 | I1: 2019 | J1: 2020 | K1: 2021 | L1: 2022 | M1: 2023 | N1: 2024 | O1: 2025 | P1: 2026 Budget | Q1: 2027 | R1: 2028 | S1: 2029 | T1: 2030
A2: LIABILITIES FOR GENERAL GOVERNMENT | B2: ACTUAL | C2: ACTUAL | D2: ACTUAL | E2: ACTUAL | F2: ACTUAL | G2: ACTUAL | H2: ACTUAL | I2: ACTUAL | J2: ACTUAL | K2: ACTUAL | L2: ACTUAL | M2: ACTUAL | N2: ACTUAL | O2: ACTUAL | P2: PROJECTION | Q2: PROJECTION | R2: PROJECTION | S2: PROJECTION | T2: PROJECTION
A3: (Kina million, unless otherwise stated) | B3: 2016 Budget | C3: 2016 Budget | D3: 2016 Budget | E3: 2018 Budget | F3: 2018 Budget | G3: 2021 Budget | H3: 2021 Budget | I3: 2019 FBO | J3: 2020 FBO | K3: 2021 FBO | L3: 2022 FBO | M3: 2023 FBO | N3: 2024 FBO | O3: 2025 FBO | P3: 2026 Budget | Q3: 2026 Budget | R3: 2026 Budget | S3: 2026 Budget | T3: 2026 Budget
A5: NET ACQUISITION OF FINANCIAL ASSETS | B5: =B7+B11 -> 835.04779 | C5: =C7+C11 -> 96.95126 | D5: =D7+D11 -> -174.0405 | E5: -410.6 | F5: 857 | G5: -180.4 | H5: 1228.6 | I5: -783.9 | J5: -802.9 | K5: -1685.2 | L5: -355.5 | M5: -540.8 | N5: -1397.1 | O5: 1688.3 | P5: 0 | Q5: 0 | R5: 0 | S5: 0 | T5: 0
A7: Domestic | B7: 835.04779 | C7: 96.95126 | D7: -174.0405 | E7: -410.6 | F7: 857 | G7: -180.4 | H7: 1228.6 | I7: -783.9 | J7: -802.9 | K7: -1685.2 | L7: -355.5 | M7: -540.8 | N7: -1397.1 | O7: 1688.3 | P7: 0 | Q7: 0 | R7: 0 | S7: 0 | T7: 0
A8: Currency and deposits | E8: -354.5 | F8: 857 | G8: -180.4 | H8: 1228.6 | I8: -783.9 | J8: -802.9 | K8: -910.4 | L8: -355.5 | M8: -540.8 | N8: -1397.1 | O8: 1688.3 | P8: 0 | Q8: 0 | R8: 0 | S8: 0 | T8: 0
A9: Other accounts receivable | B9: 835.04779 | C9: 96.95 | D9: -174.04 | E9: -56.1 | K9: -774.8 | L9: 0 | M9: 0 | N9: 0 | O9: 0 | P9: 0 | Q9: 0 | R9: 0 | S9: 0 | T9: 0
A11: External | B11: 0 | C11: 0 | D11: 0 | E11: 0 | F11: 0 | G11: 0 | H11: 0 | K11: 0 | L11: 0 | M11: 0 | N11: 0 | O11: 0 | P11: 0 | Q11: 0 | R11: 0 | S11: 0 | T11: 0
A13: NET INCURRENCE OF LIABILITIES | B13: =B15+B28 -> 1359 | C13: =C15+C28 -> 3375 | D13: =D15+D28 -> 3405 | E13: =E15+E28 -> 2601.8 | F13: =F15+F28 -> 3943.8 | G13: 1614.2 | H13: 3277.8 | I13: 3388.1 | J13: =J15+J28 -> 6501.4 | K13: 7955.5 | L13: 5496.1 | M13: 4263.8 | N13: 2533.8 | O13: 4568 | P13: 1608.2 | Q13: -13 | R13: -1379 | S13: -4704 | T13: -6755
A15: Domestic | B15: 1197.1 | C15: 3031.5 | D15: 2983.2 | E15: =E16+E26 -> 2080.8 | F15: =F16+F26 -> 2494.9 | G15: 736.2 | H15: -319.3 | I15: 1054.3 | J15: =J16+J26 -> 2882 | K15: 3042.1 | L15: 2276.6 | M15: 2176.2 | N15: 231.8 | O15: 2606.1 | P15: 67.4 | Q15: 1016.1 | R15: 2096.4 | S15: -2863.3 | T15: -4953.9
A16: Debt securities | B16: 997.1 | C16: 2726.5 | D16: 2983.2 | E16: 2080.8 | F16: 2494.9 | G16: 736.2 | H16: -173.3 | I16: 1158.1 | J16: =J19+J22+J25 -> 2882 | K16: 2995.4 | L16: 2242.6 | M16: 2295.2 | N16: 397.3 | O16: 2787.9 | P16: -343.5 | Q16: 582 | R16: 2208.5 | S16: -2748.8 | T16: -4839.5
A17: New instruments | B17: 3470.2 | C17: 5498.9 | D17: 6784.3 | K17: 16794.6 | L17: 17598 | M17: 17990.3 | N17: 16410.4 | O17: 17927.5 | P17: 16437.3 | Q17: 14914.7 | R17: 17581 | S17: 15761.3 | T17: 13350
A18: Amortisation | B18: -2973.1 | C18: -4049.8 | D18: -5364.4 | K18: -13799.2 | L18: -15355.3 | M18: -15695.1 | N18: -16013 | O18: -15139.6 | P18: -16780.8 | Q18: -14332.7 | R18: -15372.5 | S18: -18510 | T18: -18189.5
A19: Treasury Bills | B19: 497.1 | C19: 1449.1 | D19: 1419.9 | E19: 1075.5 | F19: 1934.1 | G19: 530.9 | H19: -516.9 | I19: 1513.8 | J19: =J20+J21 -> 1710.5 | K19: 1394.8 | L19: 492.6 | M19: 350.2 | N19: -1383.1 | O19: 1790.9 | P19: -977.5 | Q19: 1039.8 | R19: 3137.5 | S19: -1819.8 | T19: -3364.5
A20: New instruments | B20: 3470.2 | C20: 5498.9 | D20: 6784.3 | G20: 11648.1 | H20: 11178.8 | I20: 11691.5 | J20: 13147.7 | K20: 14147.9 | L20: 14888.7 | M20: 14912.2 | N20: 12889.3 | O20: 14964.1 | P20: 13368.5 | Q20: 12937.7 | R20: 16075.2 | S20: 14255.5 | T20: 12390.2
A21: Amortisation | B21: -2973.1 | C21: -4049.8 | D21: -5364.4 | G21: -11117.2 | H21: -11695.7 | I21: -10177.7 | J21: -11437.2 | K21: -12753.1 | L21: -14396.1 | M21: -14562 | N21: -14272.4 | O21: -13173.2 | P21: -14346 | Q21: -11897.9 | R21: -12937.7 | S21: -16075.2 | T21: -15754.7
A22: Treasury Bonds | B22: 500 | C22: 1277.4 | D22: 1563.3 | E22: 1005.3 | F22: 560.8 | G22: 205.3 | H22: 343.7 | I22: -355.7 | J22: =J23+J24 -> 1266.2 | K22: 1600.6 | L22: 1750 | M22: 1945 | N22: 1780.4 | O22: 997 | P22: 634 | Q22: -457.8 | R22: -929 | S22: -929 | T22: -1475
A23: New instruments | B23: 606.7 | C23: 1415.7 | D23: 1920 | G23: 887.7 | H23: 1000 | I23: 635.7 | J23: 2567.5 | K23: 2646.7 | L23: 2709.3 | M23: 3078.1 | N23: 3521 | O23: 2963.4 | P23: 3068.8 | Q23: 1977 | R23: 1505.8 | S23: 1505.8 | T23: 959.8
A24: Amortisation | B24: -106.7 | C24: -138.3 | D24: -356.7 | G24: -682.3 | H24: -656.4 | I24: -991.4 | J24: -1301.3 | K24: -1046.1 | L24: -959.3 | M24: -1133.1 | N24: -1740.7 | O24: -1966.4 | P24: -2434.8 | Q24: -2434.8 | R24: -2434.8 | S24: -2434.8 | T24: -2434.8
A25: Loans | H25: -146 | I25: -103.8 | J25: -94.7 | K25: 46.7 | L25: 34 | M25: -119.1 | N25: -165.5 | O25: -181.8 | P25: 410.9 | Q25: 434.1 | R25: -112.2 | S25: -114.5 | T25: -114.5
A26: Other accounts payable | B26: 200 | C26: 305 | I26: 103.4 | K26: 0 | L26: 0 | M26: 0 | O26: 0 | P26: 0 | Q26: 0 | R26: 0 | S26: 0
A28: External | B28: 161.9 | C28: 343.5 | D28: 421.8 | E28: =E30+E31 -> 521 | F28: =F30+F31 -> 1448.9 | G28: 878 | H28: 3596.2 | I28: 2333.9 | J28: =J30+J31 -> 3619.4 | K28: 4913.4 | L28: 3219.5 | M28: 2087.7 | N28: 2302 | O28: 1962.7 | P28: 1540.8 | Q28: -1029.1 | R28: -3475.4 | S28: -1840.7 | T28: -1801.1
A29: Monetary gold and special drawing rights(SDRs) | K29: 1244.1 | L29: 0 | M29: 0 | O29: 0 | P29: 0 | Q29: 0 | R29: 0 | S29: 0 | T29: 0
A30: Debt securities | H30: 1672.2 | K30: 0 | L30: 0 | M30: 0 | N30: 0 | O30: 0 | P30: 0 | Q30: 0 | R30: -1897 | S30: 0 | T30: 0
A31: Loans | B31: 161.9 | C31: 343.5 | D31: 421.8 | E31: 521 | F31: 1448.9 | G31: 878 | H31: 1924 | I31: 2333.9 | J31: =J32+J35+J38 -> 3619.4 | K31: 3669.3 | L31: 3219.5 | M31: 2087.7 | N31: 2302 | O31: 1962.7 | P31: 1540.8 | Q31: -1029.1 | R31: -1578.4 | S31: -1840.7 | T31: -1801.1
A32: Concessional financing | B32: 214.8 | C32: 395.1 | D32: 477.5 | E32: 567.7 | F32: 803.6 | G32: 576.1 | H32: 527.6 | I32: 968 | J32: =J33+J34 -> 1154.9 | K32: 1108.3 | L32: 834.5 | M32: 212.3 | N32: -96.7 | O32: 92.1 | P32: -150 | Q32: -276.8 | R32: -594 | S32: -733.7 | T32: -694
A33: New borrowing | B33: 326.2 | C33: 516.5 | D33: 610.1 | G33: 802.4 | H33: 791.7 | I33: 1311.7 | J33: 1567.8 | K33: 1493.5 | L33: 1447.5 | M33: 1033 | N33: 998.9 | O33: 967.2 | P33: 1226 | Q33: 1350.5 | R33: 1225.6 | S33: 1210 | T33: 1210
A34: Amortisation | B34: -111.4 | C34: -121.4 | D34: -132.6 | E34: 0 | F34: 0 | G34: -226.3 | H34: -264.1 | I34: -343.7 | J34: -412.9 | K34: -385.2 | L34: -612.9 | M34: -820.7 | N34: -1095.6 | O34: -875.1 | P34: -1376 | Q34: -1627.3 | R34: -1819.6 | S34: -1943.7 | T34: -1904
A35: Commercial fundraising | B35: 16.1 | C35: 14.2 | D35: 14.2 | F35: 686.8 | G35: 346.9 | H35: 601.9 | I35: 36.8 | J35: =J36+J37 -> -876.3 | K35: -862.7 | L35: -29 | M35: -40.3 | N35: -43.6 | O35: -48.9 | P35: -53.9 | Q35: -51.6 | R35: -149.2 | S35: -137.4 | T35: -137.4
A36: New borrowing | G36: 346.9 | H36: 619.9 | I36: 54.8 | J36: 18.1 | K36: 59.7 | L36: 8.6 | M36: 0 | N36: 0 | O36: 0 | P36: 0 | Q36: 0 | R36: 0 | S36: 0 | T36: 0
A37: Amortisation | B37: -16.1 | C37: -14.2 | D37: -14.2 | E37: 0 | F37: 0 | G37: 0 | H37: -18 | I37: -17.9 | J37: -894.4 | K37: -922.4 | L37: -37.5 | M37: -40.3 | N37: -43.6 | O37: -48.9 | P37: -53.9 | Q37: -51.6 | R37: -149.2 | S37: -137.4 | T37: -137.4
A38: Extraordinary financing | B38: 36.8 | C38: 37.4 | D38: 41.5 | E38: -46.7 | F38: -41.5 | G38: -45 | H38: 794.5 | I38: 1329.1 | J38: =J39+J40 -> 3340.8 | K38: 3423.7 | L38: 2414 | M38: 1915.7 | N38: 2442.3 | O38: 1919.5 | P38: 1744.7 | Q38: -700.8 | R38: -835.2 | S38: -969.7 | T38: -969.7
A39: New borrowing | H39: 822.3 | I39: 1359.9 | J39: 4396.1 | K39: 3438.6 | L39: 2620.3 | M39: 2139.4 | N39: 2805.5 | O39: 2756.1 | P39: 2477.5 | Q39: 0 | R39: 0 | S39: 0 | T39: 0
A40: Amortisation | B40: -36.8 | C40: -37.4 | D40: -41.5 | E40: 0 | F40: 0 | G40: -45 | H40: -27.8 | I40: -30.9 | J40: -1055.3 | K40: -14.9 | L40: -206.3 | M40: -223.7 | N40: -363.2 | O40: -836.6 | P40: -732.8 | Q40: -700.8 | R40: -835.2 | S40: -969.7 | T40: -969.7
A42: Net lending (+) / Net borrowing (-) | B42: =B7+B11-B15-B28 -> -523.95221 | C42: =C7+C11-C15-C28 -> -3278.0487 | D42: =D7+D11-D15-D28 -> -3579.0405 | E42: =E7+E11-E15-E28 -> -3012.4 | F42: =F7+F11-F15-F28 -> -3086.8 | G42: =G7+G11-G15-G28 -> -1794.6 | H42: =H7+H11-H15-H28 -> -2048.3 | I42: =I5-I13 -> -4172 | J42: -7304.4 | K42: =K5-K13 -> -9640.7 | L42: =L5-L13 -> -5851.6 | M42: =M5-M13 -> -4804.6 | N42: =N5-N13 -> -3930.9 | O42: =O5-O13 -> -2879.7 | P42: =P5-P13 -> -1608.2 | Q42: =Q5-Q13 -> 13 | R42: =R5-R13 -> 1379 | ... T42: =T5-T13 -> 6755
A44: Notes:
A45: *In the 2018 FBO the data for the sovereign bond is now scheduled under the line item "extraordinary financing"
A47: 2025 TABLE 14: TRANSACTIONS IN ASSETS AND | B47: 2012 | C47: 2013 | D47: 2014 | E47: 2015 | F47: 2016 | G47: 2017 | H47: 2018 | I47: 2019 | J47: 2020 | K47: 2021 | L47: 2022 | M47: 2023 | N47: 2024 | O47: 2025 Budget | P47: 2026 | Q47: 2027 | R47: 2028 | S47: 2029 | T47: 2030
A48: LIABILITIES FOR GENERAL GOVERNMENT | B48: ACTUAL | C48: ACTUAL | D48: ACTUAL | E48: ACTUAL | F48: ACTUAL | G48: ACTUAL | H48: ACTUAL | I48: ACTUAL | J48: ACTUAL | K48: ACTUAL | L48: ACTUAL | M48: ACTUAL | N48: ACTUAL | O48: ESTIMATE | P48: PROJECTION | Q48: PROJECTION | R48: PROJECTION | S48: PROJECTION | T48: PROJECTION
A49: (Kina million, unless otherwise stated) | B49: 2016 Budget | C49: 2016 Budget | D49: 2016 Budget | E49: 2018 Budget | F49: 2018 Budget | G49: 2021 Budget | H49: 2021 Budget | I49: 2019 FBO | J49: 2020 FBO | K49: 2021 FBO | L49: 2022 FBO | M49: 2023 FBO | N49: 2024 FBO | O49: 2026 Budget | P49: 2026 Budget | Q49: 2026 Budget | R49: 2026 Budget | S49: 2026 Budget | T49: 2026 Budget
A51: NET ACQUISITION OF FINANCIAL ASSETS | B51: =B53+B57 -> 835.04779 | C51: =C53+C57 -> 96.95126 | D51: =D53+D57 -> -174.0405 | E51: -410.6 | F51: 857 | G51: -180.4 | H51: 1228.6 | I51: -783.9 | J51: -802.9 | K51: -1685.2 | L51: -355.5 | M51: -540.8 | N51: -1397.3 | O51: 0 | P51: 0 | Q51: 0 | R51: 0 | S51: 0 | T51: 0
A53: Domestic | B53: 835.04779 | C53: 96.95126 | D53: -174.0405 | E53: -410.6 | F53: 857 | G53: -180.4 | H53: 1228.6 | I53: -783.9 | J53: -802.9 | K53: -1685.2 | L53: -355.5 | M53: -540.8 | N53: -1397.3 | O53: 0 | P53: 0 | Q53: 0 | R53: 0 | S53: 0 | T53: 0
A54: Currency and deposits | E54: -354.5 | F54: 857 | G54: -180.4 | H54: 1228.6 | I54: -783.9 | J54: -802.9 | K54: -910.4 | L54: -355.5 | M54: -540.8 | N54: -1397.3 | O54: 0 | P54: 0 | Q54: 0 | R54: 0 | S54: 0 | T54: 0
A55: Other accounts receivable | B55: 835.04779 | C55: 96.95 | D55: -174.04 | E55: -56.1 | K55: -774.8 | L55: 0 | M55: 0 | N55: 0 | O55: 0 | P55: 0 | Q55: 0 | R55: 0 | S55: 0 | T55: 0
A57: External | B57: 0 | C57: 0 | D57: 0 | E57: 0 | F57: 0 | G57: 0 | H57: 0 | K57: 0 | L57: 0 | M57: 0 | N57: 0 | O57: 0 | P57: 0 | Q57: 0 | R57: 0 | S57: 0 | T57: 0
A59: NET INCURRENCE OF LIABILITIES | B59: =B61+B74 -> 1359 | C59: =C61+C74 -> 3375 | D59: =D61+D74 -> 3405 | E59: =E61+E74 -> 2601.8 | F59: =F61+F74 -> 3943.8 | G59: 1614.2 | H59: 3277.8 | I59: 3388.1 | J59: =J61+J74 -> 6501.4 | K59: 7955.5 | L59: 5496.1 | M59: 4263.8 | N59: 2533.8 | O59: 2949.3 | P59: 1608.2 | Q59: -13 | R59: -1379 | S59: -4704 | T59: -6755
A61: Domestic | B61: 1197.1 | C61: 3031.5 | D61: 2983.2 | E61: =E62+E72 -> 2080.8 | F61: =F62+F72 -> 2494.9 | G61: 736.2 | H61: -319.3 | I61: 1054.3 | J61: =J62+J72 -> 2882 | K61: 3042.1 | L61: 2276.6 | M61: 2176.2 | N61: 231.8 | O61: 861 | P61: 67.4 | Q61: 1016.1 | R61: 2096.4 | S61: -2863.3 | T61: -4953.9
A62: Debt securities | B62: 997.1 | C62: 2726.5 | D62: 2983.2 | E62: 2080.8 | F62: 2494.9 | G62: 736.2 | H62: -173.3 | I62: 1158.1 | J62: =J65+J68+J71 -> 2882 | K62: 2995.4 | L62: 2242.6 | M62: 2295.2 | N62: 397.3 | O62: 1096.7 | P62: -343.5 | Q62: 582 | R62: 2208.5 | S62: -2748.8 | T62: -4839.5
A63: New instruments | B63: 3470.2 | C63: 5498.9 | D63: 6784.3 | K63: 16794.6 | L63: 17598 | M63: 17990.3 | N63: 16410.4 | O63: 18211.9 | P63: 16437.3 | Q63: 14914.7 | R63: 17581 | S63: 15761.3 | T63: 13350
A64: Amortisation | B64: -2973.1 | C64: -4049.8 | D64: -5364.4 | K64: -13799.2 | L64: -15355.3 | M64: -15695.1 | N64: -16013 | O64: -17115.2 | P64: -16780.8 | Q64: -14332.7 | R64: -15372.5 | S64: -18510 | T64: -18189.5
A65: Treasury Bills | B65: 497.1 | C65: 1449.1 | D65: 1419.9 | E65: 1075.5 | F65: 1934.1 | G65: 530.9 | H65: -516.9 | I65: 1513.8 | J65: =J66+J67 -> 1710.5 | K65: 1394.8 | L65: 492.6 | M65: 350.2 | N65: -1383 | O65: 112.7 | P65: -977.5 | Q65: 1039.8 | R65: 3137.5 | S65: -1819.8 | T65: -3364.5
A66: New instruments | B66: 3470.2 | C66: 5498.9 | D66: 6784.3 | G66: 11648.1 | H66: 11178.8 | I66: 11691.5 | J66: 13147.7 | K66: 14147.9 | L66: 14888.7 | M66: 14912.2 | N66: 12889.3 | O66: 15261.5 | P66: 13368.5 | Q66: 12937.7 | R66: 16075.2 | S66: 14255.5 | T66: 12390.2
A67: Amortisation | B67: -2973.1 | C67: -4049.8 | D67: -5364.4 | G67: -11117.2 | H67: -11695.7 | I67: -10177.7 | J67: -11437.2 | K67: -12753.1 | L67: -14396.1 | M67: -14562 | N67: -14272.4 | O67: -15148.8 | P67: -14346 | Q67: -11897.9 | R67: -12937.7 | S67: -16075.2 | T67: -15754.7
A68: Treasury Bonds | B68: 500 | C68: 1277.4 | D68: 1563.3 | E68: 1005.3 | F68: 560.8 | G68: 205.3 | H68: 343.7 | I68: -355.7 | J68: =J69+J70 -> 1266.2 | K68: 1600.6 | L68: 1750 | M68: 1945 | N68: 1780.4 | O68: 984 | P68: 634 | Q68: -457.8 | R68: -929 | S68: -929 | T68: -1475
A69: New instruments | B69: 606.7 | C69: 1415.7 | D69: 1920 | G69: 887.7 | H69: 1000 | I69: 635.7 | J69: 2567.5 | K69: 2646.7 | L69: 2709.3 | M69: 3078.1 | N69: 3521 | O69: 2950.4 | P69: 3068.8 | Q69: 1977 | R69: 1505.8 | S69: 1505.8 | T69: 959.8
A70: Amortisation | B70: -106.7 | C70: -138.3 | D70: -356.7 | G70: -682.3 | H70: -656.4 | I70: -991.4 | J70: -1301.3 | K70: -1046.1 | L70: -959.3 | M70: -1133.1 | N70: -1740.7 | O70: -1966.4 | P70: -2434.8 | Q70: -2434.8 | R70: -2434.8 | S70: -2434.8 | T70: -2434.8
A71: Loans | H71: -146 | I71: -103.8 | J71: -94.7 | K71: 46.7 | L71: 34 | M71: -119.1 | N71: -165.5 | O71: -235.7 | P71: 410.9 | Q71: 434.1 | R71: -112.2 | S71: -114.5 | T71: -114.5
A72: Other accounts payable | B72: 200 | C72: 305 | I72: 103.4 | K72: 0 | L72: 0 | M72: 0 | O72: 0 | P72: 0 | Q72: 0 | R72: 0 | S72: 0
A74: External | B74: 161.9 | C74: 343.5 | D74: 421.8 | E74: =E76+E77 -> 521 | F74: =F76+F77 -> 1448.9 | G74: 878 | H74: 3596.2 | I74: 2333.9 | J74: =J76+J77 -> 3619.4 | K74: 4913.4 | L74: 3219.5 | M74: 2087.7 | N74: 2302 | O74: 2088.3 | P74: 1540.8 | Q74: -1029.1 | R74: -3475.4 | S74: -1840.7 | T74: -1801.1
A75: Monetary gold and special drawing rights(SDRs) | K75: 1244.1 | L75: 0 | M75: 0 | O75: 0 | P75: 0 | Q75: 0 | R75: 0 | S75: 0 | T75: 0
A76: Debt securities | H76: 1672.2 | K76: 0 | L76: 0 | M76: 0 | N76: 0 | O76: 0 | P76: 0 | Q76: 0 | R76: -1897 | S76: 0 | T76: 0
A77: Loans | B77: 161.9 | C77: 343.5 | D77: 421.8 | E77: 521 | F77: 1448.9 | G77: 878 | H77: 1924 | I77: 2333.9 | J77: =J78+J81+J84 -> 3619.4 | K77: 3669.3 | L77: 3219.5 | M77: 2087.7 | N77: 2302 | O77: 2088.3 | P77: 1540.8 | Q77: -1029.1 | R77: -1578.4 | S77: -1840.7 | T77: -1801.1
A78: Concessional financing | B78: 214.8 | C78: 395.1 | D78: 477.5 | E78: 567.7 | F78: 803.6 | G78: 576.1 | H78: 527.6 | I78: 968 | J78: =J79+J80 -> 1154.9 | K78: 1108.3 | L78: 834.5 | M78: 212.3 | N78: -96.7 | O78: 293.1 | P78: -150 | Q78: -276.8 | R78: -594 | S78: -733.7 | T78: -694
A79: New borrowing | B79: 326.2 | C79: 516.5 | D79: 610.1 | G79: 802.4 | H79: 791.7 | I79: 1311.7 | J79: 1567.8 | K79: 1493.5 | L79: 1447.5 | M79: 1033 | N79: 998.9 | O79: 1125.8 | P79: 1226 | Q79: 1350.5 | R79: 1225.6 | S79: 1210 | T79: 1210
A80: Amortisation | B80: -111.4 | C80: -121.4 | D80: -132.6 | E80: 0 | F80: 0 | G80: -226.3 | H80: -264.1 | I80: -343.7 | J80: -412.9 | K80: -385.2 | L80: -612.9 | M80: -820.7 | N80: -1095.6 | O80: -832.7 | P80: -1376 | Q80: -1627.3 | R80: -1819.6 | S80: -1943.7 | T80: -1904
A81: Commercial fundraising | B81: 16.1 | C81: 14.2 | D81: 14.2 | F81: 686.8 | G81: 346.9 | H81: 601.9 | I81: 36.8 | J81: =J82+J83 -> -876.3 | K81: -862.7 | L81: -29 | M81: -40.3 | N81: -43.6 | O81: 54.6 | P81: -53.9 | Q81: -51.6 | R81: -149.2 | S81: -137.4 | T81: -137.4
A82: New borrowing | G82: 346.9 | H82: 619.9 | I82: 54.8 | J82: 18.1 | K82: 59.7 | L82: 8.6 | M82: 0 | N82: 0 | O82: 100.2 | P82: 0 | Q82: 0 | R82: 0 | S82: 0 | T82: 0
A83: Amortisation | B83: -16.1 | C83: -14.2 | D83: -14.2 | E83: 0 | F83: 0 | G83: 0 | H83: -18 | I83: -17.9 | J83: -894.4 | K83: -922.4 | L83: -37.5 | M83: -40.3 | N83: -43.6 | O83: -45.6 | P83: -53.9 | Q83: -51.6 | R83: -149.2 | S83: -137.4 | T83: -137.4
A84: Extraordinary financing | B84: 36.8 | C84: 37.4 | D84: 41.5 | E84: -46.7 | F84: -41.5 | G84: -45 | H84: 794.5 | I84: 1329.1 | J84: =J85+J86 -> 3340.8 | K84: 3423.7 | L84: 2414 | M84: 1915.7 | N84: 2442.3 | O84: 1740.7 | P84: 1744.7 | Q84: -700.8 | R84: -835.2 | S84: -969.7 | T84: -969.7
A85: New borrowing | H85: 822.3 | I85: 1359.9 | J85: 4396.1 | K85: 3438.6 | L85: 2620.3 | M85: 2139.4 | N85: 2805.5 | O85: 2716.5 | P85: 2477.5 | Q85: 0 | R85: 0 | S85: 0 | T85: 0
A86: Amortisation | B86: -36.8 | C86: -37.4 | D86: -41.5 | E86: 0 | F86: 0 | G86: -45 | H86: -27.8 | I86: -30.9 | J86: -1055.3 | K86: -14.9 | L86: -206.3 | M86: -223.7 | N86: -363.2 | O86: -975.8 | P86: -732.8 | Q86: -700.8 | R86: -835.2 | S86: -969.7 | T86: -969.7
A88: Net lending (+) / Net borrowing (-) | B88: =B53+B57-B61-B74 -> -523.95221 | C88: =C53+C57-C61-C74 -> -3278.0487 | D88: =D53+D57-D61-D74 -> -3579.0405 | E88: =E53+E57-E61-E74 -> -3012.4 | F88: =F53+F57-F61-F74 -> -3086.8 | G88: =G53+G57-G61-G74 -> -1794.6 | H88: =H53+H57-H61-H74 -> -2048.3 | I88: =I51-I59 -> -4172 | J88: -7304.4 | K88: =K51-K59 -> -9640.7 | L88: =L51-L59 -> -5851.6 | M88: =M51-M59 -> -4804.6 | N88: =N51-N59 -> -3931.1 | O88: =O51-O59 -> -2949.3 | P88: =P51-P59 -> -1608.2 | Q88: =Q51-Q59 -> 13 | R88: =R51-R59 -> 1379 | ... T88: =T51-T59 -> 6755
A90: 2024 BUDGET PROJECTIONS
A91: TABLE 14: TRANSACTIONS IN ASSETS AND | B91: 2012 | C91: 2013 | D91: 2014 | E91: 2015 | F91: 2016 | G91: 2017 | H91: 2018 | I91: 2019 | J91: 2020 | K91: 2021 | L91: 2022 | M91: 2023 | N91: 2024 | O91: 2025 | P91: 2026 | Q91: 2027 | R91: 2028
A92: LIABILITIES FOR CENTRAL GOVERNMENT | B92: ACTUAL | C92: ACTUAL | D92: ACTUAL | E92: ACTUAL | F92: ACTUAL | G92: ACTUAL | H92: ACTUAL | I92: ACTUAL | J92: ACTUAL | K92: ACTUAL | L92: ACTUAL | M92: ACTUAL | N92: ESTIMATES | O92: PROJECTION | P92: PROJECTION | Q92: PROJECTION | R92: PROJECTION
A93: (Kina million, unless otherwise stated) | B93: 2016 Budget | C93: 2016 Budget | D93: 2016 Budget | E93: 2018 Budget | F93: 2018 Budget | G93: 2021 Budget | H93: 2021 Budget | I93: 2019 FBO | J93: 2020 FBO | K93: 2021 FBO | L93: 2022 FBO | M93: 2023 FBO | N93: 2024 Budget | O93: 2024 Budget | P93: 2024 Budget | Q93: 2024 Budget | R93: 2024 Budget
A95: NET ACQUISITION OF FINANCIAL ASSETS | B95: =B97+B101 -> 835.04779 | C95: =C97+C101 -> 96.95126 | D95: =D97+D101 -> -174.0405 | E95: -410.6 | F95: 857 | G95: -180.4 | H95: 1228.6 | I95: -783.9 | J95: -802.9 | K95: -1685.2 | L95: -355.5 | M95: -540.8 | N95: 0 | O95: 0 | P95: 0 | Q95: 0 | R95: 0
A97: Domestic | B97: 835.04779 | C97: 96.95126 | D97: -174.0405 | E97: -410.6 | F97: 857 | G97: -180.4 | H97: 1228.6 | I97: -783.9 | J97: -802.9 | K97: -1685.2 | L97: -355.5 | M97: -540.8 | N97: 0 | O97: 0 | P97: 0 | Q97: 0 | R97: 0
A98: Currency and deposits | E98: -354.5 | F98: 857 | G98: -180.4 | H98: 1228.6 | I98: -783.9 | J98: -802.9 | K98: -910.4 | L98: -355.5 | M98: -540.8 | N98: 0 | O98: 0 | P98: 0 | Q98: 0 | R98: 0
A99: Other accounts receivable | B99: 835.04779 | C99: 96.95 | D99: -174.04 | E99: -56.1 | K99: -774.8 | L99: 0 | M99: 0 | N99: 0 | O99: 0 | P99: 0 | Q99: 0 | R99: 0
A101: External | B101: 0 | C101: 0 | D101: 0 | E101: 0 | F101: 0 | G101: 0 | H101: 0 | K101: 0 | L101: 0 | M101: 0 | N101: 0 | O101: 0 | P101: 0 | Q101: 0 | R101: 0
A103: NET INCURRENCE OF LIABILITIES | B103: =B105+B118 -> 1359 | C103: =C105+C118 -> 3375 | D103: =D105+D118 -> 3405 | E103: =E105+E118 -> 2601.8 | F103: =F105+F118 -> 3943.8 | G103: 1614.2 | H103: 3277.8 | I103: 3388.1 | J103: =J105+J118 -> 6501.4 | K103: 7955.5 | L103: 5496.1 | M103: 4263.8 | N103: 3983.7 | O103: 2654.2 | P103: 1314.2 | Q103: -229.2 | R103: -2477.8
A105: Domestic | B105: 1197.1 | C105: 3031.5 | D105: 2983.2 | E105: =E106+E116 -> 2080.8 | F105: =F106+F116 -> 2494.9 | G105: 736.2 | H105: -319.3 | I105: 1054.3 | J105: =J106+J116 -> 2882 | K105: 3042.1 | L105: 2276.6 | M105: 2176.2 | N105: 2320.3 | O105: 1447.5 | P105: 638 | Q105: 349.3 | R105: -770.7
A106: Debt securities | B106: 997.1 | C106: 2726.5 | D106: 2983.2 | E106: 2080.8 | F106: 2494.9 | G106: 736.2 | H106: -173.3 | I106: 1158.1 | J106: =J109+J112+J115 -> 2882 | K106: 2995.4 | L106: 2242.6 | M106: 2295.2 | N106: 2382.6 | O106: 1603.1 | P106: 734.4 | Q106: 387.3 | R106: -730.5
A107: New instruments | B107: 3470.2 | C107: 5498.9 | D107: 6784.3 | K107: 16794.6 | L107: 17598 | M107: 17990.3 | N107: 22016.9 | O107: 19108.7 | P107: 19299.8 | Q107: 19221.5 | R107: 17568.8
A108: Amortisation | B108: -2973.1 | C108: -4049.8 | D108: -5364.4 | K108: -13799.2 | L108: -15355.3 | M108: -15695.1 | N108: -19634.3 | O108: -17505.6 | P108: -18565.4 | Q108: -18834.2 | R108: -18299.3
A109: Treasury Bills | B109: 497.1 | C109: 1449.1 | D109: 1419.9 | E109: 1075.5 | F109: 1934.1 | G109: 530.9 | H109: -516.9 | I109: 1513.8 | J109: =J110+J111 -> 1710.5 | K109: 1394.8 | L109: 492.6 | M109: 350.2 | N109: -177.6 | O109: 162.1 | P109: 434.4 | Q109: 437.3 | R109: -581.6
A110: New instruments | B110: 3470.2 | C110: 5498.9 | D110: 6784.3 | G110: 11648.1 | H110: 11178.8 | I110: 11691.5 | J110: 13147.7 | K110: 14147.9 | L110: 14888.7 | M110: 14912.2 | N110: 17716 | O110: 16372.8 | P110: 16807.2 | Q110: 17244.6 | R110: 16663
A111: Amortisation | B111: -2973.1 | C111: -4049.8 | D111: -5364.4 | G111: -11117.2 | H111: -11695.7 | I111: -10177.7 | J111: -11437.2 | K111: -12753.1 | L111: -14396.1 | M111: -14562 | N111: -17893.6 | O111: -16210.7 | P111: -16372.8 | Q111: -16807.2 | R111: -17244.6
A112: Treasury Bonds | B112: 500 | C112: 1277.4 | D112: 1563.3 | E112: 1005.3 | F112: 560.8 | G112: 205.3 | H112: 343.7 | I112: -355.7 | J112: =J113+J114 -> 1266.2 | K112: 1600.6 | L112: 1750 | M112: 1945 | N112: 2560.2 | O112: 1441 | P112: 300 | Q112: -50 | R112: -148.9
